Workbook

Sheet TABLAS DE PONDERACION 
A1: CLASIFICACIÓN Y DESCRIPCION DE NIVEL DE DAÑO
A2: CATEGORIA DEL DAÑO | B2: DAÑO LEVE | C2: DAÑO MODERADO | D2: DAÑO EXTREMO
A3: Salud | B3: Molestias e irritación ejemplo: (dolor de cabeza, enfermedad temporal que produce malestar) | C3: Enfermedad que causan incapacidad temporal. Ejemplo: pérdida parcial de la audición, dermatitis, asma, desordenes de las extremidades superiores | D3: Enfermedades agudas o crónicas, que generan incapacidad, permanente parcial invalidez o muerte.
A4: Seguridad | B4: Lesiones superficiales, heridas de poca profundidad, contusiones, irritación de ojo por material particulado. | C4: Laceraciones, heridas profundas, quemaduras a primer grado; conmoción cerebral, desguinces graves, fracturas de hueso cortos | D4: Lesiones que generan amputaciones, fracturas de huesos largos, trauma cráneo encefálico, quemaduras de segunda y tercer grado, alteraciones severas de mano, de la columna vertebral con compromiso de la medula espinal, oculares que comprometan el campo visual, disminuyan la capacidad auditiva.
A6: DERTERMINACIÒN DEL NIVEL DE DEFICIENCIA
A7: Nivel de Deficiencia | B7: Valor de ND | C7: Significado
A8: Muy Alto | B8: 10 | C8: Se han detectado peligros que determinan como posible la generación de incidentes o consecuencias muy significativas, o a la eficacia
A9: Alto | B9: 6 | C9: Se han detectado algunos peligros que pueden dar a consecuencias significativas, o las eficacias del conjunto, de medidas preventivas existentes es bajas o ambos.
A10: Medio | B10: 2 | C10: Se han detectado peligros que puedan dar lugar a consecuencias poco significativas o de menor importancia, o a la eficacia del producto de medidas preventivas existentes es moderada, o ambos.
A11: Bajo | B11: No se le asigna valor | C11: No se ha detectado consecuencia alguna, o a la eficacia del conjunto de medidas preventivas existentes es alta, o ambos. El riesgo es controlado.
C12: Estos peligros se clasifican directamente al nivel de riesgo y de intervención.
A14: DETERMINACION DEL NIVEL DE EXPOSICIÓN
A15: Nivel de Exposición | B15: Valor de NE | C15: Significado
A16: Continua | B16: 4 | C16: La situación de exposición se presenta sin interrupción o varias veces con tiempo prolongado durante la jornada laboral.
A17: Frecuente | B17: 3 | C17: La situación de exposición se presenta varias veces durante la jornada laboral por tiempos cortos.
A18: Ocasional | B18: 2 | C18: La situación de exposición se presenta alguna vez durante la jornada laboral y un periodo de tiempo corto.
A19: Esporádica | B19: 1 | C19: La situación de exposición se presenta de manera eventual.
A21: DETERMINACIÓN DEL NIVEL DE PROBABILIDAD
A22: Niveles de Probabilidad | C22: Nivel de Exposición (NE)
C23: 4 | D23: 3 | E23: 2 | F23: 1
A24: Nivel de deficiencia | B24: 10 | C24: MA-40 | D24: MA-30 | E24: A-20 | F24: A-10
B25: 6 | C25: MA-24 | D25: A-18 | E25: A-12 | F25: M-6
B26: 2 | C26: M-8 | D26: M-6 | E26: B-4 | F26: B-2
A29: SIGNIFICADO DE LOS DIFERENTES NIVELES DE PROBABILIDAD
A30: Nivel de Probabilidad | B30: Valor de NP | C30: Significado
A31: Muy Alto | B31: Entre 40 y 24 | C31: Situación deficiente con exposición continua, o muy deficiente con exposición frecuente.
C32: Normalmente la materialización del riesgo ocurre con frecuencia.
A33: Alto | B33: Entre 20 y 10 | C33: Situación deficiente con exposición frecuente u ocasional, o bien situación muy deficiente con exposición ocasional o esporádica.
C34: La materialización del riesgo es posible que suceda varias veces en la vida laboral.
A35: Medio | B35: Entre 8 y 6 | C35: Situación deficiente con exposición esporádica, o bien situación mejorable con exposición continúa o frecuente.
C36: Es posible que suceda el daño alguna vez.
A37: Bajo | B37: Entre 4 y 2 | C37: Situación mejorable con exposición ocasional o esporádica o sin anomalía destacable con cualquier nivel de exposición.
C38: No es esperable que se materialice el riesgo, aunque puede ser concebible.
A40: DETERMINACIÓN DE NIVEL DE CONSECUENCIAS
A41: Nivel de Consecuencias | B41: Valor de NC | C41: Significado
C42: Daños Personales
A43: Mortal o Catastrófico | B43: 100 | C43: Muertes
A44: Muy Grave | B44: 60 | C44: Lesiones o enfermedades graves o irreparables (incapacidad permanente parcial o invalidez).
A45: Grave | B45: 25 | C45: Lesiones o enfermedades con incapacidad laboral temporal (ILT)
A46: Leve | B46: 10 | C46: Lesiones o enfermedades que no requieren incapacidad.
A48: SIGNIFICADO DEL NIVEL DEL RIESGO
A49: Nivel de Riesgo | B49: Valor de NR | C49: Significado
A50: I | B50: 4000 - 600 | C50: Situación crítica. Suspender actividades hasta que el riesgo este bajo control. Intervención urgente
A51: II | B51: 500 - 150 | C51: Corregir y adoptar medidas de control de inmediato. Sin embargo suspenda actividades si el nivel de riesgo está por encima o igual de 360.
A52: III | B52: 120 - 40 | C52: Mejorar si es posible. Sería conveniente justificar la intervención y su rentabilidad.
A53: IV | B53: 20 | C53: Mantener las medidas de control existentes, pero se deberían considerar soluciones o mejoras y se deben hacer comprobaciones periódicas para asegurar que el riesgo sea aun aceptable.
A55: ACEPTABILIDAD DEL RIESGO
A56: NIVEL DE RIESGO | B56: SIGNIFICADO
A57: I | B57: No aceptable
A58: II | B58: Solo se acepta si hay control especifico
A59: III | B59: Mejorable
A60: IV | B60: Aceptable

Sheet CONTROL DE CAMBIOS
A1: SISTEMA DE GESTION DE SEGURIDAD Y SALUD EN EL TRABAJO MATRIZ DE PELIGROS - REGISTRO DE CONTROL DE CAMBIOS
A2: Id. Cambio | B2: Fecha de Cambio | C2: Descripción del cambio | D2: Motivación del Cambio | E2: Responsable del Cambio | F2: Observaciones
A3: Creación | B3: 44761 | C3: Creacion de matriz de peligro | D3: Dar cumplimiento a la normativa | E3: SST
A4: Nueva Definición | B4: 45477 | C4: Se incluye el riesgo público, se incluye en el riesgo de fenomenos naturales el riesgo de innundación e incendios | D4: Actualización | E4: SST
A5: Nueva Definición | B5: 45806 | C5: Se incluye en el riesgo biologico la fiebre amarilla y se incluye dentro de los procesos "administrativos" | D5: Actualización | E5: SST
B119: Tipos de Cambio | E119: Incidencia en:
B120: Modificación | E120: Dic.Datos
B121: Creación | E121: LB Presentación
B122: Eliminación | E122: LB Cálculo
B123: Cambio de denominación | E123: LB Etiquetas
B124: Corrección | E124: LB Referencia
B125: Nueva Definición | E125: LB Definición
E126: LB Genérica (Form, Dim)
E127: Schema de Tipos
E128: Schema de Dimensiones
E129: Roles Extendidos
E130: Nombres de ficheros
E131: Documentación anexa
E132: Definición de contextos
E133: Informe XBRL
E134: Otros

Sheet MATRIZ DE PELIGROS
F1: MATRIZ DE IDENTIFICACION DE PELIGROS VALORACION Y CONTROLES | AH1: Codigo: FO-GC-26 | AK1: Versión 1.0 31 ENERO 2018 | AM1: Revisión
AH2: Version: 3
AH3: Fecha: 07/04/20
E4: CONTRALORIA GENERAL DEL DEPARTAMENTO DEL QUINDÍO | J4: RESPONSABLE: | M4: CAROLINA RODRIGUEZ LONDOÑO | S4: FECHA ACTUALIZACION: 02/07/2026 | AH4: V. 1 17/05/2022
E5: ACTIVIDAD | F5: 5. Peligro | J5: 6. Efectos Posibles | L5: 7. Controles existentes | O5: 8. Evaluación del Riesgo Inherente | Z5: 9 Valoración del riesgo | AA5: 10. Criterios para establecer controles | AF5: 11. Medidas de intervención | AK5: 12.Plan de acción | AN5: 13. Evaluación del Riesgo Residual | AY5: 14 Valoración del riesgo Residual
A6: 1. CARGOS | B6: 2. ÁREA | C6: 3. ZONA / LUGAR | D6: 4. DESCRIPCION DE LA(S) ACTIVIDAD(ES) | E6: 4.1. Tipo de Actividad Rutinaria | F6: 5.a. Clasificación | G6: 5. b. subclasificación | H6: 5.b. Descripción | I6: Se han generado AT/EL? | J6: 6.a. Clase | K6: 6.b. Descripción | L6: 7.a. Fuente | M6: 7.b. Medio | N6: 7.c. Individuo | O6: 8.a. Nivel de deficiencia ND | P6: 8.b. Nivel de deficiencia ND Valor | Q6: 8.c. Nivel de Exposición NE | R6: 8.d. Nivel de Exposición NE Valor | S6: 8.e.Nivel de probabilidad (ND X NE) | T6: 8.f. Interpretación del nivel de probabilidad | U6: 8.g. Nivel de consecuencia | V6: 8.h. Nivel de consecuencia Valor | W6: 8.i. Nivel de riesgo (NR=NPXNC) | X6: 8.j. Interpretación del NR | Y6: 8.i. Nivel de Riesgo. | Z6: Aceptabilidad del riesgo | AA6: 10.a. No. Expuestos Trabajadores Directos | AB6: 10.b. No. Expuestos Contratistas | AC6: 10.c. No. Expuestos Visitantes | AD6: 10.d. Peor consecuencia | AE6: 10.e. Existencia de requisito legal aplicable Relacione | AF6: 11.a. Eliminación | AG6: 11.b. Sustitución | AH6: 11.c. Controles de ingeniería | AI6: 11.d. controles administrativos Señalización / advertencia / | AJ6: 11.e. Equipo de protección personal | AK6: 12.a. Responsable | AM6: 12.b. Fecha de Verificación de Plan de Acción | AN6: 13.a. Nivel de deficiencia ND | AO6: 13.b. Nivel de deficiencia ND Valor | AP6: 13.c. Nivel de Exposición NE | AQ6: 13.d. Nivel de Exposición NE Valor | AR6: 13.e.Nivel de probabilidad (ND X NE) | AS6: 13.f. Interpretación del nivel de probabilidad | AT6: 13.g. Nivel de consecuencia | AU6: 14.h. Nivel de consecuencia Valor | AV6: 13.i. Nivel de riesgo (NR=NPXNC) | AW6: 13.j. Interpretación del NR | AX6: 13.i. Nivel de Riesgo. | AY6: Aceptabilidad del riesgo Residual | BM6: PELIGRO
A7: SERVICIOS GENERALES | B7: OFICINAS COCINETA SALA DE JUNTAS AUDITORIO,BAÑOS | C7: TODAS LAS AREAS | D7: LIMPIEZA Y DESINFECCION DE AREAS COMUNES OFICINAS Y AREAS PRINCIPALES DEL AREA | E7: SI | F7: QUIMICO | H7: MANIPULACION DE HIPOCLORITO, AMBIENTADOR, LIMPIAVIDRIOS, JABONES ETC | I7: NO | J7: Salud- Daño Moderado | K7: SALPICADURAS, ALERGIAS, MAREO, NAUSEAS, ENROJECIMIENTO DE PIEL Y OJOS ETC | L7: PRODUCTOS EN ENVASE ORIGINAL DEBIDAMENTE ROTULADOS | M7: FICHA TECNICA DEL PRODUCTO | N7: USO DE EPP: Guantes, Tapabocas | O7: MEDIO | P7: =IF(O7="","",IF(O7="BAJO",0,IF(O7="MEDIO",2,IF(O7="ALTO",6,IF(O7="MUY ALTO",10,))))) -> 2 | Q7: FRECUENTE | R7: =IF(Q7="","",IF(Q7="Esporadica",1,IF(Q7="Ocasional",2,IF(Q7="Frecuente",3,IF(Q7="Continua",4,))))) -> 3 | S7: =IF(P7="","",IF(P7=0,0,IF(P7>=1,+P7*R7))) -> 6 | T7: =IF(S7="","",IF(S7<=4,"Bajo",IF(S7<=8,"Medio",IF(S7<=20,"Alto",IF(S7<=40,"Muy Alto"))))) -> Medio | U7: LEVE | V7: =IF(U7="","",IF(U7="Leve",10,IF(U7="Grave",25,IF(U7="Muy Grave",60,IF(U7="Mortal o catastrófico",100,))))) -> 10 | W7: =IF(V7="","",IF(V7=0,"",IF(V7>=1,+V7*S7,))) -> 60 | X7: =IF(W7="","",IF(W7<=20,"Mantener las medidas de control existentes",IF(W7<=120,"Mejorar si es posible justificar la intervención y su rentabilidad.",IF(W7<=500,"Corregir y adoptar medidas de control de inmediato si NR es igual o mayor a 360 debe suspender las actividades",IF(W7<=4000,"Situación crítica Suspender actividades hasta que el riesgo sea controlado",))))) -> Mejorar si es posible justificar la intervención y su rentabilidad. | Y7: =IF(W7="","",IF(W7<=20,"IV",IF(W7<=120,"III",IF(W7<=500,"II",IF(W7<=4000,"I",))))) -> III | Z7: =IF(Y7="","",IF(Y7="I","No Aceptable",IF(Y7="II","Prioritario",IF(Y7="III","Mejorable",IF(Y7="IV","Aceptable",))))) -> Mejorable | AA7: 1 | AD7: INTOXICACION | AE7: SI | AF7: N.A | AG7: N.A | AH7: N.A | AI7: BRINDAR FORMACION AL PERSONAL EXPUESTO EN RIESGO QUIMICO CON ENFOQUE A MANIPULACION DE PRODUCTOS DE ASEO, SOCIALIZAR Y/O RETROALIMENTAR LAS HOJAS DE SEGURIDAD DE LOS PRODUCTOS EXISTENTES | AJ7: REALIZAR REPOSICION CORRESPONDIENTE SEGUN USO O VIDA UTIL DEL ELEMENTO
E8: SI | F8: BIOLOGICO | H8: PROPAGACION DEL VIRUS COVID 19, FIEBRE AMARILLA CON RIESGO DE CONTAGIO POR CONTACTO POR GOTAS, CONTACTO CON SUPERFICIES CONTAMINADAS, POR PICADURA DE INSECTOS. | I8: NO | J8: Salud- Daño Moderado | K8: TOS, MALESTAR, SECRECION NASAL, PROBLEMAS RESIRATORIOS, TOS, MUERTE | L8: N/A | M8: CAPACITACION SOBRE MEDIOS DE PROPAGACION , PREVENCION , LAVADO DE MANOS. | N8: DISTANCIAMIENTO SOCIAL. LAVADO DE MANOS CONSTANTE, USO DE PROTECCION RESPIRATORIA EN CASO DE PRESENTAR SINTOMAS | O8: BAJO | P8: =IF(O8="","",IF(O8="BAJO",0,IF(O8="MEDIO",2,IF(O8="ALTO",6,IF(O8="MUY ALTO",10,))))) -> 0 | Q8: ESPORADICO | R8: =IF(Q8="","",IF(Q8="Esporadica",1,IF(Q8="Ocasional",2,IF(Q8="Frecuente",3,IF(Q8="Continua",4,))))) -> 0 | S8: =IF(P8="","",IF(P8=0,0,IF(P8>=1,+P8*R8))) -> 0 | T8: =IF(S8="","",IF(S8<=4,"Bajo",IF(S8<=8,"Medio",IF(S8<=20,"Alto",IF(S8<=40,"Muy Alto"))))) -> Bajo | U8: LEVE | V8: =IF(U8="","",IF(U8="Leve",10,IF(U8="Grave",25,IF(U8="Muy Grave",60,IF(U8="Mortal o catastrófico",100,))))) -> 10 | W8: =IF(V8="","",IF(V8=0,"",IF(V8>=1,+V8*S8,))) -> 0 | X8: Corregir y adoptar medidas de control de inmediato si NR es igual o mayor a 360 debe suspender las actividades | Y8: =IF(W8="","",IF(W8<=20,"IV",IF(W8<=120,"III",IF(W8<=500,"II",IF(W8<=4000,"I",))))) -> IV | Z8: =IF(Y8="","",IF(Y8="I","No Aceptable",IF(Y8="II","Prioritario",IF(Y8="III","Mejorable",IF(Y8="IV","Aceptable",))))) -> Aceptable | AA8: 1 | AD8: Enfermedad | AE8: si | AF8: N.A | AG8: N.A | AH8: AREAS CON PROUCTOS DE LIMPIEZA Y DESINFECCION | AI8: PRODUCTOS DISPONIBLES PARA LAVADO DE MANOS LIMPIEZA Y DESINFECCION | AJ8: USO DE GUANTES GAFAS Y TABABOCAS AL REALIZAR ACTIVIDADES QUE GENEREN AEROSOLES
E9: SI | F9: BIOLÓGICO | H9: ASEO DE BATERIAS SANITARIAS, RECOLECCION Y MANIPULACION DE BOLSAS DE LAS CANECAS DE RESIDUOS, MANIPULACION DE TRAPERO | I9: NO | J9: Salud- Daño leve | K9: CONTAMINACION, ALERGIAS, VIRUS, ALTERACIONES O MOLESTIAS ESTOMACALES E INTESTINALES, PARASITOS | L9: CANECAS DE RECOLECCION CUENTAN CON BOLSAS | M9: SE CUENTA CON INSTRUMENTOS O HERRAMIENTAS QUE PERMITEN LAS LABORES DE ASEO, EVITANDO EL CONTACTO DIRECTO DE LAS MANOS EJP: Carrito para escurrir trapero | N9: USO DE EPP: Guantes de Caucho, Tapabocas, Uniforme Antifluido | O9: MEDIO | P9: =IF(O9="","",IF(O9="BAJO",0,IF(O9="MEDIO",2,IF(O9="ALTO",6,IF(O9="MUY ALTO",10,))))) -> 2 | Q9: FRECUENTE | R9: =IF(Q9="","",IF(Q9="Esporadica",1,IF(Q9="Ocasional",2,IF(Q9="Frecuente",3,IF(Q9="Continua",4,))))) -> 3 | S9: =IF(P9="","",IF(P9=0,0,IF(P9>=1,+P9*R9))) -> 6 | T9: =IF(S9="","",IF(S9<=4,"Bajo",IF(S9<=8,"Medio",IF(S9<=20,"Alto",IF(S9<=40,"Muy Alto"))))) -> Medio | U9: LEVE | V9: =IF(U9="","",IF(U9="Leve",10,IF(U9="Grave",25,IF(U9="Muy Grave",60,IF(U9="Mortal o catastrófico",100,))))) -> 10 | W9: =IF(V9="","",IF(V9=0,"",IF(V9>=1,+V9*S9,))) -> 60 | X9: =IF(W9="","",IF(W9<=20,"Mantener las medidas de control existentes",IF(W9<=120,"Mejorar si es posible justificar la intervención y su rentabilidad.",IF(W9<=500,"Corregir y adoptar medidas de control de inmediato si NR es igual o mayor a 360 debe suspender las actividades",IF(W9<=4000,"Situación crítica Suspender actividades hasta que el riesgo sea controlado",))))) -> Mejorar si es posible justificar la intervención y su rentabilidad. | Y9: =IF(W9="","",IF(W9<=20,"IV",IF(W9<=120,"III",IF(W9<=500,"II",IF(W9<=4000,"I",))))) -> III | Z9: =IF(Y9="","",IF(Y9="I","No Aceptable",IF(Y9="II","Prioritario",IF(Y9="III","Mejorable",IF(Y9="IV","Aceptable",))))) -> Mejorable | AA9: 1 | AD9: INFECCIONES | AE9: SI | AF9: N.A | AG9: N.A | AH9: N.A | AI9: DOCUMENTAR, SOCIALIZAR Y PUBLICAR PROTOCOLO PARA LAVADO DE MANOS; PROCURAR QUE SIEMPRE LAS CANECAS CUENTEN CON LAS RESPECTIVAS BOLSAS DE RECOLECCION DE RESIDUOS PARA EVITAR EL CONTACTO DIRECTO DE LAS MANOS CON LAS CANECAS O SU CONTENIDO | AJ9: REALIZAR REPOSICION CORRESPONDIENTE SEGUN USO O VIDA UTIL DEL ELEMENTO
E10: SI | F10: BIOMECÀNICOS | H10: ADOPCION DE POSTURAS ANTIGRAVITACIONALES "AGACHADO, ENCORVADO, EN CUCLILLAS, DE RODILLAS, BIPEDA, ETC" DURANTE EL DESARROLLO DE LAS LABORES DE ASEO Y LIMPIEZA | I10: NO | J10: Salud- Daño Moderado | K10: DOLOR MUSCULAR EN REGION LUMBAR, LUMBAGOS, TENSION MUSCULAR | L10: N.A | M10: EN LA ORGANIZACIÓN SE CUENTA CON POCETA Y CARRITO ESCURRIDOR PARA EL TRAPERO | N10: N.A | O10: BAJO | P10: =IF(O10="","",IF(O10="BAJO",0,IF(O10="MEDIO",2,IF(O10="ALTO",6,IF(O10="MUY ALTO",10,))))) -> 0 | Q10: ESPORADICO | R10: =IF(Q10="","",IF(Q10="Esporadica",1,IF(Q10="Ocasional",2,IF(Q10="Frecuente",3,IF(Q10="Continua",4,))))) -> 0 | S10: =IF(P10="","",IF(P10=0,0,IF(P10>=1,+P10*R10))) -> 0 | T10: =IF(S10="","",IF(S10<=4,"Bajo",IF(S10<=8,"Medio",IF(S10<=20,"Alto",IF(S10<=40,"Muy Alto"))))) -> Bajo | U10: LEVE | V10: =IF(U10="","",IF(U10="Leve",10,IF(U10="Grave",25,IF(U10="Muy Grave",60,IF(U10="Mortal o catastrófico",100,))))) -> 10 | W10: =IF(V10="","",IF(V10=0,"",IF(V10>=1,+V10*S10,))) -> 0 | X10: =IF(W10="","",IF(W10<=20,"Mantener las medidas de control existentes",IF(W10<=120,"Mejorar si es posible justificar la intervención y su rentabilidad.",IF(W10<=500,"Corregir y adoptar medidas de control de inmediato si NR es igual o mayor a 360 debe suspender las actividades",IF(W10<=4000,"Situación crítica Suspender actividades hasta que el riesgo sea controlado",))))) -> Mantener las medidas de control existentes | Y10: =IF(W10="","",IF(W10<=20,"IV",IF(W10<=120,"III",IF(W10<=500,"II",IF(W10<=4000,"I",))))) -> IV | Z10: =IF(Y10="","",IF(Y10="I","No Aceptable",IF(Y10="II","Prioritario",IF(Y10="III","Mejorable",IF(Y10="IV","Aceptable",))))) -> Aceptable | AA10: 1 | AD10: LESIONES A NIVEL DE COLUMNA VERTEBRAL | AE10: SI | AF10: N.A | AG10: VERIFICAR QUE LA ALTURA DE LOS CABOS DE ESCOBAS Y TRAPERO SEA LA ADECUADA (1.60) | AH10: N.A | AI10: BRINDAR FORMACION Y RETROALIMENTACION AL PERSONAL EXPUESTO SOBRE RIESGO BIOMECANICO CON ENFASIS EN: Tecnicas para Manejo de Espalda, Pausas Activas e Higiene Postural | AJ10: N.A
E11: SI | F11: PSICOLABORAL | H11: RESPONSABILIDAD DE LA LABOR, TRABAJO RUTINARIO, SATISFACCION DEL CLIENTE CON LA LABOR | I11: NO | J11: Salud- Daño leve | K11: CEFALEA, ALTERACIONES EMOCIONALES, IRRITABILIDAD, ANSIEDAD, ENFERMEDADES GASTROINTESTINALES | L11: N.A | M11: N.A | N11: PARTICIPACION EN ACTIVIDADES DEPORTIVAS, RECREATIVAS Y CULTURALES | O11: BAJO | P11: =IF(O11="","",IF(O11="BAJO",0,IF(O11="MEDIO",2,IF(O11="ALTO",6,IF(O11="MUY ALTO",10,))))) -> 0 | Q11: ESPORADICO | R11: =IF(Q11="","",IF(Q11="Esporadica",1,IF(Q11="Ocasional",2,IF(Q11="Frecuente",3,IF(Q11="Continua",4,))))) -> 0 | S11: =IF(P11="","",IF(P11=0,0,IF(P11>=1,+P11*R11))) -> 0 | T11: =IF(S11="","",IF(S11<=4,"Bajo",IF(S11<=8,"Medio",IF(S11<=20,"Alto",IF(S11<=40,"Muy Alto"))))) -> Bajo | U11: LEVE | V11: =IF(U11="","",IF(U11="Leve",10,IF(U11="Grave",25,IF(U11="Muy Grave",60,IF(U11="Mortal o catastrófico",100,))))) -> 10 | W11: =IF(V11="","",IF(V11=0,"",IF(V11>=1,+V11*S11,))) -> 0 | X11: =IF(W11="","",IF(W11<=20,"Mantener las medidas de control existentes",IF(W11<=120,"Mejorar si es posible justificar la intervención y su rentabilidad.",IF(W11<=500,"Corregir y adoptar medidas de control de inmediato si NR es igual o mayor a 360 debe suspender las actividades",IF(W11<=4000,"Situación crítica Suspender actividades hasta que el riesgo sea controlado",))))) -> Mantener las medidas de control existentes | Y11: =IF(W11="","",IF(W11<=20,"IV",IF(W11<=120,"III",IF(W11<=500,"II",IF(W11<=4000,"I",))))) -> IV | Z11: =IF(Y11="","",IF(Y11="I","No Aceptable",IF(Y11="II","Prioritario",IF(Y11="III","Mejorable",IF(Y11="IV","Aceptable",))))) -> Aceptable | AA11: 1 | AD11: ESTRÉS | AE11: SI | AF11: N.A | AG11: N.A | AH11: N.A | AI11: BRINDAR FORMACION AL PERSONAL EXPUESTO EN RIESGO PSICOSOCIAL CON ENFASIS EN: Atencion al Cliente, Manejo del Estrés, Relaciones Interpersonales, BATERIA DE RIESGO PSICOSOCIAL. | AJ11: N.A
E12: SI | F12: FENÓMENOS NATURALES | H12: RIESGO POR FENOMENOS NATURALES COMO: Tormentas Electricas, Vendavales, Sismo, Terremoto, Volcan,Incendio, Innundaciones | I12: NO | J12: Salud- Daño extremo | K12: POLITRAUMATISMOS, LESIONES SEVERAS, ALTERACIONES NERVIOSAS | L12: N.A | M12: PLAN DE EMERGENCIAS | N12: N.A | O12: MEDIO | P12: =IF(O12="","",IF(O12="BAJO",0,IF(O12="MEDIO",2,IF(O12="ALTO",6,IF(O12="MUY ALTO",10,))))) -> 2 | Q12: ESPORADICO | R12: =IF(Q12="","",IF(Q12="Esporadica",1,IF(Q12="Ocasional",2,IF(Q12="Frecuente",3,IF(Q12="Continua",4,))))) -> 0 | S12: =IF(P12="","",IF(P12=0,0,IF(P12>=1,+P12*R12))) -> 0 | T12: =IF(S12="","",IF(S12<=4,"Bajo",IF(S12<=8,"Medio",IF(S12<=20,"Alto",IF(S12<=40,"Muy Alto"))))) -> Bajo | U12: GRAVE | V12: =IF(U12="","",IF(U12="Leve",10,IF(U12="Grave",25,IF(U12="Muy Grave",60,IF(U12="Mortal o catastrófico",100,))))) -> 25 | W12: =IF(V12="","",IF(V12=0,"",IF(V12>=1,+V12*S12,))) -> 0 | X12: =IF(W12="","",IF(W12<=20,"Mantener las medidas de control existentes",IF(W12<=120,"Mejorar si es posible justificar la intervención y su rentabilidad.",IF(W12<=500,"Corregir y adoptar medidas de control de inmediato si NR es igual o mayor a 360 debe suspender las actividades",IF(W12<=4000,"Situación crítica Suspender actividades hasta que el riesgo sea controlado",))))) -> Mantener las medidas de control existentes | Y12: =IF(W12="","",IF(W12<=20,"IV",IF(W12<=120,"III",IF(W12<=500,"II",IF(W12<=4000,"I",))))) -> IV | Z12: =IF(Y12="","",IF(Y12="I","No Aceptable",IF(Y12="II","Prioritario",IF(Y12="III","Mejorable",IF(Y12="IV","Aceptable",))))) -> Aceptable | AA12: 1 | AD12: LESIONES MULTIPLES | AE12: SI | AF12: NA | AG12: NA | AH12: N.A | AI12: REALIZAR LAS PRACTICAS DE EVACUACION, PRIMEROS AUXILIOS Y CONTRAINCENDIOS MINIMO 2 VECES AL AÑO; MANTENER DESPEJADAS AREAS DE CIRCULACION PARA RESPONDER DE MANERA EFECTIVA A UNA EVACUACION EN CASO DE EMERGENCIA Y REALIZAR SIMULACROS DE EVACUACIÓN POR ACTIVIDAD VOLCANICA. | AJ12: N.A
A13: ASISTENTE ADMINISTRATIVA | B13: SECRETARIA | C13: RECEPCIÓN | D13: RECEPCION Y MANEJO DE DOCUMENTACION Y PUBLICO | E13: SI | F13: BIOMECÀNICOS | H13: POSTURA SEDENTE PROLONGADA PARA EL DESARROLLO DE ACTIVIDADES ADMINISTRATIVAS, MOVIMIENTOS REPETITIVOS POR DIGITACION | I13: NO | J13: Salud- Daño Moderado | K13: DAÑOS Y/O LESIONES A NIVEL OSTEOMUSCULAR, DOLORES LUMBARES, DOLOR CERVICAL, EPICONDILITIS, TUNEL CARPIANO | L13: ARMONIA EN LA UBICACIÓN DEL PUESTO E TRABAJO, ELEMENTOS DE OFICINA Y SILLA | M13: N.A | N13: SE REALIZAN PAUSAS ACTIVAS EN EL INTER MEDIO DE LA JORNADA LABORAL | O13: BAJO | P13: =IF(O13="","",IF(O13="BAJO",0,IF(O13="MEDIO",2,IF(O13="ALTO",6,IF(O13="MUY ALTO",10,))))) -> 0 | Q13: FRECUENTE | R13: =IF(Q13="","",IF(Q13="Esporadica",1,IF(Q13="Ocasional",2,IF(Q13="Frecuente",3,IF(Q13="Continua",4,))))) -> 3 | S13: =IF(P13="","",IF(P13=0,0,IF(P13>=1,+P13*R13))) -> 0 | T13: =IF(S13="","",IF(S13<=4,"Bajo",IF(S13<=8,"Medio",IF(S13<=20,"Alto",IF(S13<=40,"Muy Alto"))))) -> Bajo | U13: LEVE | V13: =IF(U13="","",IF(U13="Leve",10,IF(U13="Grave",25,IF(U13="Muy Grave",60,IF(U13="Mortal o catastrófico",100,))))) -> 10 | W13: =IF(V13="","",IF(V13=0,"",IF(V13>=1,+V13*S13,))) -> 0 | X13: =IF(W13="","",IF(W13<=20,"Mantener las medidas de control existentes",IF(W13<=120,"Mejorar si es posible justificar la intervención y su rentabilidad.",IF(W13<=500,"Corregir y adoptar medidas de control de inmediato si NR es igual o mayor a 360 debe suspender las actividades",IF(W13<=4000,"Situación crítica Suspender actividades hasta que el riesgo sea controlado",))))) -> Mantener las medidas de control existentes | Y13: =IF(W13="","",IF(W13<=20,"IV",IF(W13<=120,"III",IF(W13<=500,"II",IF(W13<=4000,"I",))))) -> IV | Z13: =IF(Y13="","",IF(Y13="I","No Aceptable",IF(Y13="II","Prioritario",IF(Y13="III","Mejorable",IF(Y13="IV","Aceptable",))))) -> Aceptable | AA13: 1 | AD13: TUNEL CARPIANO | AE13: SI | AF13: N.A | AG13: N.A | AH13: REALIZAR INSPECCIONES DE ACUERDO A PROGRAMACION DE COPASST PARA VERIFICAR NECESIDADES DE CAMBIO Y/O MANTENIMIENTO DE MOBILIARIO DE OFICINAS | AI13: BRINDAR FORMACION Y/O RETROALIMENTACION AL PERSONAL EN RIESGO BIOMECANICO CON ENFASIS EN: HIGIENE POSTURAL | AJ13: N.A
E14: SI | F14: FISICO | H14: LABOR FRENTE AL ORDENADOR QUE IMPLICA EXPOSICION A RADIACIONES IONIZANTES, ADEMAS DE LA CARGA ELECTROSTATICA EN LA SUPERFICIE DE LOS MISMOS | I14: NO | J14: Salud- Daño leve | K14: SOBREESFUERZO VISUAL CANSANCIO, CEFALEA, ENROJECIMIENTO, FATIGA, RESEQUEDAD, LAGRIMEO | L14: ORDENADORVIDEOTERMINAL CON PANTALLA ANTIREFLEJO | M14: N.A | N14: N.A | O14: BAJO | P14: =IF(O14="","",IF(O14="BAJO",0,IF(O14="MEDIO",2,IF(O14="ALTO",6,IF(O14="MUY ALTO",10,))))) -> 0 | Q14: FRECUENTE | R14: =IF(Q14="","",IF(Q14="Esporadica",1,IF(Q14="Ocasional",2,IF(Q14="Frecuente",3,IF(Q14="Continua",4,))))) -> 3 | S14: =IF(P14="","",IF(P14=0,0,IF(P14>=1,+P14*R14))) -> 0 | T14: Bajo | U14: LEVE | V14: =IF(U14="","",IF(U14="Leve",10,IF(U14="Grave",25,IF(U14="Muy Grave",60,IF(U14="Mortal o catastrófico",100,))))) -> 10 | W14: =IF(V14="","",IF(V14=0,"",IF(V14>=1,+V14*S14,))) -> 0 | X14: =IF(W14="","",IF(W14<=20,"Mantener las medidas de control existentes",IF(W14<=120,"Mejorar si es posible justificar la intervención y su rentabilidad.",IF(W14<=500,"Corregir y adoptar medidas de control de inmediato si NR es igual o mayor a 360 debe suspender las actividades",IF(W14<=4000,"Situación crítica Suspender actividades hasta que el riesgo sea controlado",))))) -> Mantener las medidas de control existentes | Y14: =IF(W14="","",IF(W14<=20,"IV",IF(W14<=120,"III",IF(W14<=500,"II",IF(W14<=4000,"I",))))) -> IV | Z14: =IF(Y14="","",IF(Y14="I","No Aceptable",IF(Y14="II","Prioritario",IF(Y14="III","Mejorable",IF(Y14="IV","Aceptable",))))) -> Aceptable | AA14: 1 | AD14: SINDROME DE FATIGA VISUAL CORPORAL POR COPUTADOR | AE14: SI | AF14: N.A | AG14: N.A | AH14: GRADUAR BRILLO, ALTURA, REALIZAR LIMPIEZA FRECUENTE DE PANTALLA | AI14: BRINDAR FORMACION AL PERSONAL EN RIESGO FISICO CON ENFASIS EN SALUD VISUAL Y PAUSAS ACTIVAS VISUALES | AJ14: N.A
E15: SI | F15: BIOLÓGICO | H15: PROPAGACION DEL VIRUS COVID 19, FIEBRE AMARILLA CON RIESGO DE CONTAGIO POR CONTACTO POR GOTAS, CONTACTO CON SUPERFICIES CONTAMINADAS, POR PICADURA DE INSECTOS. | I15: NO | J15: Salud- Daño Moderado | K15: TOS, MALESTAR, SECRECION NASAL, PROBLEMAS RESIRATORIOS, TOS, MUERTE | L15: N/A | M15: CAPACITACION SOBRE MEDIOS DE PROPAGACION , PREVENCION , LAVADO DE MANOS. | N15: DISTANCIAMIENTO SOCIAL. LAVADO DE MANOS CONSTANTE, USO DE PROTECCION RESPIRATORIA EN CASO DE PRESENTAR SINTOMAS | O15: BAJO | P15: =IF(O15="","",IF(O15="BAJO",0,IF(O15="MEDIO",2,IF(O15="ALTO",6,IF(O15="MUY ALTO",10,))))) -> 0 | Q15: ESPORADICO | R15: =IF(Q15="","",IF(Q15="Esporadica",1,IF(Q15="Ocasional",2,IF(Q15="Frecuente",3,IF(Q15="Continua",4,))))) -> 0 | S15: =IF(P15="","",IF(P15=0,0,IF(P15>=1,+P15*R15))) -> 0 | T15: Medio | U15: LEVE | V15: =IF(U15="","",IF(U15="Leve",10,IF(U15="Grave",25,IF(U15="Muy Grave",60,IF(U15="Mortal o catastrófico",100,))))) -> 10 | W15: =IF(V15="","",IF(V15=0,"",IF(V15>=1,+V15*S15,))) -> 0 | X15: =IF(W15="","",IF(W15<=20,"Mantener las medidas de control existentes",IF(W15<=120,"Mejorar si es posible justificar la intervención y su rentabilidad.",IF(W15<=500,"Corregir y adoptar medidas de control de inmediato si NR es igual o mayor a 360 debe suspender las actividades",IF(W15<=4000,"Situación crítica Suspender actividades hasta que el riesgo sea controlado",))))) -> Mantener las medidas de control existentes | Y15: =IF(W15="","",IF(W15<=20,"IV",IF(W15<=120,"III",IF(W15<=500,"II",IF(W15<=4000,"I",))))) -> IV | Z15: =IF(Y15="","",IF(Y15="I","No Aceptable",IF(Y15="II","Prioritario",IF(Y15="III","Mejorable",IF(Y15="IV","Aceptable",))))) -> Aceptable | AA15: 1 | AD15: ENFERMEDAD | AE15: si | AF15: N.A | AG15: N.A | AH15: AREAS CON PROUCTOS DE LIMPIEZA Y DESINFECCION | AI15: PRODUCTOS DISPONIBLES PARA LAVADO DE MANOS LIMPIEZA Y DESINFECCION | AJ15: USO DE GUANTES GAFAS Y TABABOCAS AL REALIZAR ACTIVIDADES QUE GENEREN AEROSOLES
E16: SI | F16: PSICOLABORAL | H16: CONCENTRACION, RESPONSABILIDADV DE LA LABOR, CUMPLIMIENTO DE OBJETIVOS Y ACTIVIDADES, ELABORACION DE INFORMES, CONSUMO DE SUSTANCIAS PSICOACTIVAS | I16: NO | J16: Salud- Daño Moderado | K16: CANSANCIO, CEFALEA, ALTERACIONES Y/O MOLESTIAS GASTROINTESTINALES, AGOTAMIENTO | L16: N.A | M16: N.A | N16: ACTIVIDADES DEPORTIVAS, RECREATIVAS Y CULTURALES | O16: BAJO | P16: =IF(O16="","",IF(O16="BAJO",0,IF(O16="MEDIO",2,IF(O16="ALTO",6,IF(O16="MUY ALTO",10,))))) -> 0 | Q16: ESPORADICO | R16: =IF(Q16="","",IF(Q16="Esporadica",1,IF(Q16="Ocasional",2,IF(Q16="Frecuente",3,IF(Q16="Continua",4,))))) -> 0 | S16: =IF(P16="","",IF(P16=0,0,IF(P16>=1,+P16*R16))) -> 0 | T16: Bajo | U16: LEVE | V16: =IF(U16="","",IF(U16="Leve",10,IF(U16="Grave",25,IF(U16="Muy Grave",60,IF(U16="Mortal o catastrófico",100,))))) -> 10 | W16: =IF(V16="","",IF(V16=0,"",IF(V16>=1,+V16*S16,))) -> 0 | X16: =IF(W16="","",IF(W16<=20,"Mantener las medidas de control existentes",IF(W16<=120,"Mejorar si es posible justificar la intervención y su rentabilidad.",IF(W16<=500,"Corregir y adoptar medidas de control de inmediato si NR es igual o mayor a 360 debe suspender las actividades",IF(W16<=4000,"Situación crítica Suspender actividades hasta que el riesgo sea controlado",))))) -> Mantener las medidas de control existentes | Y16: =IF(W16="","",IF(W16<=20,"IV",IF(W16<=120,"III",IF(W16<=500,"II",IF(W16<=4000,"I",))))) -> IV | Z16: =IF(Y16="","",IF(Y16="I","No Aceptable",IF(Y16="II","Prioritario",IF(Y16="III","Mejorable",IF(Y16="IV","Aceptable",))))) -> Aceptable | AA16: 13 | AD16: ESTRÉS LABORAL | AE16: SI | AF16: N.A | AG16: N.A | AH16: N.A | AI16: VERIFICAR CON RESULTADOS DE APLICACIÓN DE BATERIAS SI SE REQUIERE INTERVENCION PARA RIESGO PSICOSOCIAL: CONTINUAR CON ACTIVIDADES DE INTEGRACION, RECREACION, DEPORTE Y/O CULTURA; BRINDAR FORMACION LUDICA AL PERSONAL EN MANEJO DEL ESTRÉS, LIDERAZGO, RELACIONES INTERPERSONALES Y COMUNICACION ASERTIVA | AJ16: N.A
E17: SI | F17: CONDICIONES DE SEGURIDAD | H17: ACCESO AL AREA DE TRABAJO POR ESCALAS | I17: NO | J17: Salud- Daño Moderado | K17: TROPEZONES, GOLPES, ESGUINCES, LUXACIONES, TORCEDURAS, HEMATOMAS | L17: ESCALAS CON PASAMANOS, LETRERO DE PISO MOJADO | M17: SEÑALIZACION PARA ESCALAS | N17: N.A | O17: BAJO | P17: =IF(O17="","",IF(O17="BAJO",0,IF(O17="MEDIO",2,IF(O17="ALTO",6,IF(O17="MUY ALTO",10,))))) -> 0 | Q17: ESPORADICO | R17: =IF(Q17="","",IF(Q17="Esporadica",1,IF(Q17="Ocasional",2,IF(Q17="Frecuente",3,IF(Q17="Continua",4,))))) -> 0 | S17: =IF(P17="","",IF(P17=0,0,IF(P17>=1,+P17*R17))) -> 0 | T17: Medio | U17: LEVE | V17: =IF(U17="","",IF(U17="Leve",10,IF(U17="Grave",25,IF(U17="Muy Grave",60,IF(U17="Mortal o catastrófico",100,))))) -> 10 | W17: =IF(V17="","",IF(V17=0,"",IF(V17>=1,+V17*S17,))) -> 0 | X17: =IF(W17="","",IF(W17<=20,"Mantener las medidas de control existentes",IF(W17<=120,"Mejorar si es posible justificar la intervención y su rentabilidad.",IF(W17<=500,"Corregir y adoptar medidas de control de inmediato si NR es igual o mayor a 360 debe suspender las actividades",IF(W17<=4000,"Situación crítica Suspender actividades hasta que el riesgo sea controlado",))))) -> Mantener las medidas de control existentes | Y17: =IF(W17="","",IF(W17<=20,"IV",IF(W17<=120,"III",IF(W17<=500,"II",IF(W17<=4000,"I",))))) -> IV | Z17: =IF(Y17="","",IF(Y17="I","No Aceptable",IF(Y17="II","Prioritario",IF(Y17="III","Mejorable",IF(Y17="IV","Aceptable",))))) -> Aceptable | AA17: 14 | AD17: FRACTURA DE HUESOS LARGOS | AE17: SI | AF17: N.A | AG17: N.A | AH17: N.A | AI17: BRINDAR FORMACION AL PERSONAL EXPUESTO EN RIESGO LOCATIVO CON ENFASIS EN "Prevencion de Caidas a un mismo y a diferente Nivel" ADECUAR SEÑALIZACION SOBRE "Peligro de Caida o Camine No corra" | AJ17: N.A
E18: SI | F18: CONDICIONES DE SEGURIDAD | H18: RIESGO MECANICO POR MANIPULACION DE HERRAMIENTAS MANUALES DE OFICINA (Ganchos, sacaganchos, bisturi, cosedora, perforadora, borde de hojas de `papel, tijeras etc) | I18: NO | J18: Salud- Daño leve | K18: TROPEZONES, GOLPES, ESGUINCES, LUXACIONES, TORCEDURAS, HEMATOMAS | L18: ESCRITORIOS CON CAJONEROS | M18: N.A | N18: N.A | O18: BAJO | P18: =IF(O18="","",IF(O18="BAJO",0,IF(O18="MEDIO",2,IF(O18="ALTO",6,IF(O18="MUY ALTO",10,))))) -> 0 | Q18: FRECUENTE | R18: =IF(Q18="","",IF(Q18="Esporadica",1,IF(Q18="Ocasional",2,IF(Q18="Frecuente",3,IF(Q18="Continua",4,))))) -> 3 | S18: =IF(P18="","",IF(P18=0,0,IF(P18>=1,+P18*R18))) -> 0 | T18: Medio | U18: LEVE | V18: =IF(U18="","",IF(U18="Leve",10,IF(U18="Grave",25,IF(U18="Muy Grave",60,IF(U18="Mortal o catastrófico",100,))))) -> 10 | W18: =IF(V18="","",IF(V18=0,"",IF(V18>=1,+V18*S18,))) -> 0 | X18: =IF(W18="","",IF(W18<=20,"Mantener las medidas de control existentes",IF(W18<=120,"Mejorar si es posible justificar la intervención y su rentabilidad.",IF(W18<=500,"Corregir y adoptar medidas de control de inmediato si NR es igual o mayor a 360 debe suspender las actividades",IF(W18<=4000,"Situación crítica Suspender actividades hasta que el riesgo sea controlado",))))) -> Mantener las medidas de control existentes | Y18: =IF(W18="","",IF(W18<=20,"IV",IF(W18<=120,"III",IF(W18<=500,"II",IF(W18<=4000,"I",))))) -> IV | Z18: =IF(Y18="","",IF(Y18="I","No Aceptable",IF(Y18="II","Prioritario",IF(Y18="III","Mejorable",IF(Y18="IV","Aceptable",))))) -> Aceptable | AA18: 15 | AD18: LESIONES/HERIDAS EN MANOS | AE18: SI | AF18: NA | AG18: NA | AH18: N.A | AI18: DISEÑAR, PUBLICAR Y BRINDAR FORMACION AL PERSONAL EN RIESGO MECANICO CON ENFASIS EN: Normas de Seguridad para Oficinas | AJ18: N.A
A19: AUDITORES, CONTRALORA, ADMINISTRATIVOS | B19: OFICINA SALA DE JUNTAS AUDITORIO AREAS COMUNES | C19: OFICINA | D19: REALIZAR PROCESOS ADMINISTRATIVOS PROPIOS DEL TRABAJO | E19: SI | F19: PSICOLABORAL | H19: CONCENTRACION, ALTA RESPONSABILIDAD DE LA LABOR, CUMPLIMIENTO DE OBJETIVOS Y ACTIVIDADES, RENDICION DE CUENTAS | I19: NO | J19: Salud- Daño extremo | K19: CANSANCIO, CEFALEA, ALTERACIONES Y/O MOLESTIAS GASTROINTESTINALES, AGOTAMIENTO | L19: N.A | M19: N.A | N19: ACTIVIDADES DEPORTIVAS, RECREATIVAS Y CULTURALES | O19: MEDIO | P19: =IF(O19="","",IF(O19="BAJO",0,IF(O19="MEDIO",2,IF(O19="ALTO",6,IF(O19="MUY ALTO",10,))))) -> 2 | Q19: FRECUENTE | R19: =IF(Q19="","",IF(Q19="Esporadica",1,IF(Q19="Ocasional",2,IF(Q19="Frecuente",3,IF(Q19="Continua",4,))))) -> 3 | S19: =IF(P19="","",IF(P19=0,0,IF(P19>=1,+P19*R19))) -> 6 | T19: Bajo | U19: LEVE | V19: =IF(U19="","",IF(U19="Leve",10,IF(U19="Grave",25,IF(U19="Muy Grave",60,IF(U19="Mortal o catastrófico",100,))))) -> 10 | W19: =IF(V19="","",IF(V19=0,"",IF(V19>=1,+V19*S19,))) -> 60 | X19: =IF(W19="","",IF(W19<=20,"Mantener las medidas de control existentes",IF(W19<=120,"Mejorar si es posible justificar la intervención y su rentabilidad.",IF(W19<=500,"Corregir y adoptar medidas de control de inmediato si NR es igual o mayor a 360 debe suspender las actividades",IF(W19<=4000,"Situación crítica Suspender actividades hasta que el riesgo sea controlado",))))) -> Mejorar si es posible justificar la intervención y su rentabilidad. | Y19: =IF(W19="","",IF(W19<=20,"IV",IF(W19<=120,"III",IF(W19<=500,"II",IF(W19<=4000,"I",))))) -> III | Z19: =IF(Y19="","",IF(Y19="I","No Aceptable",IF(Y19="II","Prioritario",IF(Y19="III","Mejorable",IF(Y19="IV","Aceptable",))))) -> Mejorable | AA19: 42 | AD19: ESTRÉS LABORAL | AE19: SI | AF19: N.A | AG19: N.A | AH19: N.A | AI19: VERIFICAR CON RESULTADOS DE APLICACIÓN DE BATERIAS SI SE REQUIERE INTERVENCION PARA RIESGO PSICOSOCIAL: A PERSONAL DE ALTO RIESGO, CONTINUAR CON ACTIVIDADES DE INTEGRACION, RECREACION, DEPORTE Y/O CULTURA; BRINDAR FORMACION LUDICA AL PERSONAL EN MANEJO DEL ESTRÉS, LIDERAZGO, RELACIONES INTERPERSONALES Y COMUNICACION ASERTIVA | AJ19: N.A
E20: SI | F20: BIOLOGICO | H20: PROPAGACION DEL VIRUS COVID 19, FIEBRE AMARILLA CON RIESGO DE CONTAGIO POR CONTACTO POR GOTAS, CONTACTO CON SUPERFICIES CONTAMINADAS, POR PICADURA DE INSECTOS, PROPAGACION DE OTRO TIPO DE VIRUS. | I20: NO | J20: Salud- Daño Moderado | K20: TOS, MALESTAR, SECRECION NASAL, PROBLEMAS RESIRATORIOS, TOS, MUERTE | L20: N/A | M20: CAPACITACION SOBRE MEDIOS DE PROPAGACION , PREVENCION , LAVADO DE MANOS. | N20: DISTANCIAMIENTO SOCIAL. LAVADO DE MANOS CONSTANTE, USO DE PROTECCION RESPIRATORIA EN CASO DE PRESENTAR SINTOMAS | O20: BAJO | P20: =IF(O20="","",IF(O20="BAJO",0,IF(O20="MEDIO",2,IF(O20="ALTO",6,IF(O20="MUY ALTO",10,))))) -> 0 | Q20: ESPORADICO | R20: =IF(Q20="","",IF(Q20="Esporadica",1,IF(Q20="Ocasional",2,IF(Q20="Frecuente",3,IF(Q20="Continua",4,))))) -> 0 | S20: =IF(P20="","",IF(P20=0,0,IF(P20>=1,+P20*R20))) -> 0 | T20: Bajo | U20: LEVE | V20: =IF(U20="","",IF(U20="Leve",10,IF(U20="Grave",25,IF(U20="Muy Grave",60,IF(U20="Mortal o catastrófico",100,))))) -> 10 | W20: =IF(V20="","",IF(V20=0,"",IF(V20>=1,+V20*S20,))) -> 0 | X20: =IF(W20="","",IF(W20<=20,"Mantener las medidas de control existentes",IF(W20<=120,"Mejorar si es posible justificar la intervención y su rentabilidad.",IF(W20<=500,"Corregir y adoptar medidas de control de inmediato si NR es igual o mayor a 360 debe suspender las actividades",IF(W20<=4000,"Situación crítica Suspender actividades hasta que el riesgo sea controlado",))))) -> Mantener las medidas de control existentes | Y20: =IF(W20="","",IF(W20<=20,"IV",IF(W20<=120,"III",IF(W20<=500,"II",IF(W20<=4000,"I",))))) -> IV | Z20: =IF(Y20="","",IF(Y20="I","No Aceptable",IF(Y20="II","Prioritario",IF(Y20="III","Mejorable",IF(Y20="IV","Aceptable",))))) -> Aceptable | AA20: 42 | AD20: ENFERMEDAD | AE20: si | AF20: N.A | AG20: N.A | AH20: N.A | AI20: capacitacion en prevencion y mitigacion del covid 19 generadas por el gobierno nacional, uso de tapabocas cuando presenta sintomas, aislamiento total. Higiene de manos al ingresar a laborar y durante la jornada cada dos o tres horas o cuando se requiera | AJ20: TAPABOCAS EN LUGARES CERRADOS CON AFLUENCIA MASIVA
E21: SI | F21: BIOMECÀNICOS | H21: POSTURA SEDENTE PROLONGADA PARA EL DESARROLLO DE ACTIVIDADES ADMINISTRATIVAS, MOVIMIENTOS REPETITIVOS POR DIGITACION | I21: NO | J21: Salud- Daño Moderado | K21: DAÑOS Y/O LESIONES A NIVEL OSTEOMUSCULAR, DOLORES LUMBARES, DOLOR CERVICAL, EPICONDILITIS, TUNEL CARPIANO | L21: ARMONIA EN LA UBICACIÓN DE VIDEOTERMINAL, ELEMENTOS DE OFICINA Y SILLA | M21: N.A | N21: SE REALIZAN PAUSAS ACTIVAS EN EL INTER EDIO DE LA JORNADA LABORAL | O21: BAJO | P21: =IF(O21="","",IF(O21="BAJO",0,IF(O21="MEDIO",2,IF(O21="ALTO",6,IF(O21="MUY ALTO",10,))))) -> 0 | Q21: FRECUENTE | R21: =IF(Q21="","",IF(Q21="Esporadica",1,IF(Q21="Ocasional",2,IF(Q21="Frecuente",3,IF(Q21="Continua",4,))))) -> 3 | S21: =IF(P21="","",IF(P21=0,0,IF(P21>=1,+P21*R21))) -> 0 | T21: Bajo | U21: LEVE | V21: =IF(U21="","",IF(U21="Leve",10,IF(U21="Grave",25,IF(U21="Muy Grave",60,IF(U21="Mortal o catastrófico",100,))))) -> 10 | W21: =IF(V21="","",IF(V21=0,"",IF(V21>=1,+V21*S21,))) -> 0 | X21: =IF(W21="","",IF(W21<=20,"Mantener las medidas de control existentes",IF(W21<=120,"Mejorar si es posible justificar la intervención y su rentabilidad.",IF(W21<=500,"Corregir y adoptar medidas de control de inmediato si NR es igual o mayor a 360 debe suspender las actividades",IF(W21<=4000,"Situación crítica Suspender actividades hasta que el riesgo sea controlado",))))) -> Mantener las medidas de control existentes | Y21: =IF(W21="","",IF(W21<=20,"IV",IF(W21<=120,"III",IF(W21<=500,"II",IF(W21<=4000,"I",))))) -> IV | Z21: =IF(Y21="","",IF(Y21="I","No Aceptable",IF(Y21="II","Prioritario",IF(Y21="III","Mejorable",IF(Y21="IV","Aceptable",))))) -> Aceptable | AA21: 42 | AD21: LESIONES OSTEOMUSCULARES | AE21: SI | AF21: N.A | AG21: N.A | AH21: REALIZAR INSPECCIONES DE ACUERDO A PROGRAMACION DE COPASST PARA VERIFICAR NECESIDADES DE CAMBIO Y/O MANTENIMIENTO DE MOBILIARIO DE OFICINAS | AI21: BRINDAR FORMACION Y/O RETROALIMENTACION AL PERSONAL EN RIESGO BIOMECANICO CON ENFASIS EN: Higiene Postural e importancia de las Pausas Activas | AJ21: N.A
E22: SI | F22: CONDICIONES DE SEGURIDAD | H22: ACCESO AL AREA DE TRABAJO POR ESCALAS | I22: NO | J22: Salud- Daño Moderado | K22: TROPEZONES, GOLPES, ESGUINCES, LUXACIONES, TORCEDURAS, HEMATOMAS | L22: ESCALAS CON PASAMANOS, LETRERO DE PISO MOJADO | M22: SEÑALIZACION PARA ESCALAS | N22: N.A | O22: BAJO | P22: =IF(O22="","",IF(O22="BAJO",0,IF(O22="MEDIO",2,IF(O22="ALTO",6,IF(O22="MUY ALTO",10,))))) -> 0 | Q22: ESPORADICO | R22: =IF(Q22="","",IF(Q22="Esporadica",1,IF(Q22="Ocasional",2,IF(Q22="Frecuente",3,IF(Q22="Continua",4,))))) -> 0 | S22: =IF(P22="","",IF(P22=0,0,IF(P22>=1,+P22*R22))) -> 0 | T22: Medio | U22: LEVE | V22: =IF(U22="","",IF(U22="Leve",10,IF(U22="Grave",25,IF(U22="Muy Grave",60,IF(U22="Mortal o catastrófico",100,))))) -> 10 | W22: =IF(V22="","",IF(V22=0,"",IF(V22>=1,+V22*S22,))) -> 0 | X22: =IF(W22="","",IF(W22<=20,"Mantener las medidas de control existentes",IF(W22<=120,"Mejorar si es posible justificar la intervención y su rentabilidad.",IF(W22<=500,"Corregir y adoptar medidas de control de inmediato si NR es igual o mayor a 360 debe suspender las actividades",IF(W22<=4000,"Situación crítica Suspender actividades hasta que el riesgo sea controlado",))))) -> Mantener las medidas de control existentes | Y22: =IF(W22="","",IF(W22<=20,"IV",IF(W22<=120,"III",IF(W22<=500,"II",IF(W22<=4000,"I",))))) -> IV | Z22: =IF(Y22="","",IF(Y22="I","No Aceptable",IF(Y22="II","Prioritario",IF(Y22="III","Mejorable",IF(Y22="IV","Aceptable",))))) -> Aceptable | AA22: 42 | AD22: FRACTURA DE HUESOS LARGOS | AE22: SI | AF22: N.A | AG22: N.A | AH22: N.A | AI22: BRINDAR FORMACION AL PERSONAL EXPUESTO EN RIESGO LOCATIVO CON ENFASIS EN "Prevencion de Caidas a un mismo y a diferente Nivel" ADECUAR SEÑALIZACION SOBRE "Peligro de Caida o Camine No corra" | AJ22: N.A
E23: NO | F23: CONDICIONES DE SEGURIDAD | H23: RIESGO MECANICO POR MANIPULACION DE HERRAMIENTAS MANUALES DE OFICINA (Ganchos, sacaganchos, bisturi, cosedora, perforadora, borde de hojas de `papel, tijeras etc) | I23: NO | J23: Salud- Daño leve | K23: LESIONES MUSCULOESQUELETICAS,HERIDAS,CONTUSIONES,GOLPES, ETC | L23: ESCRITORIOS CON CAJONEROS | M23: N.A | N23: N.A | O23: BAJO | P23: =IF(O23="","",IF(O23="BAJO",0,IF(O23="MEDIO",2,IF(O23="ALTO",6,IF(O23="MUY ALTO",10,))))) -> 0 | Q23: FRECUENTE | R23: =IF(Q23="","",IF(Q23="Esporadica",1,IF(Q23="Ocasional",2,IF(Q23="Frecuente",3,IF(Q23="Continua",4,))))) -> 3 | S23: =IF(P23="","",IF(P23=0,0,IF(P23>=1,+P23*R23))) -> 0 | T23: Bajo | U23: LEVE | V23: =IF(U23="","",IF(U23="Leve",10,IF(U23="Grave",25,IF(U23="Muy Grave",60,IF(U23="Mortal o catastrófico",100,))))) -> 10 | W23: =IF(V23="","",IF(V23=0,"",IF(V23>=1,+V23*S23,))) -> 0 | X23: =IF(W23="","",IF(W23<=20,"Mantener las medidas de control existentes",IF(W23<=120,"Mejorar si es posible justificar la intervención y su rentabilidad.",IF(W23<=500,"Corregir y adoptar medidas de control de inmediato si NR es igual o mayor a 360 debe suspender las actividades",IF(W23<=4000,"Situación crítica Suspender actividades hasta que el riesgo sea controlado",))))) -> Mantener las medidas de control existentes | Y23: =IF(W23="","",IF(W23<=20,"IV",IF(W23<=120,"III",IF(W23<=500,"II",IF(W23<=4000,"I",))))) -> IV | Z23: =IF(Y23="","",IF(Y23="I","No Aceptable",IF(Y23="II","Prioritario",IF(Y23="III","Mejorable",IF(Y23="IV","Aceptable",))))) -> Aceptable | AA23: 42 | AD23: LESIONES/HERIDAS EN MANOS | AE23: SI | AF23: NA | AG23: NA | AH23: N.A | AI23: BRINDAR FORMACION AL PERSONAL EN RIESGO MECANICO CON ENFASIS EN: Normas de Seguridad para Oficinas | AJ23: N.A
E24: NO | F24: CONDICIONES DE SEGURIDAD | H24: SE PRESENTA EXPOSICION A RIESGO DE TRANSITO EN RAZON AL DESPLAZAMIENTO PARA REALIZAR VISITAS EN OTROS MUNICIPIOS | I24: NO | J24: Salud- Daño Moderado | K24: ATROPELLAMIENTOS, CHOQUES, LESIONES FISICAS, POLITRAUMATISMOS, MUERTE | L24: N.A | M24: N.A | N24: N.A | O24: MEDIO | P24: =IF(O24="","",IF(O24="BAJO",0,IF(O24="MEDIO",2,IF(O24="ALTO",6,IF(O24="MUY ALTO",10,))))) -> 2 | Q24: ESPORADICO | R24: =IF(Q24="","",IF(Q24="Esporadica",1,IF(Q24="Ocasional",2,IF(Q24="Frecuente",3,IF(Q24="Continua",4,))))) -> 0 | S24: =IF(P24="","",IF(P24=0,0,IF(P24>=1,+P24*R24))) -> 0 | T24: Medio | U24: GRAVE | V24: =IF(U24="","",IF(U24="Leve",10,IF(U24="Grave",25,IF(U24="Muy Grave",60,IF(U24="Mortal o catastrófico",100,))))) -> 25 | W24: =IF(V24="","",IF(V24=0,"",IF(V24>=1,+V24*S24,))) -> 0 | X24: =IF(W24="","",IF(W24<=20,"Mantener las medidas de control existentes",IF(W24<=120,"Mejorar si es posible justificar la intervención y su rentabilidad.",IF(W24<=500,"Corregir y adoptar medidas de control de inmediato si NR es igual o mayor a 360 debe suspender las actividades",IF(W24<=4000,"Situación crítica Suspender actividades hasta que el riesgo sea controlado",))))) -> Mantener las medidas de control existentes | Y24: =IF(W24="","",IF(W24<=20,"IV",IF(W24<=120,"III",IF(W24<=500,"II",IF(W24<=4000,"I",))))) -> IV | Z24: =IF(Y24="","",IF(Y24="I","No Aceptable",IF(Y24="II","Prioritario",IF(Y24="III","Mejorable",IF(Y24="IV","Aceptable",))))) -> Aceptable | AA24: 42 | AD24: DAÑOS SEVEROS CON COMPROMISO DE COLUMNA Y MEDULA | AE24: SI | AF24: N.A | AG24: N.A | AH24: N.A | AI24: SOCIALIZAR NORMAS DE SEGURIDAD PARA RIESGO DE TRANSITO CON ENFASIS EN PEATONES / CONDUCTORES, CAPACITACION EN SEGURIDAD VIAL | AJ24: N.A
E25: NO | F25: CONDICIONES DE SEGURIDAD | H25: SE PRESENTA EXPOSICION A RIESGO DE TRANSITO (PÚBLICO) EN RAZON AL DESPLAZAMIENTO PARA REALIZAR VISITAS EN OTROS MUNICIPIOS | I25: NO | J25: Salud- Daño Moderado | K25: AGRESIONES FISICAS O VERBALES, HERIDAS Y LESIONES MULTIPLES, ROBOS,SECUESTROS. | L25: N.A | M25: N.A | N25: N.A | O25: MEDIO | P25: =IF(O25="","",IF(O25="BAJO",0,IF(O25="MEDIO",2,IF(O25="ALTO",6,IF(O25="MUY ALTO",10,))))) -> 2 | Q25: FRECUENTE | R25: =IF(Q25="","",IF(Q25="Esporadica",1,IF(Q25="Ocasional",2,IF(Q25="Frecuente",3,IF(Q25="Continua",4,))))) -> 3 | S25: =IF(P25="","",IF(P25=0,0,IF(P25>=1,+P25*R25))) -> 6 | T25: Medio | U25: LEVE | V25: =IF(U25="","",IF(U25="Leve",10,IF(U25="Grave",25,IF(U25="Muy Grave",60,IF(U25="Mortal o catastrófico",100,))))) -> 10 | W25: =IF(V25="","",IF(V25=0,"",IF(V25>=1,+V25*S25,))) -> 60 | X25: =IF(W25="","",IF(W25<=20,"Mantener las medidas de control existentes",IF(W25<=120,"Mejorar si es posible justificar la intervención y su rentabilidad.",IF(W25<=500,"Corregir y adoptar medidas de control de inmediato si NR es igual o mayor a 360 debe suspender las actividades",IF(W25<=4000,"Situación crítica Suspender actividades hasta que el riesgo sea controlado",))))) -> Mejorar si es posible justificar la intervención y su rentabilidad. | Y25: =IF(W25="","",IF(W25<=20,"IV",IF(W25<=120,"III",IF(W25<=500,"II",IF(W25<=4000,"I",))))) -> III | Z25: =IF(Y25="","",IF(Y25="I","No Aceptable",IF(Y25="II","Prioritario",IF(Y25="III","Mejorable",IF(Y25="IV","Aceptable",))))) -> Mejorable | AA25: 42 | AD25: TRAUMAS MULTIPLES EN DIFERENTES PARTES DEL CUERPO | AE25: SI | AF25: N.A | AG25: N.A | AH25: N.A | AI25: BRINDAR FORMACION EN TIPS DE MANEJO DEFENSIVO "Que hacer en caso de atraco: Antes, Durante y Despues" | AJ25: N.A
E26: SI | F26: BIOMECÀNICOS | H26: ADOPCION DE POSTURAS PROLONGADAS ANTIGRAVITACIONALES, PARA EL DESARROLLO DE ACTIVIDADES ADMINISTRATIVAS, MOVIMIENTOS REPETITIVOS POR DIGITACION | I26: NO | J26: Salud- Daño Moderado | K26: DAÑOS Y/O LESIONES A NIVEL OSTEOMUSCULAR, DOLORES LUMBARES | L26: N.A | M26: N.A | N26: SE REALIZAN PAUSAS ACTIVAS EN EL INTER EDIO DE LA JORNADA LABORAL | O26: BAJO | P26: =IF(O26="","",IF(O26="BAJO",0,IF(O26="MEDIO",2,IF(O26="ALTO",6,IF(O26="MUY ALTO",10,))))) -> 0 | Q26: ESPORADICO | R26: =IF(Q26="","",IF(Q26="Esporadica",1,IF(Q26="Ocasional",2,IF(Q26="Frecuente",3,IF(Q26="Continua",4,))))) -> 0 | S26: =IF(P26="","",IF(P26=0,0,IF(P26>=1,+P26*R26))) -> 0 | T26: Bajo | U26: LEVE | V26: =IF(U26="","",IF(U26="Leve",10,IF(U26="Grave",25,IF(U26="Muy Grave",60,IF(U26="Mortal o catastrófico",100,))))) -> 10 | W26: =IF(V26="","",IF(V26=0,"",IF(V26>=1,+V26*S26,))) -> 0 | X26: =IF(W26="","",IF(W26<=20,"Mantener las medidas de control existentes",IF(W26<=120,"Mejorar si es posible justificar la intervención y su rentabilidad.",IF(W26<=500,"Corregir y adoptar medidas de control de inmediato si NR es igual o mayor a 360 debe suspender las actividades",IF(W26<=4000,"Situación crítica Suspender actividades hasta que el riesgo sea controlado",))))) -> Mantener las medidas de control existentes | Y26: =IF(W26="","",IF(W26<=20,"IV",IF(W26<=120,"III",IF(W26<=500,"II",IF(W26<=4000,"I",))))) -> IV | Z26: =IF(Y26="","",IF(Y26="I","No Aceptable",IF(Y26="II","Prioritario",IF(Y26="III","Mejorable",IF(Y26="IV","Aceptable",))))) -> Aceptable | AA26: 42 | AD26: LESIONES OSTEOMUSCULARES | AE26: SI | AF26: N.A | AG26: N.A | AH26: REALIZAR INSPECCIONES DE ACUERDO A PROGRAMACION DE COPASST PARA VERIFICAR NECESIDADES DE CAMBIO Y/O MANTENIMIENTO DE MOBILIARIO DE OFICINAS | AI26: BRINDAR FORMACION Y/O RETROALIMENTACION AL PERSONAL EN RIESGO BIOMECANICO CON ENFASIS EN: Higiene Postural Frente a Videoterminales | AJ26: N.A
E27: SI | F27: FISICO | H27: LABOR FRENTE A VIDEOTERMINAL QUE IMPLICA EXPOSICION A RADIACIONES IONIZANTES, ADEMAS DE LA CARGA ELECTROSTATICA EN LA SUPERFICIE DE LOS MISMOS | I27: NO | J27: Salud- Daño leve | K27: SOBREESFUERZO VISUAL CANSANCIO, CEFALEA, ENROJECIMIENTO, FATIGA, RESEQUEDAD, LAGRIMEO | L27: VIDEOTERMINAL CON PANTALLA ANTIREFLEJO | M27: N.A | N27: N.A | O27: BAJO | P27: =IF(O27="","",IF(O27="BAJO",0,IF(O27="MEDIO",2,IF(O27="ALTO",6,IF(O27="MUY ALTO",10,))))) -> 0 | Q27: ESPORADICO | R27: =IF(Q27="","",IF(Q27="Esporadica",1,IF(Q27="Ocasional",2,IF(Q27="Frecuente",3,IF(Q27="Continua",4,))))) -> 0 | S27: =IF(P27="","",IF(P27=0,0,IF(P27>=1,+P27*R27))) -> 0 | T27: Medio | U27: LEVE | V27: =IF(U27="","",IF(U27="Leve",10,IF(U27="Grave",25,IF(U27="Muy Grave",60,IF(U27="Mortal o catastrófico",100,))))) -> 10 | W27: =IF(V27="","",IF(V27=0,"",IF(V27>=1,+V27*S27,))) -> 0 | X27: =IF(W27="","",IF(W27<=20,"Mantener las medidas de control existentes",IF(W27<=120,"Mejorar si es posible justificar la intervención y su rentabilidad.",IF(W27<=500,"Corregir y adoptar medidas de control de inmediato si NR es igual o mayor a 360 debe suspender las actividades",IF(W27<=4000,"Situación crítica Suspender actividades hasta que el riesgo sea controlado",))))) -> Mantener las medidas de control existentes | Y27: =IF(W27="","",IF(W27<=20,"IV",IF(W27<=120,"III",IF(W27<=500,"II",IF(W27<=4000,"I",))))) -> IV | Z27: =IF(Y27="","",IF(Y27="I","No Aceptable",IF(Y27="II","Prioritario",IF(Y27="III","Mejorable",IF(Y27="IV","Aceptable",))))) -> Aceptable | AA27: 42 | AD27: SINDROME DE FATIGA VISUAL CORPORAL POR COMPUTADOR | AE27: SI | AF27: N.A | AG27: N.A | AH27: GRADUAR BRILLO, ALTURA, REALIZAR LIMPIEZA FRECUENTE DE PANTALLA | AI27: BRINDAR FORMACION AL PERSONAL EN RIESGO FISICO CON ENFASIS EN SALUD VISUAL Y PAUSAS ACTIVAS VISUALES | AJ27: N.A
E28: SI | F28: FENÓMENOS NATURALES | H28: RIESGO POR FENOMENOS NATURALES COMO: Tormentas Electricas, Vendavales, Sismo, Terremoto, Incendio, Innundaciones | I28: NO | J28: Salud- Daño extremo | K28: POLITRAUMATISMOS, LESIONES SEVERAS, ALTERACIONES NERVIOSAS | L28: N.A | M28: PLAN DE EMERGENCIAS | N28: N.A | O28: MEDIO | P28: =IF(O28="","",IF(O28="BAJO",0,IF(O28="MEDIO",2,IF(O28="ALTO",6,IF(O28="MUY ALTO",10,))))) -> 2 | Q28: FRECUENTE | R28: =IF(Q28="","",IF(Q28="Esporadica",1,IF(Q28="Ocasional",2,IF(Q28="Frecuente",3,IF(Q28="Continua",4,))))) -> 3 | S28: =IF(P28="","",IF(P28=0,0,IF(P28>=1,+P28*R28))) -> 6 | T28: Medio | U28: LEVE | V28: =IF(U28="","",IF(U28="Leve",10,IF(U28="Grave",25,IF(U28="Muy Grave",60,IF(U28="Mortal o catastrófico",100,))))) -> 10 | W28: =IF(V28="","",IF(V28=0,"",IF(V28>=1,+V28*S28,))) -> 60 | X28: =IF(W28="","",IF(W28<=20,"Mantener las medidas de control existentes",IF(W28<=120,"Mejorar si es posible justificar la intervención y su rentabilidad.",IF(W28<=500,"Corregir y adoptar medidas de control de inmediato si NR es igual o mayor a 360 debe suspender las actividades",IF(W28<=4000,"Situación crítica Suspender actividades hasta que el riesgo sea controlado",))))) -> Mejorar si es posible justificar la intervención y su rentabilidad. | Y28: =IF(W28="","",IF(W28<=20,"IV",IF(W28<=120,"III",IF(W28<=500,"II",IF(W28<=4000,"I",))))) -> III | Z28: =IF(Y28="","",IF(Y28="I","No Aceptable",IF(Y28="II","Prioritario",IF(Y28="III","Mejorable",IF(Y28="IV","Aceptable",))))) -> Mejorable | AA28: 42 | AD28: LESIONES MULTIPLES | AE28: SI | AF28: NA | AG28: NA | AH28: N.A | AI28: REALIZAR LAS PRACTICAS (Simulacros) ANUAL DE EVACUACION, PRIMEROS AUXILIOS Y MANTENER DESPEJADAS AREAS DE CIRCULACION PARA RESPONDER DE MANERA EFECTIVA A UNA EVACUACION EN CASO DE EMERGENCIA | AJ28: N.A
P29: =IF(O29="","",IF(O29="BAJO",0,IF(O29="MEDIO",2,IF(O29="ALTO",6,IF(O29="MUY ALTO",10,))))) | R29: =IF(Q29="","",IF(Q29="Esporadica",1,IF(Q29="Ocasional",2,IF(Q29="Frecuente",3,IF(Q29="Continua",4,))))) | S29: =IF(P29="","",IF(P29=0,0,IF(P29>=1,+P29*R29))) | V29: =IF(U29="","",IF(U29="Leve",10,IF(U29="Grave",25,IF(U29="Muy Grave",60,IF(U29="Mortal o catastrófico",100,))))) | W29: =IF(V29="","",IF(V29=0,"",IF(V29>=1,+V29*S29,))) | X29: =IF(W29="","",IF(W29<=20,"Mantener las medidas de control existentes",IF(W29<=120,"Mejorar si es posible justificar la intervención y su rentabilidad.",IF(W29<=500,"Corregir y adoptar medidas de control de inmediato si NR es igual o mayor a 360 debe suspender las actividades",IF(W29<=4000,"Situación crítica Suspender actividades hasta que el riesgo sea controlado",))))) | Y29: =IF(W29="","",IF(W29<=20,"IV",IF(W29<=120,"III",IF(W29<=500,"II",IF(W29<=4000,"I",)))))
A30: CONDUCTOR | B30: TODAS LAS AREAS | C30: DENTRO Y FUERA DE LA EMPRESA | D30: ENCARGADO DE CONDUCIR EL CARRO DE LA CONTRALORÍA | E30: SI | F30: PSICOLABORAL | H30: CONCENTRACION, RESPONSABILIDAD DE LA LABOR, CONDICIONES DE SEGURIDAD | I30: NO | J30: Salud- Daño Moderado | K30: CANSANCIO, CEFALEA, ALTERACIONES Y/O MOLESTIAS GASTROINTESTINALES, AGOTAMIENTO, CONSUMO DE SUSTANCIAS PSICOACTIVAS | L30: N.A | M30: N.A | N30: ACTIVIDADES DEPORTIVAS, RECREATIVAS Y CULTURALES | O30: MEDIO | P30: =IF(O30="","",IF(O30="BAJO",0,IF(O30="MEDIO",2,IF(O30="ALTO",6,IF(O30="MUY ALTO",10,))))) -> 2 | Q30: FRECUENTE | R30: =IF(Q30="","",IF(Q30="Esporadica",1,IF(Q30="Ocasional",2,IF(Q30="Frecuente",3,IF(Q30="Continua",4,))))) -> 3 | S30: =IF(P30="","",IF(P30=0,0,IF(P30>=1,+P30*R30))) -> 6 | T30: Bajo | U30: LEVE | V30: =IF(U30="","",IF(U30="Leve",10,IF(U30="Grave",25,IF(U30="Muy Grave",60,IF(U30="Mortal o catastrófico",100,))))) -> 10 | W30: =IF(V30="","",IF(V30=0,"",IF(V30>=1,+V30*S30,))) -> 60 | X30: =IF(W30="","",IF(W30<=20,"Mantener las medidas de control existentes",IF(W30<=120,"Mejorar si es posible justificar la intervención y su rentabilidad.",IF(W30<=500,"Corregir y adoptar medidas de control de inmediato si NR es igual o mayor a 360 debe suspender las actividades",IF(W30<=4000,"Situación crítica Suspender actividades hasta que el riesgo sea controlado",))))) -> Mejorar si es posible justificar la intervención y su rentabilidad. | Y30: =IF(W30="","",IF(W30<=20,"IV",IF(W30<=120,"III",IF(W30<=500,"II",IF(W30<=4000,"I",))))) -> III | Z30: =IF(Y30="","",IF(Y30="I","No Aceptable",IF(Y30="II","Prioritario",IF(Y30="III","Mejorable",IF(Y30="IV","Aceptable",))))) -> Mejorable | AA30: 1 | AD30: ESTRÉS LABORAL | AE30: SI | AF30: N.A | AG30: N.A | AH30: N.A | AI30: VERIFICAR CON RESULTADOS DE APLICACIÓN DE BATERIAS SI SE REQUIERE INTERVENCION PARA RIESGO PSICOSOCIAL: CONTINUAR CON ACTIVIDADES DE INTEGRACION, RECREACION, DEPORTE Y/O CULTURA; BRINDAR FORMACION LUDICA AL PERSONAL EN MANEJO DEL ESTRÉS, LIDERAZGO, RELACIONES INTERPERSONALES Y COMUNICACION ASERTIVA | AJ30: N.A
E31: SI | F31: BIOLOGICO | H31: PROPAGACION DEL VIRUS COVID 19, FIEBRE AMARILLA CON RIESGO DE CONTAGIO POR CONTACTO POR GOTAS, CONTACTO CON SUPERFICIES CONTAMINADAS, POR PICADURA DE INSECTOS. | I31: NO | J31: Salud- Daño Moderado | K31: TOS, MALESTAR, SECRECION NASAL, PROBLEMAS RESIRATORIOS, TOS, MUERTE | L31: N/A | M31: CAPACITACION SOBRE MEDIOS DE PROPAGACION , PREVENCION , LAVADO DE MANOS. | N31: DISTANCIAMIENTO SOCIAL. LAVADO DE MANOS CONSTANTE, USO DE PROTECCION RESPIRATORIA EN CASO DE PRESENTAR SINTOMAS | O31: BAJO | P31: =IF(O31="","",IF(O31="BAJO",0,IF(O31="MEDIO",2,IF(O31="ALTO",6,IF(O31="MUY ALTO",10,))))) -> 0 | Q31: ESPORADICO | R31: =IF(Q31="","",IF(Q31="Esporadica",1,IF(Q31="Ocasional",2,IF(Q31="Frecuente",3,IF(Q31="Continua",4,))))) -> 0 | S31: =IF(P31="","",IF(P31=0,0,IF(P31>=1,+P31*R31))) -> 0 | T31: Bajo | U31: LEVE | V31: =IF(U31="","",IF(U31="Leve",10,IF(U31="Grave",25,IF(U31="Muy Grave",60,IF(U31="Mortal o catastrófico",100,))))) -> 10 | W31: =IF(V31="","",IF(V31=0,"",IF(V31>=1,+V31*S31,))) -> 0 | X31: =IF(W31="","",IF(W31<=20,"Mantener las medidas de control existentes",IF(W31<=120,"Mejorar si es posible justificar la intervención y su rentabilidad.",IF(W31<=500,"Corregir y adoptar medidas de control de inmediato si NR es igual o mayor a 360 debe suspender las actividades",IF(W31<=4000,"Situación crítica Suspender actividades hasta que el riesgo sea controlado",))))) -> Mantener las medidas de control existentes | Y31: =IF(W31="","",IF(W31<=20,"IV",IF(W31<=120,"III",IF(W31<=500,"II",IF(W31<=4000,"I",))))) -> IV | Z31: =IF(Y31="","",IF(Y31="I","No Aceptable",IF(Y31="II","Prioritario",IF(Y31="III","Mejorable",IF(Y31="IV","Aceptable",))))) -> Aceptable | AA31: 1 | AD31: Enfermedad | AE31: si | AF31: N.A | AG31: N.A | AH31: Desinfeccion de Area y vehiculos con aspersores con agua y amonio cuentenario de 5o generacion. | AI31: Realizar Protocolos para prevencion de contagio del COVID 19 en jornada laboral. Capacitacion en prevencion y mitigacion del covid 19 generadas por el gobierno nacional. Higiene de manos al ingresar a laborar y durante la jornada cada dos o tres horas o cada que se requiera . Impemenatcion de sistema de verificacion de listas de personas que han tenido contacto los trabajadores. | AJ31: Tapabocas,guantes G40
E32: SI | F32: FENÓMENOS NATURALES | H32: RIESGO POR FENOMENOS NATURALES COMO: Tormentas Electricas, Vendavales, Sismo, Terremoto, Incendio. | I32: NO | J32: Salud- Daño extremo | K32: POLITRAUMATISMOS, LESIONES SEVERAS, ALTERACIONES NERVIOSAS | L32: N.A | M32: PLAN DE EMERGENCIAS | N32: N.A | O32: BAJO | P32: =IF(O32="","",IF(O32="BAJO",0,IF(O32="MEDIO",2,IF(O32="ALTO",6,IF(O32="MUY ALTO",10,))))) -> 0 | Q32: ESPORADICO | R32: =IF(Q32="","",IF(Q32="Esporadica",1,IF(Q32="Ocasional",2,IF(Q32="Frecuente",3,IF(Q32="Continua",4,))))) -> 0 | S32: =IF(P32="","",IF(P32=0,0,IF(P32>=1,+P32*R32))) -> 0 | T32: Bajo | U32: LEVE | V32: =IF(U32="","",IF(U32="Leve",10,IF(U32="Grave",25,IF(U32="Muy Grave",60,IF(U32="Mortal o catastrófico",100,))))) -> 10 | W32: =IF(V32="","",IF(V32=0,"",IF(V32>=1,+V32*S32,))) -> 0 | X32: =IF(W32="","",IF(W32<=20,"Mantener las medidas de control existentes",IF(W32<=120,"Mejorar si es posible justificar la intervención y su rentabilidad.",IF(W32<=500,"Corregir y adoptar medidas de control de inmediato si NR es igual o mayor a 360 debe suspender las actividades",IF(W32<=4000,"Situación crítica Suspender actividades hasta que el riesgo sea controlado",))))) -> Mantener las medidas de control existentes | Y32: =IF(W32="","",IF(W32<=20,"IV",IF(W32<=120,"III",IF(W32<=500,"II",IF(W32<=4000,"I",))))) -> IV | Z32: =IF(Y32="","",IF(Y32="I","No Aceptable",IF(Y32="II","Prioritario",IF(Y32="III","Mejorable",IF(Y32="IV","Aceptable",))))) -> Aceptable | AA32: 1 | AD32: LESIONES MULTIPLES | AE32: SI | AF32: NA | AG32: NA | AH32: N.A | AI32: REALIZAR LAS PRACTICAS (Simulacros) ANUAL DE EVACUACION, PRIMEROS AUXILIOS Y MANTENER DESPEJADAS AREAS DE CIRCULACION PARA RESPONDER DE MANERA EFECTIVA A UNA EVACUACION EN CASO DE EMERGENCIA | AJ32: N.A
E33: NO | F33: CONDICIONES DE SEGURIDAD | H33: SE PRESENTA EXPOSICION A RIESGO DE TRANSITO EN RAZON A SU LABOR DE CONDUCTOR, ATRACOS, ACCIDENTES DE TRANSITO | I33: NO | J33: Salud- Daño Moderado | K33: CHOQUES, LESIONES FISICAS, POLITRAUMATISMOS, MUERTE | L33: N.A | M33: N.A | N33: N.A | O33: MEDIO | P33: =IF(O33="","",IF(O33="BAJO",0,IF(O33="MEDIO",2,IF(O33="ALTO",6,IF(O33="MUY ALTO",10,))))) -> 2 | Q33: FRECUENTE | R33: =IF(Q33="","",IF(Q33="Esporadica",1,IF(Q33="Ocasional",2,IF(Q33="Frecuente",3,IF(Q33="Continua",4,))))) -> 3 | S33: =IF(P33="","",IF(P33=0,0,IF(P33>=1,+P33*R33))) -> 6 | T33: Medio | U33: LEVE | V33: =IF(U33="","",IF(U33="Leve",10,IF(U33="Grave",25,IF(U33="Muy Grave",60,IF(U33="Mortal o catastrófico",100,))))) -> 10 | W33: =IF(V33="","",IF(V33=0,"",IF(V33>=1,+V33*S33,))) -> 60 | X33: =IF(W33="","",IF(W33<=20,"Mantener las medidas de control existentes",IF(W33<=120,"Mejorar si es posible justificar la intervención y su rentabilidad.",IF(W33<=500,"Corregir y adoptar medidas de control de inmediato si NR es igual o mayor a 360 debe suspender las actividades",IF(W33<=4000,"Situación crítica Suspender actividades hasta que el riesgo sea controlado",))))) -> Mejorar si es posible justificar la intervención y su rentabilidad. | Y33: =IF(W33="","",IF(W33<=20,"IV",IF(W33<=120,"III",IF(W33<=500,"II",IF(W33<=4000,"I",))))) -> III | Z33: =IF(Y33="","",IF(Y33="I","No Aceptable",IF(Y33="II","Prioritario",IF(Y33="III","Mejorable",IF(Y33="IV","Aceptable",))))) -> Mejorable | AA33: 1 | AD33: DAÑOS SEVEROS CON COMPROMISO DE COLUMNA Y MEDULA | AE33: SI | AF33: N.A | AG33: N.A | AH33: N.A | AI33: SOCIALIZAR NORMAS DE SEGURIDAD PARA RIESGO DE TRANSITO CON ENFASIS EN CONDUCTORES | AJ33: N.A
E34: NO | F34: CONDICIONES DE SEGURIDAD | H34: ATENTADO DE ORDEN PÚBLICO/SECUESTRO/ESTORCIÓN | I34: NO | J34: Salud- Daño Moderado | K34: AGRESIONES FISICAS O VERBALES, HERIDAS, LESIONES MULTIPLES, PERDIDAS, MUERTE | L34: N.A | M34: N.A | N34: N.A | O34: MEDIO | P34: =IF(O34="","",IF(O34="BAJO",0,IF(O34="MEDIO",2,IF(O34="ALTO",6,IF(O34="MUY ALTO",10,))))) -> 2 | Q34: FRECUENTE | R34: =IF(Q34="","",IF(Q34="Esporadica",1,IF(Q34="Ocasional",2,IF(Q34="Frecuente",3,IF(Q34="Continua",4,))))) -> 3 | S34: =IF(P34="","",IF(P34=0,0,IF(P34>=1,+P34*R34))) -> 6 | T34: Medio | U34: LEVE | V34: =IF(U34="","",IF(U34="Leve",10,IF(U34="Grave",25,IF(U34="Muy Grave",60,IF(U34="Mortal o catastrófico",100,))))) -> 10 | W34: =IF(V34="","",IF(V34=0,"",IF(V34>=1,+V34*S34,))) -> 60 | X34: =IF(W34="","",IF(W34<=20,"Mantener las medidas de control existentes",IF(W34<=120,"Mejorar si es posible justificar la intervención y su rentabilidad.",IF(W34<=500,"Corregir y adoptar medidas de control de inmediato si NR es igual o mayor a 360 debe suspender las actividades",IF(W34<=4000,"Situación crítica Suspender actividades hasta que el riesgo sea controlado",))))) -> Mejorar si es posible justificar la intervención y su rentabilidad. | Y34: =IF(W34="","",IF(W34<=20,"IV",IF(W34<=120,"III",IF(W34<=500,"II",IF(W34<=4000,"I",))))) -> III | Z34: =IF(Y34="","",IF(Y34="I","No Aceptable",IF(Y34="II","Prioritario",IF(Y34="III","Mejorable",IF(Y34="IV","Aceptable",))))) -> Mejorable | AA34: 1 | AD34: TRAUMAS MULTIPLES EN DIFERENTES PARTES DEL CUERPO/DAÑOS SEVEROS | AE34: SI | AF34: N.A | AG34: N.A | AH34: N.A | AI34: BRINDAR FORMACION EN TIPOS DE MANEJO DEFENSIVO "Que hacer en caso de atraco: Antes, Durante y Despues" | AJ34: N.A
P35: =IF(O35="","",IF(O35="BAJO",0,IF(O35="MEDIO",2,IF(O35="ALTO",6,IF(O35="MUY ALTO",10,))))) | R35: =IF(Q35="","",IF(Q35="Esporadica",1,IF(Q35="Ocasional",2,IF(Q35="Frecuente",3,IF(Q35="Continua",4,))))) | S35: =IF(P35="","",IF(P35=0,0,IF(P35>=1,+P35*R35))) | V35: =IF(U35="","",IF(U35="Leve",10,IF(U35="Grave",25,IF(U35="Muy Grave",60,IF(U35="Mortal o catastrófico",100,))))) | W35: =IF(V35="","",IF(V35=0,"",IF(V35>=1,+V35*S35,))) | X35: =IF(W35="","",IF(W35<=20,"Mantener las medidas de control existentes",IF(W35<=120,"Mejorar si es posible justificar la intervención y su rentabilidad.",IF(W35<=500,"Corregir y adoptar medidas de control de inmediato si NR es igual o mayor a 360 debe suspender las actividades",IF(W35<=4000,"Situación crítica Suspender actividades hasta que el riesgo sea controlado",))))) | Y35: =IF(W35="","",IF(W35<=20,"IV",IF(W35<=120,"III",IF(W35<=500,"II",IF(W35<=4000,"I",)))))
P36: =IF(O36="","",IF(O36="BAJO",0,IF(O36="MEDIO",2,IF(O36="ALTO",6,IF(O36="MUY ALTO",10,)))))
E37: SI | F37: =LISTA_PELIGROS!A2 -> FISICO | G37: FISICO | I37: Ruido | J37: Salud- Daño leve | K37: Muy alto | L37: Continua | M37: Mortal o catastrófico | N37: SI | O37: 6 | P37: =IF(O37="","",IF(O37="BAJO",0,IF(O37="MEDIO",2,IF(O37="ALTO",6,IF(O37="MUY ALTO",10,))))) -> 0
E38: NO | F38: =LISTA_PELIGROS!A3 -> Físico: Ruido Continuo | G38: QUIMICO | I38: Iluminación | J38: Salud- Daño Moderado | K38: Alto | L38: Frecuente | M38: Muy Grave | N38: NO | O38: 2 | P38: =IF(O38="","",IF(O38="BAJO",0,IF(O38="MEDIO",2,IF(O38="ALTO",6,IF(O38="MUY ALTO",10,))))) -> 0
F39: =LISTA_PELIGROS!A4 -> Físico: Ruido de Impacto | G39: BIOLÓGICO | I39: Vibraciones | J39: Salud- Daño extremo | K39: Medio | L39: Esporádica | M39: Grave | O39: No se le asigna valor | P39: =IF(O39="","",IF(O39="BAJO",0,IF(O39="MEDIO",2,IF(O39="ALTO",6,IF(O39="MUY ALTO",10,))))) -> 0
F40: =LISTA_PELIGROS!A5 -> Físico: Ruido de Intermitente | G40: BIOMECÀNICOS | I40: Radiación Ionizante | J40: Seguridad- Daño leve | K40: Bajo | L40: Ocasional | M40: Leve | P40: =IF(O40="","",IF(O40="BAJO",0,IF(O40="MEDIO",2,IF(O40="ALTO",6,IF(O40="MUY ALTO",10,)))))
F41: =LISTA_PELIGROS!A6 -> Físico:Vibraciones | G41: PSICOLABORAL | I41: Radiación NO Ionizante | J41: Seguridad- Daño Moderado | P41: =IF(O41="","",IF(O41="BAJO",0,IF(O41="MEDIO",2,IF(O41="ALTO",6,IF(O41="MUY ALTO",10,)))))
F42: =LISTA_PELIGROS!A7 -> Físico:Presiones anormales | G42: CONDICIONES DE SEGURIDAD | I42: Temperaturas Extremas | J42: Seguridad- Daño Extremo | P42: =IF(O42="","",IF(O42="BAJO",0,IF(O42="MEDIO",2,IF(O42="ALTO",6,IF(O42="MUY ALTO",10,)))))
F43: =LISTA_PELIGROS!A8 -> Físico:Radiaciones ionizantes rayos X | G43: FENÓMENOS NATURALES | I43: Presión atmosférica | P43: =IF(O43="","",IF(O43="BAJO",0,IF(O43="MEDIO",2,IF(O43="ALTO",6,IF(O43="MUY ALTO",10,)))))
F44: =LISTA_PELIGROS!A9 -> Físico:Radiaciones ionizantes rayos gama | I44: ___________________ | P44: =IF(O44="","",IF(O44="BAJO",0,IF(O44="MEDIO",2,IF(O44="ALTO",6,IF(O44="MUY ALTO",10,)))))
F45: =LISTA_PELIGROS!A10 -> Físico:Radiaciones ionizantes alfa y neutrones | I45: Virus | P45: =IF(O45="","",IF(O45="BAJO",0,IF(O45="MEDIO",2,IF(O45="ALTO",6,IF(O45="MUY ALTO",10,)))))
F46: =LISTA_PELIGROS!A11 -> Físico: Radiaciones no ionizantes (radiación UV) | I46: Bacterias | P46: =IF(O46="","",IF(O46="BAJO",0,IF(O46="MEDIO",2,IF(O46="ALTO",6,IF(O46="MUY ALTO",10,)))))
F47: =LISTA_PELIGROS!A12 -> Físico: Radiaciones no ionizantes ( infrarroja) | I47: Hongos | P47: =IF(O47="","",IF(O47="BAJO",0,IF(O47="MEDIO",2,IF(O47="ALTO",6,IF(O47="MUY ALTO",10,)))))
F48: =LISTA_PELIGROS!A13 -> Físico: Radiaciones no ionizantes (Microondas y radiofrecuencia) | I48: Parásitos | P48: =IF(O48="","",IF(O48="BAJO",0,IF(O48="MEDIO",2,IF(O48="ALTO",6,IF(O48="MUY ALTO",10,)))))
F49: =LISTA_PELIGROS!A14 -> Físico:Calor | I49: Ricketsias | P49: =IF(O49="","",IF(O49="BAJO",0,IF(O49="MEDIO",2,IF(O49="ALTO",6,IF(O49="MUY ALTO",10,)))))
F50: =LISTA_PELIGROS!A15 -> Físico: Frío | I50: Picaduras | P50: =IF(O50="","",IF(O50="BAJO",0,IF(O50="MEDIO",2,IF(O50="ALTO",6,IF(O50="MUY ALTO",10,)))))
F51: =LISTA_PELIGROS!A16 -> Físico: Iluminación deficiente | I51: Mordeduras | P51: =IF(O51="","",IF(O51="BAJO",0,IF(O51="MEDIO",2,IF(O51="ALTO",6,IF(O51="MUY ALTO",10,)))))
F52: =LISTA_PELIGROS!A18 -> Físico: Iluminación en exceso | I52: Fluidos o excrementos | P52: =IF(O52="","",IF(O52="BAJO",0,IF(O52="MEDIO",2,IF(O52="ALTO",6,IF(O52="MUY ALTO",10,)))))
F53: =LISTA_PELIGROS!A19 -> QUIMICO | I53: ______________________ | P53: =IF(O53="","",IF(O53="BAJO",0,IF(O53="MEDIO",2,IF(O53="ALTO",6,IF(O53="MUY ALTO",10,)))))
F54: =LISTA_PELIGROS!A20 -> Químico: Gases y/o vapores | I54: Polvos | P54: =IF(O54="","",IF(O54="BAJO",0,IF(O54="MEDIO",2,IF(O54="ALTO",6,IF(O54="MUY ALTO",10,)))))
F55: =LISTA_PELIGROS!A21 -> Químico: Nieblas | I55: Gases y/o Vapores | P55: =IF(O55="","",IF(O55="BAJO",0,IF(O55="MEDIO",2,IF(O55="ALTO",6,IF(O55="MUY ALTO",10,)))))
F56: =LISTA_PELIGROS!A22 -> Químico: Humos | I56: Líquidos | P56: =IF(O56="","",IF(O56="BAJO",0,IF(O56="MEDIO",2,IF(O56="ALTO",6,IF(O56="MUY ALTO",10,)))))
F57: =LISTA_PELIGROS!A23 -> Químico: Rocíos | I57: Fibras | P57: =IF(O57="","",IF(O57="BAJO",0,IF(O57="MEDIO",2,IF(O57="ALTO",6,IF(O57="MUY ALTO",10,)))))
F58: =LISTA_PELIGROS!A24 -> Químico: Líquidos | I58: Material particulado | P58: =IF(O58="","",IF(O58="BAJO",0,IF(O58="MEDIO",2,IF(O58="ALTO",6,IF(O58="MUY ALTO",10,)))))
F59: =LISTA_PELIGROS!A25 -> Químico: Fibras | I59: Humos | P59: =IF(O59="","",IF(O59="BAJO",0,IF(O59="MEDIO",2,IF(O59="ALTO",6,IF(O59="MUY ALTO",10,)))))
F60: =LISTA_PELIGROS!A26 -> Químico: Material Particulado | I60: Nieblas | P60: =IF(O60="","",IF(O60="BAJO",0,IF(O60="MEDIO",2,IF(O60="ALTO",6,IF(O60="MUY ALTO",10,)))))
F61: =LISTA_PELIGROS!A27 -> Químico: Polvos Organicos | I61: _________________________ | P61: =IF(O61="","",IF(O61="BAJO",0,IF(O61="MEDIO",2,IF(O61="ALTO",6,IF(O61="MUY ALTO",10,)))))
F62: =LISTA_PELIGROS!A28 -> Químico: Polvos Inorganicos | I62: Mecánico | P62: =IF(O62="","",IF(O62="BAJO",0,IF(O62="MEDIO",2,IF(O62="ALTO",6,IF(O62="MUY ALTO",10,)))))
F63: =LISTA_PELIGROS!A29 -> CONDICIONES DE SEGURIDAD | I63: Eléctrico | P63: =IF(O63="","",IF(O63="BAJO",0,IF(O63="MEDIO",2,IF(O63="ALTO",6,IF(O63="MUY ALTO",10,)))))
... F82: =LISTA_PELIGROS!A48 -> Cond. de Seg.- Tecnologico: Incendio | I82: Jornadas de trabajo | P82: =IF(O82="","",IF(O82="BAJO",0,IF(O82="MEDIO",2,IF(O82="ALTO",6,IF(O82="MUY ALTO",10,)))))
F83: =LISTA_PELIGROS!A50 -> Cond. de Seg.- Tecnologico: Fugas y/o derrames | I83: Factores psico laborales combinados | P83: =IF(O83="","",IF(O83="BAJO",0,IF(O83="MEDIO",2,IF(O83="ALTO",6,IF(O83="MUY ALTO",10,)))))
F84: =LISTA_PELIGROS!A51 -> Cond. de Seg.- Accidentes de Transito. | I84: ___________________________ | P84: =IF(O84="","",IF(O84="BAJO",0,IF(O84="MEDIO",2,IF(O84="ALTO",6,IF(O84="MUY ALTO",10,)))))
F85: =LISTA_PELIGROS!A52 -> Cond. de Seg.- Publicos: Robos | I85: Descargas atmosféricas | P85: =IF(O85="","",IF(O85="BAJO",0,IF(O85="MEDIO",2,IF(O85="ALTO",6,IF(O85="MUY ALTO",10,)))))
F86: =LISTA_PELIGROS!A53 -> Cond. de Seg.- Publicos: Atracos / Asaltos | I86: Sismos / Terremotos | P86: =IF(O86="","",IF(O86="BAJO",0,IF(O86="MEDIO",2,IF(O86="ALTO",6,IF(O86="MUY ALTO",10,)))))
F87: =LISTA_PELIGROS!A54 -> Cond. de Seg.- Publicos: Atentados de orden publico. | I87: Vendaval | P87: =IF(O87="","",IF(O87="BAJO",0,IF(O87="MEDIO",2,IF(O87="ALTO",6,IF(O87="MUY ALTO",10,)))))
F88: =LISTA_PELIGROS!A55 -> Cond. de Seg.- Publicos: Secuestro / extorsión | I88: Inundación | P88: =IF(O88="","",IF(O88="BAJO",0,IF(O88="MEDIO",2,IF(O88="ALTO",6,IF(O88="MUY ALTO",10,)))))
F89: =LISTA_PELIGROS!A56 -> Cond. de Seg.- Trabajo en Alturas | I89: Derrumbe / Colapso de estructuras | P89: =IF(O89="","",IF(O89="BAJO",0,IF(O89="MEDIO",2,IF(O89="ALTO",6,IF(O89="MUY ALTO",10,)))))
F90: =LISTA_PELIGROS!A57 -> Cond. de Seg.- Trabajo en Espacios Confinados | I90: Precipitaciones | P90: =IF(O90="","",IF(O90="BAJO",0,IF(O90="MEDIO",2,IF(O90="ALTO",6,IF(O90="MUY ALTO",10,)))))
F91: =LISTA_PELIGROS!A58 -> Cond. de Seg.- Trabajo en Excavaciones Profundas | I91: Huracanes | P91: =IF(O91="","",IF(O91="BAJO",0,IF(O91="MEDIO",2,IF(O91="ALTO",6,IF(O91="MUY ALTO",10,)))))
F92: =LISTA_PELIGROS!A59 -> FENOMENOS NATURALES | I92: Maremotos | P92: =IF(O92="","",IF(O92="BAJO",0,IF(O92="MEDIO",2,IF(O92="ALTO",6,IF(O92="MUY ALTO",10,)))))
F93: =LISTA_PELIGROS!A60 -> Fenomenos Naturales: Sismos | P93: =IF(O93="","",IF(O93="BAJO",0,IF(O93="MEDIO",2,IF(O93="ALTO",6,IF(O93="MUY ALTO",10,)))))
F94: =LISTA_PELIGROS!A61 -> Fenomenos Naturales: Terremotos | P94: =IF(O94="","",IF(O94="BAJO",0,IF(O94="MEDIO",2,IF(O94="ALTO",6,IF(O94="MUY ALTO",10,)))))
F95: =LISTA_PELIGROS!A62 -> Fenomenos Naturales: Vendaval | P95: =IF(O95="","",IF(O95="BAJO",0,IF(O95="MEDIO",2,IF(O95="ALTO",6,IF(O95="MUY ALTO",10,)))))
F96: =LISTA_PELIGROS!A63 -> Fenomenos Naturales: Inundación | P96: =IF(O96="","",IF(O96="BAJO",0,IF(O96="MEDIO",2,IF(O96="ALTO",6,IF(O96="MUY ALTO",10,)))))
F97: =LISTA_PELIGROS!A64 -> Fenomenos Naturales: Derrumbe | P97: =IF(O97="","",IF(O97="BAJO",0,IF(O97="MEDIO",2,IF(O97="ALTO",6,IF(O97="MUY ALTO",10,)))))
F98: =LISTA_PELIGROS!A65 -> Fenomenos Naturales: Precipitaciones Lluvias y granizadas | P98: =IF(O98="","",IF(O98="BAJO",0,IF(O98="MEDIO",2,IF(O98="ALTO",6,IF(O98="MUY ALTO",10,)))))
F99: =LISTA_PELIGROS!A66 -> Fenomenos Naturales: Descargas Electricas (Rayos) | P99: =IF(O99="","",IF(O99="BAJO",0,IF(O99="MEDIO",2,IF(O99="ALTO",6,IF(O99="MUY ALTO",10,)))))
F100: =LISTA_PELIGROS!A67 -> Fenomenos Naturales: Erupción Volcanica | P100: =IF(O100="","",IF(O100="BAJO",0,IF(O100="MEDIO",2,IF(O100="ALTO",6,IF(O100="MUY ALTO",10,)))))
F101: =LISTA_PELIGROS!A68 -> Fenomenos Naturales: Maremoto | P101: =IF(O101="","",IF(O101="BAJO",0,IF(O101="MEDIO",2,IF(O101="ALTO",6,IF(O101="MUY ALTO",10,)))))
F102: =LISTA_PELIGROS!A69 -> Fenomenos Naturales: Huracanes | P102: =IF(O102="","",IF(O102="BAJO",0,IF(O102="MEDIO",2,IF(O102="ALTO",6,IF(O102="MUY ALTO",10,)))))
F103: =LISTA_PELIGROS!A70 -> BIOLÓGICOS | P103: =IF(O103="","",IF(O103="BAJO",0,IF(O103="MEDIO",2,IF(O103="ALTO",6,IF(O103="MUY ALTO",10,)))))
F104: =LISTA_PELIGROS!A71 -> Biológico: Virus y Bacterias | P104: =IF(O104="","",IF(O104="BAJO",0,IF(O104="MEDIO",2,IF(O104="ALTO",6,IF(O104="MUY ALTO",10,)))))
F105: =LISTA_PELIGROS!A73 -> Biológico: Bacterias | P105: =IF(O105="","",IF(O105="BAJO",0,IF(O105="MEDIO",2,IF(O105="ALTO",6,IF(O105="MUY ALTO",10,)))))
F106: =LISTA_PELIGROS!A74 -> Biológico: Hongos | P106: =IF(O106="","",IF(O106="BAJO",0,IF(O106="MEDIO",2,IF(O106="ALTO",6,IF(O106="MUY ALTO",10,)))))
F107: =LISTA_PELIGROS!A75 -> Biológico: Ricketsias | P107: =IF(O107="","",IF(O107="BAJO",0,IF(O107="MEDIO",2,IF(O107="ALTO",6,IF(O107="MUY ALTO",10,)))))
F108: =LISTA_PELIGROS!A76 -> Biológico: Parasitos | P108: =IF(O108="","",IF(O108="BAJO",0,IF(O108="MEDIO",2,IF(O108="ALTO",6,IF(O108="MUY ALTO",10,)))))
F109: =LISTA_PELIGROS!A77 -> Biológico: Picaduras | P109: =IF(O109="","",IF(O109="BAJO",0,IF(O109="MEDIO",2,IF(O109="ALTO",6,IF(O109="MUY ALTO",10,)))))
F110: =LISTA_PELIGROS!A78 -> Biológico: Mordeduras | P110: =IF(O110="","",IF(O110="BAJO",0,IF(O110="MEDIO",2,IF(O110="ALTO",6,IF(O110="MUY ALTO",10,)))))
F111: =LISTA_PELIGROS!A79 -> Biológico: Fluidos y/o Excrementos | P111: =IF(O111="","",IF(O111="BAJO",0,IF(O111="MEDIO",2,IF(O111="ALTO",6,IF(O111="MUY ALTO",10,)))))
F112: =LISTA_PELIGROS!A80 -> BIOMECANICOS | P112: =IF(O112="","",IF(O112="BAJO",0,IF(O112="MEDIO",2,IF(O112="ALTO",6,IF(O112="MUY ALTO",10,)))))
F113: =LISTA_PELIGROS!A81 -> Biomecanico: Postura Prolongada de pie | P113: =IF(O113="","",IF(O113="BAJO",0,IF(O113="MEDIO",2,IF(O113="ALTO",6,IF(O113="MUY ALTO",10,)))))
F114: =LISTA_PELIGROS!A83 -> Biomecanico: Postura Mantenida | P114: =IF(O114="","",IF(O114="BAJO",0,IF(O114="MEDIO",2,IF(O114="ALTO",6,IF(O114="MUY ALTO",10,)))))
F115: =LISTA_PELIGROS!A84 -> Biomecanico: Postura Forzada | P115: =IF(O115="","",IF(O115="BAJO",0,IF(O115="MEDIO",2,IF(O115="ALTO",6,IF(O115="MUY ALTO",10,)))))
F116: =LISTA_PELIGROS!A85 -> Biomecanico: Postura Antigravitacional | P116: =IF(O116="","",IF(O116="BAJO",0,IF(O116="MEDIO",2,IF(O116="ALTO",6,IF(O116="MUY ALTO",10,)))))
F117: =LISTA_PELIGROS!A86 -> Biomecanico: Esfuerzo | P117: =IF(O117="","",IF(O117="BAJO",0,IF(O117="MEDIO",2,IF(O117="ALTO",6,IF(O117="MUY ALTO",10,)))))
F118: =LISTA_PELIGROS!A87 -> Biomecanico: Movimientos Repetitivos | P118: =IF(O118="","",IF(O118="BAJO",0,IF(O118="MEDIO",2,IF(O118="ALTO",6,IF(O118="MUY ALTO",10,)))))
...

Sheet IDENTIFICACIÓN DE PELIGROS 
A1: CLASIFICACION
B2: BIOLOGICO | C2: FISICO | D2: QUIMICO | E2: PSICOSOCIAL | F2: BIOMECANICO | G2: CONDICIONES DE SEGURIDAD | H2: FENOMENOS NATURALES
A3: DESCRIPCION | B3: Virus | C3: Ruido de: Impacto Intermitente continuo | D3: Polvos Organicos Inorganicos | E3: Gestión organizacional (estilo de mando, pago contratación, participación, inducción y capacitación, bienestar social, evaluación de desempeño, manejo de cambios). | F3: Postura prolongada, mantenida, forzada, antigravitacional | G3: Mecanico(elementos opartes de maquinas, herramientas, equipos piezas a trabajar, materiales proyectados sólidos o fluidos) | H3: Sismo
B4: bacterias | C4: Iluminación de: Luz visible por execeso Deficiencia | D4: Fibras | E4: Caracterista de la organización de trabajo (comunicación, tecnologia,organización del trabajo, demandas cualitativas y cuantitativas de la labor. | F4: Esfuerzo | G4: Electricos (Alta y baja tensión) | H4: Terremotos
B5: Hongos | C5: Vibración de: Cuerpo entero Segmentaria | D5: Liquidos nieblas rocios | E5: Condiciones de la tarea ( Carga mental, conenido de la tarea, demandas emocionales, sistemas de control, definicion de roles, monotonía, etc). | F5: Movimineots repetitivos | G5: Locativo (sistemas de medios de alamacenamiento), superficies de trabajo( irregulares, delizantes, con diferencia de nivel), condiciones de orden y aseo (Caida de objetos) | H5: Vendaval
B6: Ricketsias | C6: Temperaturas extremas: Calor Frio | D6: Gases y vapores | E6: Interfase persona - tarea (conocimiento han¡bilidades en relación con la demanda de la tarea, iniciativa, autonomía y reconocimiento, identificación de la persona con lapersona y la organización). | F6: Manipulación manual de cargas | G6: Tecnologico (explosión,fuga derrame e incendio) | H6: Inundación
B7: Parásitos | C7: Presión atmosferica normal ajustada | D7: Humos metalicos no metalicos | E7: Jornadas de trabajo , (pausas, trabajo nocturno, rotación, horas extras, descansos). | G7: Accidentes de transito | H7: Derrumbe
B8: Picaduras | C8: Radiaciones Ionizantes Rayos x Gama Beta Alfa | D8: Material particulado | G8: Públicos ( robos, atracos, asaltos, atentados de orden púbico, etc. | H8: Precipitaciones lluvias, granizadas, heladas)
B9: Mordeduras | C9: Radiaciones No Ionizantes láser ultravioleta infrarroja radiofrecuencia microondas | G9: Trabajo en alturas
B10: Fluidos o Excremento | G10: Espacios confinados

Sheet Hoja2
G1: MATRIZ DE IDENTIFICACION DE PELIGROS VALORACION Y CONTROLES | AI1: Codigo Formato: SG-RG-031 | AL1: Versión 1.0 31 ENERO 2018 | AN1: Revisión
AI2: Version: 2.
AI3: Vigente : 15/03/2018
A4: CENTRO DE TRABAJO: | F4: LOS COCHES SEDE LA VILLA AVDA 30 DE AGOSTO CON CLL 94 ESQUINA | K4: RESPONSABLE: CARMENZA SEGURA | T4: FECHA ACTUALIZACION: ABRIL DE 2018 | AH4: Codigo Matriz | AI4: SG-MT-00 V. 0 dd-mm-aaaa
A5: INFORMACION DEL PROCESO | F5: ACTIVIDAD | G5: 5. Peligro | K5: 6. Efectos Posibles | M5: 7. Controles existentes | P5: 8. Evaluación del Riesgo Inherente | AA5: 9 Valoración del riesgo | AB5: 10. Criterios para establecer controles | AG5: 11. Medidas de intervención | AL5: 12.Plan de acción | AO5: 13. Evaluación del Riesgo Residual | AZ5: 14 Valoración del riesgo Residual
A6: 1. CARGO(S) ASOCIADOS | B6: 1. CARGOS | C6: 2. AREA | D6: 3. ZONA / LUGAR | E6: 4. DESCRIPCION DE LA(S) ACTIVIDAD(ES) | F6: 4.1. Tipo de Actividad Rutinaria | G6: 5.a. Clasificación | H6: 5. b. subclasificación | I6: 5.b. Descripción | J6: Se han generado AT/EL? | K6: 6.a. Clase | L6: 6.b. Descripción | M6: 7.a. Fuente | N6: 7.b. Medio | O6: 7.c. Individuo | P6: 8.a. Nivel de deficiencia ND | Q6: 8.b. Nivel de deficiencia ND Valor | R6: 8.c. Nivel de Exposición NE | S6: 8.d. Nivel de Exposición NE Valor | T6: 8.e.Nivel de probabilidad (ND X NE) | U6: 8.f. Interpretación del nivel de probabilidad | V6: 8.g. Nivel de consecuencia | W6: 8.h. Nivel de consecuencia Valor | X6: 8.i. Nivel de riesgo (NR=NPXNC) | Y6: 8.j. Interpretación del NR | Z6: 8.i. Nivel de Riesgo. | AA6: Aceptabilidad del riesgo | AB6: 10.a. No. Expuestos Trabajadores Directos | AC6: 10.b. No. Expuestos Contratistas | AD6: 10.c. No. Expuestos Visitantes | AE6: 10.d. Peor consecuencia | AF6: 10.e. Existencia de requisito legal aplicable Relacione | AG6: 11.a. Eliminación | AH6: 11.b. Sustitución | AI6: 11.c. Controles de ingeniería | AJ6: 11.d. controles administrativos Señalización / advertencia / | AK6: 11.e. Equipo de protección personal | AL6: 12.a. Responsable | AN6: 12.b. Fecha de Verificación de Plan de Acción | AO6: 13.a. Nivel de deficiencia ND | AP6: 13.b. Nivel de deficiencia ND Valor | AQ6: 13.c. Nivel de Exposición NE | AR6: 13.d. Nivel de Exposición NE Valor | AS6: 13.e.Nivel de probabilidad (ND X NE) | AT6: 13.f. Interpretación del nivel de probabilidad | AU6: 13.g. Nivel de consecuencia | AV6: 14.h. Nivel de consecuencia Valor | AW6: 13.i. Nivel de riesgo (NR=NPXNC) | AX6: 13.j. Interpretación del NR | AY6: 13.i. Nivel de Riesgo. | AZ6: Aceptabilidad del riesgo Residual | BN6: PELIGRO
B7: CONTRATISTAS DE MANTENIMIENTO | D7: AREAS ADMINISTRATIVAS Y OPERATIVAS DE LOS COCHES | E7: MANTENIMIENTO EN CUBIERTAS, LIMPIEZA DE TECHOS, CAMBIO DE LUMINARIAS, CAMBIO DE AVISOS | G7: BIOMECÀNICOS | I7: ADOPCION DE POSTURAS ANTIGRAVITACIONALES COMO ENCORVADO, AGACHADO, EN CUCLILLAS, FLEXIONADO, DE RODILLAS, CON ESTIRAMIENTO DE EXTERMIDADES POR ENCIMA DEL HOMBRO ETC | J7: NO | K7: Salud- Daño leve | L7: LUMBALGIAS, TENSION MUSCULAR, DESGARROS, DOLORES DE ESPALDA Y CINTURA ETC | M7: N.A | N7: N.A | O7: N.A | P7: MEDIO | Q7: =IF(P7="","",IF(P7="BAJO",0,IF(P7="MEDIO",2,IF(P7="ALTO",6,IF(P7="MUY ALTO",10,))))) -> 2 | R7: FRECUENTE
G8: BIOMECÀNICOS | I8: MANIPULACION MANUAL DE OBJETOS, MATERIALES, INSUMOS PESADOS | J8: NO | K8: Salud- Daño leve | L8: TENSION MUSCULAR, DOLOR DE ESPALDA Y CINTURA, CANSANCIO, DESGARROS | M8: N.A | N8: AYUDAS MECANICAS COMO: BUGGUIS, SE ALQUILAN ROTOMARTILLOS, DEMOLEDORES | O8: N.A | P8: MEDIO | Q8: =IF(P8="","",IF(P8="BAJO",0,IF(P8="MEDIO",2,IF(P8="ALTO",6,IF(P8="MUY ALTO",10,))))) -> 2 | R8: OCASIONAL
G9: PSICOLABORAL | I9: RESPONSABILIDAD DE LA LABOR, ACTIVIDAD QUE REQUIERE CONCENTRACION, TRABAJO DE PRESICION | J9: NO | K9: Salud- Daño leve | L9: CEFALEA, ALTERACIONES EMOCIONALES, IRRITABILIDAD, ANSIEDAD, ALTERACIONES GASTROINTESTINALES | M9: N.A | N9: N.A | O9: ACTIVIDADES DE INTEGRACION, RECREACION O CULTURA | P9: 2
G10: FISICO | I10: EXPOSICION AL RUIDO GENERADO CUANDO SE MANIPULAN EQUIPOS O HERRAMIENTAS COMO EL ROTOMARTILLO, DEMOLEDOR, TALADRO, PULIDORA, ACTIVIDADES DE MARTILLEO ETC | J10: NO | K10: Salud- Daño leve | L10: GENERANDO MOLESTIAS Y/O ALTERACIONES AUDITIVAS, CEFALEA, FATIGA | M10: N.A | N10: N.A | O10: USO DE EPP: Proteccion Auditiva de insercion | P10: 2
G11: FISICO | I11: EXPOSICION A LA VIBRACION CUANDO SE MANIPULAN HERRAMIENTAS COMO EQUIPOS O HERRAMIENTAS COMO EL ROTOMARTILLO, DEMOLEDOR, TALADRO, PULIDORA, ACTIVIDADES DE MARTILLEO | J11: NO | K11: Salud- Daño leve | L11: FATIGA MUSCULAR, TENDINITIS, TUNEL DEL CARPO | M11: MANTENIMIENTO PREVENTIVO A HERRAMIENTAS Y/O EQUIPOS | N11: N.A | O11: N.A | P11: 2
G12: FISICO | I12: EXPOSICION A RADIACIONES UV POR DESARROLLO DE LABORES A LA INTEMPERIE | J12: NO | K12: Salud- Daño leve | L12: CEFALEA, FOTOENVEJECIMIENTO, ENROJECIMIENTO DE LA PIEL, SUDORACION, CANSANCIO | M12: N.A | N12: N.A | O12: HIDRATACION PERSONALIZADA | P12: 2
G13: QUIMICO | I13: INTOLERANCIA A MATERIAL PARTICULADO POR LA MANIPULACION DE CEMENTO, MANIPULACION DE PINTURAS Y PRODUCTOS COMO: ACIDO NITRICO PARA LIMPIAR Y DESMANCHAR PISOS, THINNER, VARSOL | J13: NO | K13: Salud- Daño leve | L13: IRRITACION, QUEMADURAS, ALERGIAS, AFECCIONES RESPIRATORIAS, LESIONES EN LA PIEL SI NO SON MANIPULADOS CORRECTAMENTE | M13: PRODUCTOS TRASVASADOS CON ETIQUETA DE IDENTIFICACION | N13: BOTIQUIN DE PRIMEROS AUXILIOS | O13: USO DE EPP: Proteccion Respiratoria, Gafas de Seguridad | P13: 2
G14: CONDICIONES DE SEGURIDAD | I14: LABORES A LA INTEMPERIE DONDE SE PRESENTA EXPOSICION DE CABLEADO DE ALTA TENSION; LABORES DE INSTALACION DE CONEXIONES ELECTRICAS INTERNAS EN A LAS OBRAS | J14: SI | K14: Salud- Daño extremo | L14: CORTOS CIRCUITOS, DAÑOS A LA PROPIEDAD, CONTACTOS ELECTRICOS ACCIDENTALES | M14: N.A | N14: SEÑALIZACION PARA RIESGO ELECTRICO (Tableros o tomas electricos) | O14: N.A | P14: 6
F15: SI | G15: CONDICIONES DE SEGURIDAD | I15: MANIPULACION DE MAQUINAS, EQUIPOS, HERRAMIENTAS COMO: TALADROS, PULIDORAS, HERRAMIENTAS MANUALES | J15: SI | K15: Salud- Daño Moderado | L15: TRAUMATISMOS, LESIONES, LACERACIONES, HERIDAS, GOLPES, MACHUCONES, ATRAPAMIENTOS | M15: HERRAMIENTAS CON CUBIERTAS Y MANGOS | N15: CAJA PARA HERRAMIENTAS | O15: USO DE EPP: Guantes de Hilaza, Carnaza, Botas de seguridad industrial, Casco | P15: 6 | Q15: =IF(P15="","",IF(P15="BAJO",0,IF(P15="MEDIO",2,IF(P15="ALTO",6,IF(P15="MUY ALTO",10,))))) -> 0 | R15: CONTINUA | S15: =IF(R15="","",IF(R15="Esporadica",1,IF(R15="Ocasional",2,IF(R15="Frecuente",3,IF(R15="Continua",4,))))) -> 4 | T15: =IF(Q15="","",IF(Q15=0,0,IF(Q15>=1,+Q15*S15))) -> 0 | U15: =IF(T15="","",IF(T15<=4,"Bajo",IF(T15<=8,"Medio",IF(T15<=20,"Alto",IF(T15<=40,"Muy Alto"))))) -> Bajo | V15: GRAVE | W15: =IF(V15="","",IF(V15="Leve",10,IF(V15="Grave",25,IF(V15="Muy Grave",60,IF(V15="Mortal o catastrófico",100,))))) -> 25 | X15: =IF(W15="","",IF(W15=0,"",IF(W15>=1,+W15*T15,))) -> 0 | Y15: =IF(X15="","",IF(X15<=20,"Mantener las medidas de control existentes",IF(X15<=120,"Mejorar si es posible justificar la intervención y su rentabilidad.",IF(X15<=500,"Corregir y adoptar medidas de control de inmediato si NR es igual o mayor a 360 debe suspender las actividades",IF(X15<=4000,"Situación crítica Suspender actividades hasta que el riesgo sea controlado",))))) -> Mantener las medidas de control existentes | Z15: =IF(X15="","",IF(X15<=20,"IV",IF(X15<=120,"III",IF(X15<=500,"II",IF(X15<=4000,"I",))))) -> IV | AA15: =IF(Z15="","",IF(Z15="I","No Aceptable",IF(Z15="II","Prioritario",IF(Z15="III","Mejorable",IF(Z15="IV","Aceptable",))))) -> Aceptable | AB15: 1 | AE15: TUNEL CARPIANO | AF15: SI | AG15: N.A | AH15: N.A | AI15: REALIZAR INSPECCIONES DE ACUERDO A PROGRAMACION DE COPASST PARA VERIFICAR NECESIDADES DE CAMBIO Y/O MANTENIMIENTO DE MOBILIARIO DE OFICINAS | AJ15: BRINDAR FORMACION Y/O RETROALIMENTACION AL PERSONAL EN RIESGO BIOMECANICO CON ENFASIS EN: Higiene Postural Frente a Videoterminales | AK15: N.A
F16: SI | G16: CONDICIONES DE SEGURIDAD | I16: DESPLAZAMIENTO POR TERRENOS Y SUPERFICIES IRREGULARES, CON ONDULACIONES, HUECOS, FISURAS, DESNIVELES, ESCALERAS | J16: NO | K16: Salud- Daño Moderado | L16: LESIONES, ESGUINCES, TORCEDURAS, LUXCIONES, GOLPES POR O CONTRA POR CAUA DE CAIDAS, TROPEZONES, FALTA U ALTERACION EN EL ORDEN Y EL ASEO DENTRO DE LA OBRA | M16: N.A | N16: SEÑALIZACION DE PREVENCION, OBLIGATORIEDAD Y ADVERTENCIA | O16: USO DE EPP: Guantes de Hilaza, Carnaza, Botas de seguridad industrial, Casco, Proteccion Auditiva y Respiratoria | P16: 2 | Q16: =IF(P16="","",IF(P16="BAJO",0,IF(P16="MEDIO",2,IF(P16="ALTO",6,IF(P16="MUY ALTO",10,))))) -> 0 | R16: CONTINUA | S16: =IF(R16="","",IF(R16="Esporadica",1,IF(R16="Ocasional",2,IF(R16="Frecuente",3,IF(R16="Continua",4,))))) -> 4 | T16: =IF(Q16="","",IF(Q16=0,0,IF(Q16>=1,+Q16*S16))) -> 0 | U16: Medio | V16: LEVE | W16: =IF(V16="","",IF(V16="Leve",10,IF(V16="Grave",25,IF(V16="Muy Grave",60,IF(V16="Mortal o catastrófico",100,))))) -> 10 | X16: =IF(W16="","",IF(W16=0,"",IF(W16>=1,+W16*T16,))) -> 0 | Y16: =IF(X16="","",IF(X16<=20,"Mantener las medidas de control existentes",IF(X16<=120,"Mejorar si es posible justificar la intervención y su rentabilidad.",IF(X16<=500,"Corregir y adoptar medidas de control de inmediato si NR es igual o mayor a 360 debe suspender las actividades",IF(X16<=4000,"Situación crítica Suspender actividades hasta que el riesgo sea controlado",))))) -> Mantener las medidas de control existentes | Z16: =IF(X16="","",IF(X16<=20,"IV",IF(X16<=120,"III",IF(X16<=500,"II",IF(X16<=4000,"I",))))) -> IV | AA16: =IF(Z16="","",IF(Z16="I","No Aceptable",IF(Z16="II","Prioritario",IF(Z16="III","Mejorable",IF(Z16="IV","Aceptable",))))) -> Aceptable | AB16: 1 | AE16: SINDROME DE FATIGA VISUAL CORPORAL POR COPUTADOR | AF16: SI | AG16: N.A | AH16: N.A | AI16: GRADUAR BRILLO, ALTURA, REALIZAR LIMPIEZA FRECUENTE DE PANTALLA | AJ16: BRINDAR FORMACION AL PERSONAL EN RIESGO FISICO CON ENFASIS EN SALUD VISUAL Y PAUSAS ACTIVAS VISUALES | AK16: N.A
F17: SI | G17: CONDICIONES DE SEGURIDAD | I17: LABORES DE REPARACION Y CONSTRUCCION DE CUBIERTAS A MAS DE 1.50 METROS | J17: NO | K17: Salud- Daño extremo | L17: CAIDAS CON TRAUMATISMOS, LESIONES SEVERAS DE COLUMNA VERTEBRAL, FRACTURAS, GOLPES ETC | M17: N.A | N17: N.A | O17: PERSONAL CERTIFICADO Y ENTRENADO PARA TRABAJO EN ALTURAS, USO DE EQUIPOS CONTRA CAIDAS COMO: Arnes, Eslingas, Lineas de Vida | P17: 2 | Q17: =IF(P17="","",IF(P17="BAJO",0,IF(P17="MEDIO",2,IF(P17="ALTO",6,IF(P17="MUY ALTO",10,))))) -> 0 | R17: FRECUENTE | S17: =IF(R17="","",IF(R17="Esporadica",1,IF(R17="Ocasional",2,IF(R17="Frecuente",3,IF(R17="Continua",4,))))) -> 3 | T17: =IF(Q17="","",IF(Q17=0,0,IF(Q17>=1,+Q17*S17))) -> 0 | U17: =IF(T17="","",IF(T17<=4,"Bajo",IF(T17<=8,"Medio",IF(T17<=20,"Alto",IF(T17<=40,"Muy Alto"))))) -> Bajo | V17: LEVE | W17: =IF(V17="","",IF(V17="Leve",10,IF(V17="Grave",25,IF(V17="Muy Grave",60,IF(V17="Mortal o catastrófico",100,))))) -> 10 | X17: =IF(W17="","",IF(W17=0,"",IF(W17>=1,+W17*T17,))) -> 0 | Y17: =IF(X17="","",IF(X17<=20,"Mantener las medidas de control existentes",IF(X17<=120,"Mejorar si es posible justificar la intervención y su rentabilidad.",IF(X17<=500,"Corregir y adoptar medidas de control de inmediato si NR es igual o mayor a 360 debe suspender las actividades",IF(X17<=4000,"Situación crítica Suspender actividades hasta que el riesgo sea controlado",))))) -> Mantener las medidas de control existentes | Z17: =IF(X17="","",IF(X17<=20,"IV",IF(X17<=120,"III",IF(X17<=500,"II",IF(X17<=4000,"I",))))) -> IV | AA17: =IF(Z17="","",IF(Z17="I","No Aceptable",IF(Z17="II","Prioritario",IF(Z17="III","Mejorable",IF(Z17="IV","Aceptable",))))) -> Aceptable | AB17: 1 | AE17: ESTRÉS LABORAL | AF17: SI | AG17: N.A | AH17: N.A | AI17: N.A | AJ17: VERIFICAR CON RESULTADOS DE APLICACIÓN DE BATERIAS SI SE REQUIERE INTERVENCION PARA RIESGO PSICOSOCIAL: CONTINUAR CON ACTIVIDADES DE INTEGRACION, RECREACION, DEPORTE Y/O CULTURA; BRINDAR FORMACION LUDICA AL PERSONAL EN MANEJO DEL ESTRÉS, LIDERAZGO, RELACIONES INTERPERSONALES Y COMUNICACION ASERTIVA | AK17: N.A
B18: GERENTE | D18: GERENCIA COMERCIAL | E18: RESPONDER POR LAS VENTAS DE VEHICULOS DE LA SEDE PEREIRA (VEHICULOS NUEVOS Y USADOS), SE DEBE DESPLAZAR A VISITAR CLIENTES, EMPRESAS, CENTROS COMERCIALES, ACOMAÑAMIENTO A SUS VENDEDORES, PRESENTAR INDICADORES, CAPACITACIONES, METAS DE VENTAS | F18: SI | G18: PSICOLABORAL | I18: CONCENTRACION, ALTA RESPONSABILIDAD DE LA LABOR, CUMPLIMIENTO DE OBJETIVOS Y ACTIVIDADES, RENDICION DE CUENTAS | J18: NO | K18: Salud- Daño extremo | L18: CANSANCIO, CEFALEA, ALTERACIONES Y/O MOLESTIAS GASTROINTESTINALES, AGOTAMIENTO | M18: N.A | N18: N.A | O18: ACTIVIDADES DEPORTIVAS, RECREATIVAS Y CULTURALES | P18: MEDIO | Q18: =IF(P18="","",IF(P18="BAJO",0,IF(P18="MEDIO",2,IF(P18="ALTO",6,IF(P18="MUY ALTO",10,))))) -> 2 | R18: FRECUENTE | S18: =IF(R18="","",IF(R18="Esporadica",1,IF(R18="Ocasional",2,IF(R18="Frecuente",3,IF(R18="Continua",4,))))) -> 3 | T18: =IF(Q18="","",IF(Q18=0,0,IF(Q18>=1,+Q18*S18))) -> 6 | U18: =IF(T18="","",IF(T18<=4,"Bajo",IF(T18<=8,"Medio",IF(T18<=20,"Alto",IF(T18<=40,"Muy Alto"))))) -> Medio | V18: GRAVE | W18: =IF(V18="","",IF(V18="Leve",10,IF(V18="Grave",25,IF(V18="Muy Grave",60,IF(V18="Mortal o catastrófico",100,))))) -> 25 | X18: =IF(W18="","",IF(W18=0,"",IF(W18>=1,+W18*T18,))) -> 150 | Y18: =IF(X18="","",IF(X18<=20,"Mantener las medidas de control existentes",IF(X18<=120,"Mejorar si es posible justificar la intervención y su rentabilidad.",IF(X18<=500,"Corregir y adoptar medidas de control de inmediato si NR es igual o mayor a 360 debe suspender las actividades",IF(X18<=4000,"Situación crítica Suspender actividades hasta que el riesgo sea controlado",))))) -> Corregir y adoptar medidas de control de inmediato si NR es igual o mayor a 360 debe suspender las actividades | Z18: =IF(X18="","",IF(X18<=20,"IV",IF(X18<=120,"III",IF(X18<=500,"II",IF(X18<=4000,"I",))))) -> II | AA18: =IF(Z18="","",IF(Z18="I","No Aceptable",IF(Z18="II","Prioritario",IF(Z18="III","Mejorable",IF(Z18="IV","Aceptable",))))) -> Prioritario | AB18: 1 | AE18: ESTRÉS LABORAL | AF18: SI | AG18: N.A | AH18: N.A | AI18: N.A | AJ18: VERIFICAR CON RESULTADOS DE APLICACIÓN DE BATERIAS SI SE REQUIERE INTERVENCION PARA RIESGO PSICOSOCIAL: A PERSONAL DE ALTO RIESGO, CONTINUAR CON ACTIVIDADES DE INTEGRACION, RECREACION, DEPORTE Y/O CULTURA; BRINDAR FORMACION LUDICA AL PERSONAL EN MANEJO DEL ESTRÉS, LIDERAZGO, RELACIONES INTERPERSONALES Y COMUNICACION ASERTIVA | AK18: N.A
F19: SI | G19: BIOMECÀNICOS | I19: POSTURA SEDENTE PROLONGADA PARA EL DESARROLLO DE ACTIVIDADES ADMINISTRATIVAS, MOVIMIENTOS REPETITIVOS POR DIGITACION | J19: NO | K19: Salud- Daño Moderado | L19: DAÑOS Y/O LESIONES A NIVEL OSTEOMUSCULAR, DOLORES LUMBARES | M19: ARMONIA EN LA UBICACIÓN DE VIDEOTERMINAL, ELEMENTOS DE OFICINA Y SILLA | N19: N.A | O19: SE REALIZAN PAUSAS ACTIVAS EN EL INTER EDIO DE LA JORNADA LABORAL | P19: MEDIO | Q19: =IF(P19="","",IF(P19="BAJO",0,IF(P19="MEDIO",2,IF(P19="ALTO",6,IF(P19="MUY ALTO",10,))))) -> 2 | R19: FRECUENTE | S19: =IF(R19="","",IF(R19="Esporadica",1,IF(R19="Ocasional",2,IF(R19="Frecuente",3,IF(R19="Continua",4,))))) -> 3 | T19: =IF(Q19="","",IF(Q19=0,0,IF(Q19>=1,+Q19*S19))) -> 6 | U19: =IF(T19="","",IF(T19<=4,"Bajo",IF(T19<=8,"Medio",IF(T19<=20,"Alto",IF(T19<=40,"Muy Alto"))))) -> Medio | V19: LEVE | W19: =IF(V19="","",IF(V19="Leve",10,IF(V19="Grave",25,IF(V19="Muy Grave",60,IF(V19="Mortal o catastrófico",100,))))) -> 10 | X19: =IF(W19="","",IF(W19=0,"",IF(W19>=1,+W19*T19,))) -> 60 | Y19: =IF(X19="","",IF(X19<=20,"Mantener las medidas de control existentes",IF(X19<=120,"Mejorar si es posible justificar la intervención y su rentabilidad.",IF(X19<=500,"Corregir y adoptar medidas de control de inmediato si NR es igual o mayor a 360 debe suspender las actividades",IF(X19<=4000,"Situación crítica Suspender actividades hasta que el riesgo sea controlado",))))) -> Mejorar si es posible justificar la intervención y su rentabilidad. | Z19: =IF(X19="","",IF(X19<=20,"IV",IF(X19<=120,"III",IF(X19<=500,"II",IF(X19<=4000,"I",))))) -> III | AA19: =IF(Z19="","",IF(Z19="I","No Aceptable",IF(Z19="II","Prioritario",IF(Z19="III","Mejorable",IF(Z19="IV","Aceptable",))))) -> Mejorable | AB19: 1 | AE19: LESIONES OSTEOMUSCULARES | AF19: SI | AG19: N.A | AH19: N.A | AI19: REALIZAR INSPECCIONES DE ACUERDO A PROGRAMACION DE COPASST PARA VERIFICAR NECESIDADES DE CAMBIO Y/O MANTENIMIENTO DE MOBILIARIO DE OFICINAS | AJ19: BRINDAR FORMACION Y/O RETROALIMENTACION AL PERSONAL EN RIESGO BIOMECANICO CON ENFASIS EN: Higiene Postural e importancia de las Pausas Activas | AK19: N.A
F20: SI | G20: CONDICIONES DE SEGURIDAD | I20: ACCESO AL AREA DE TRABAJO POR ESCALAS | J20: NO | K20: Salud- Daño Moderado | L20: TROPEZONES, GOLPES, ESGUINCES, LUXACIONES, TORCEDURAS, HEMATOMAS | M20: ESCALAS CON PASAMANOS, LETRERO DE PISO MOJADO | N20: SEÑALIZACION PARA ESCALAS | O20: N.A | P20: BAJO | Q20: =IF(P20="","",IF(P20="BAJO",0,IF(P20="MEDIO",2,IF(P20="ALTO",6,IF(P20="MUY ALTO",10,))))) -> 0 | R20: FRECUENTE | S20: =IF(R20="","",IF(R20="Esporadica",1,IF(R20="Ocasional",2,IF(R20="Frecuente",3,IF(R20="Continua",4,))))) -> 3 | T20: =IF(Q20="","",IF(Q20=0,0,IF(Q20>=1,+Q20*S20))) -> 0 | U20: =IF(T20="","",IF(T20<=4,"Bajo",IF(T20<=8,"Medio",IF(T20<=20,"Alto",IF(T20<=40,"Muy Alto"))))) -> Bajo | V20: GRAVE | W20: =IF(V20="","",IF(V20="Leve",10,IF(V20="Grave",25,IF(V20="Muy Grave",60,IF(V20="Mortal o catastrófico",100,))))) -> 25 | X20: =IF(W20="","",IF(W20=0,"",IF(W20>=1,+W20*T20,))) -> 0 | Y20: =IF(X20="","",IF(X20<=20,"Mantener las medidas de control existentes",IF(X20<=120,"Mejorar si es posible justificar la intervención y su rentabilidad.",IF(X20<=500,"Corregir y adoptar medidas de control de inmediato si NR es igual o mayor a 360 debe suspender las actividades",IF(X20<=4000,"Situación crítica Suspender actividades hasta que el riesgo sea controlado",))))) -> Mantener las medidas de control existentes | Z20: =IF(X20="","",IF(X20<=20,"IV",IF(X20<=120,"III",IF(X20<=500,"II",IF(X20<=4000,"I",))))) -> IV | AA20: =IF(Z20="","",IF(Z20="I","No Aceptable",IF(Z20="II","Prioritario",IF(Z20="III","Mejorable",IF(Z20="IV","Aceptable",))))) -> Aceptable | AB20: 1 | AE20: FRACTURA DE HUESOS LARGOS | AF20: SI | AG20: N.A | AH20: N.A | AI20: N.A | AJ20: BRINDAR FORMACION AL PERSONAL EXPUESTO EN RIESGO LOCATIVO CON ENFASIS EN "Prevencion de Caidas a un mismo y a diferente Nivel" ADECUAR SEÑALIZACION SOBRE "Peligro de Caida o Camine No corra" | AK20: N.A
F21: NO | G21: CONDICIONES DE SEGURIDAD | I21: RIESGO MECANICO POR MANIPULACION DE HERRAMIENTAS MANUALES DE OFICINA (Ganchos, sacaganchos, bisturi, cosedora, perforadora, borde de hojas de `papel, tijeras etc) | J21: NO | K21: Salud- Daño leve | L21: TROPEZONES, GOLPES, ESGUINCES, LUXACIONES, TORCEDURAS, HEMATOMAS | M21: ESCRITORIOS CON CAJONEROS | N21: N.A | O21: N.A | P21: BAJO | Q21: =IF(P21="","",IF(P21="BAJO",0,IF(P21="MEDIO",2,IF(P21="ALTO",6,IF(P21="MUY ALTO",10,))))) -> 0 | R21: OCASIONAL | S21: =IF(R21="","",IF(R21="Esporadica",1,IF(R21="Ocasional",2,IF(R21="Frecuente",3,IF(R21="Continua",4,))))) -> 2 | T21: =IF(Q21="","",IF(Q21=0,0,IF(Q21>=1,+Q21*S21))) -> 0 | U21: =IF(T21="","",IF(T21<=4,"Bajo",IF(T21<=8,"Medio",IF(T21<=20,"Alto",IF(T21<=40,"Muy Alto"))))) -> Bajo | V21: LEVE | W21: =IF(V21="","",IF(V21="Leve",10,IF(V21="Grave",25,IF(V21="Muy Grave",60,IF(V21="Mortal o catastrófico",100,))))) -> 10 | X21: =IF(W21="","",IF(W21=0,"",IF(W21>=1,+W21*T21,))) -> 0 | Y21: =IF(X21="","",IF(X21<=20,"Mantener las medidas de control existentes",IF(X21<=120,"Mejorar si es posible justificar la intervención y su rentabilidad.",IF(X21<=500,"Corregir y adoptar medidas de control de inmediato si NR es igual o mayor a 360 debe suspender las actividades",IF(X21<=4000,"Situación crítica Suspender actividades hasta que el riesgo sea controlado",))))) -> Mantener las medidas de control existentes | Z21: =IF(X21="","",IF(X21<=20,"IV",IF(X21<=120,"III",IF(X21<=500,"II",IF(X21<=4000,"I",))))) -> IV | AA21: =IF(Z21="","",IF(Z21="I","No Aceptable",IF(Z21="II","Prioritario",IF(Z21="III","Mejorable",IF(Z21="IV","Aceptable",))))) -> Aceptable | AB21: 1 | AE21: LESIONES/HERIDAS EN MANOS | AF21: SI | AG21: NA | AH21: NA | AI21: N.A | AJ21: DISEÑAR, PUBLICAR Y BRINDAR FORMACION AL PERSONAL EN RIESGO MECANICO CON ENFASIS EN: Normas de Seguridad para Oficinas | AK21: N.A
F22: NO | G22: CONDICIONES DE SEGURIDAD | I22: SE PRESENTA EXPOSICION A RIESGO DE TRANSITO EN RAZON AL DESPLAZAMIENTO VISITAR CLIENTES, EMPRESAS, CENTROS COMERCIALES | J22: NO | K22: Salud- Daño Moderado | L22: ATROPELLAMIENTOS, CHOQUES, LESIONES FISICAS, POLITRAUMATISMOS | M22: N.A | N22: N.A | O22: N.A | P22: MEDIO | Q22: =IF(P22="","",IF(P22="BAJO",0,IF(P22="MEDIO",2,IF(P22="ALTO",6,IF(P22="MUY ALTO",10,))))) -> 2 | R22: FRECUENTE | S22: =IF(R22="","",IF(R22="Esporadica",1,IF(R22="Ocasional",2,IF(R22="Frecuente",3,IF(R22="Continua",4,))))) -> 3 | T22: =IF(Q22="","",IF(Q22=0,0,IF(Q22>=1,+Q22*S22))) -> 6 | U22: Medio | V22: GRAVE | W22: =IF(V22="","",IF(V22="Leve",10,IF(V22="Grave",25,IF(V22="Muy Grave",60,IF(V22="Mortal o catastrófico",100,))))) -> 25 | X22: =IF(W22="","",IF(W22=0,"",IF(W22>=1,+W22*T22,))) -> 150 | Y22: =IF(X22="","",IF(X22<=20,"Mantener las medidas de control existentes",IF(X22<=120,"Mejorar si es posible justificar la intervención y su rentabilidad.",IF(X22<=500,"Corregir y adoptar medidas de control de inmediato si NR es igual o mayor a 360 debe suspender las actividades",IF(X22<=4000,"Situación crítica Suspender actividades hasta que el riesgo sea controlado",))))) -> Corregir y adoptar medidas de control de inmediato si NR es igual o mayor a 360 debe suspender las actividades | Z22: =IF(X22="","",IF(X22<=20,"IV",IF(X22<=120,"III",IF(X22<=500,"II",IF(X22<=4000,"I",))))) -> II | AA22: =IF(Z22="","",IF(Z22="I","No Aceptable",IF(Z22="II","Prioritario",IF(Z22="III","Mejorable",IF(Z22="IV","Aceptable",))))) -> Prioritario | AB22: 1 | AE22: DAÑOS SEVEROS CON COMPROMISO DE COLUMNA Y MEDULA | AF22: SI | AG22: N.A | AH22: N.A | AI22: N.A | AJ22: DISEÑAR Y SOCIALIZAR NORMAS DE SEGURIDAD PARA RIESGO DE TRANSITO CON ENFASIS EN PEATONES / CONDUCTORES | AK22: N.A
F23: NO | G23: CONDICIONES DE SEGURIDAD | I23: SE PRESENTA EXPOSICION A RIESGO PUBLICO EN RAZON AL DESPLAZAMIENTO VISITAR CLIENTES, EMPRESAS, CENTROS COMERCIALES | J23: NO | K23: Salud- Daño Moderado | L23: AGRESIONES FISICAS O VERBALES, HERIDAS, LESIONES MULTIPLES, PERDIDAS | M23: N.A | N23: N.A | O23: N.A | P23: MEDIO | Q23: =IF(P23="","",IF(P23="BAJO",0,IF(P23="MEDIO",2,IF(P23="ALTO",6,IF(P23="MUY ALTO",10,))))) -> 2 | R23: FRECUENTE | S23: =IF(R23="","",IF(R23="Esporadica",1,IF(R23="Ocasional",2,IF(R23="Frecuente",3,IF(R23="Continua",4,))))) -> 3 | T23: =IF(Q23="","",IF(Q23=0,0,IF(Q23>=1,+Q23*S23))) -> 6 | U23: Medio | V23: GRAVE | W23: =IF(V23="","",IF(V23="Leve",10,IF(V23="Grave",25,IF(V23="Muy Grave",60,IF(V23="Mortal o catastrófico",100,))))) -> 25 | X23: =IF(W23="","",IF(W23=0,"",IF(W23>=1,+W23*T23,))) -> 150 | Y23: =IF(X23="","",IF(X23<=20,"Mantener las medidas de control existentes",IF(X23<=120,"Mejorar si es posible justificar la intervención y su rentabilidad.",IF(X23<=500,"Corregir y adoptar medidas de control de inmediato si NR es igual o mayor a 360 debe suspender las actividades",IF(X23<=4000,"Situación crítica Suspender actividades hasta que el riesgo sea controlado",))))) -> Corregir y adoptar medidas de control de inmediato si NR es igual o mayor a 360 debe suspender las actividades | Z23: =IF(X23="","",IF(X23<=20,"IV",IF(X23<=120,"III",IF(X23<=500,"II",IF(X23<=4000,"I",))))) -> II | AA23: =IF(Z23="","",IF(Z23="I","No Aceptable",IF(Z23="II","Prioritario",IF(Z23="III","Mejorable",IF(Z23="IV","Aceptable",))))) -> Prioritario | AB23: 1 | AE23: TRAUMAS MULTIPLES EN DIFERENTES PARTES DEL CUERPO | AF23: SI | AG23: N.A | AH23: N.A | AI23: N.A | AJ23: BRINDAR FORMACION EN TIPS DE MANEJO DEFENSIVO "Que hacer en caso de atraco: Antes, Durante y Despues" | AK23: N.A
B24: ASISTENTE DE VENTAS | D24: RECEPCION - VENTAS | E24: ENCARGADA DE ARCHIVO, ATENCION TELEFONICA, MATRICULAR LOS VEHICULOS, PAPELERIA DE TRANSITO DE LOS VEHICULOS, CAJA MENOR | F24: SI | G24: BIOMECÀNICOS | I24: ADOPCION DE POSTURAS PROLONGADAS ANTIGRAVITACIONALES, PARA EL DESARROLLO DE ACTIVIDADES ADMINISTRATIVAS, MOVIMIENTOS REPETITIVOS POR DIGITACION | J24: NO | K24: Salud- Daño Moderado | L24: DAÑOS Y/O LESIONES A NIVEL OSTEOMUSCULAR, DOLORES LUMBARES | M24: N.A | N24: N.A | O24: SE REALIZAN PAUSAS ACTIVAS EN EL INTER EDIO DE LA JORNADA LABORAL | P24: MEDIO | Q24: =IF(P24="","",IF(P24="BAJO",0,IF(P24="MEDIO",2,IF(P24="ALTO",6,IF(P24="MUY ALTO",10,))))) -> 2 | R24: FRECUENTE | S24: =IF(R24="","",IF(R24="Esporadica",1,IF(R24="Ocasional",2,IF(R24="Frecuente",3,IF(R24="Continua",4,))))) -> 3 | T24: =IF(Q24="","",IF(Q24=0,0,IF(Q24>=1,+Q24*S24))) -> 6 | U24: =IF(T24="","",IF(T24<=4,"Bajo",IF(T24<=8,"Medio",IF(T24<=20,"Alto",IF(T24<=40,"Muy Alto"))))) -> Medio | V24: GRAVE | W24: =IF(V24="","",IF(V24="Leve",10,IF(V24="Grave",25,IF(V24="Muy Grave",60,IF(V24="Mortal o catastrófico",100,))))) -> 25 | X24: =IF(W24="","",IF(W24=0,"",IF(W24>=1,+W24*T24,))) -> 150 | Y24: =IF(X24="","",IF(X24<=20,"Mantener las medidas de control existentes",IF(X24<=120,"Mejorar si es posible justificar la intervención y su rentabilidad.",IF(X24<=500,"Corregir y adoptar medidas de control de inmediato si NR es igual o mayor a 360 debe suspender las actividades",IF(X24<=4000,"Situación crítica Suspender actividades hasta que el riesgo sea controlado",))))) -> Corregir y adoptar medidas de control de inmediato si NR es igual o mayor a 360 debe suspender las actividades | Z24: =IF(X24="","",IF(X24<=20,"IV",IF(X24<=120,"III",IF(X24<=500,"II",IF(X24<=4000,"I",))))) -> II | AA24: =IF(Z24="","",IF(Z24="I","No Aceptable",IF(Z24="II","Prioritario",IF(Z24="III","Mejorable",IF(Z24="IV","Aceptable",))))) -> Prioritario | AB24: 1 | AE24: LESIONES OSTEOMUSCULARES | AF24: SI | AG24: N.A | AH24: N.A | AI24: REALIZAR INSPECCIONES DE ACUERDO A PROGRAMACION DE COPASST PARA VERIFICAR NECESIDADES DE CAMBIO Y/O MANTENIMIENTO DE MOBILIARIO DE OFICINAS | AJ24: BRINDAR FORMACION Y/O RETROALIMENTACION AL PERSONAL EN RIESGO BIOMECANICO CON ENFASIS EN: Higiene Postural Frente a Videoterminales | AK24: N.A
F25: SI | G25: FISICO | I25: LABOR FRENTE A VIDEOTERMINAL QUE IMPLICA EXPOSICION A RADIACIONES IONIZANTES, ADEMAS DE LA CARGA ELECTROSTATICA EN LA SUPERFICIE DE LOS MISMOS | J25: NO | K25: Salud- Daño leve | L25: SOBREESFUERZO VISUAL CANSANCIO, CEFALEA, ENROJECIMIENTO, FATIGA, RESEQUEDAD, LAGRIMEO | M25: VIDEOTERMINAL CON PANTALLA ANTIREFLEJO | N25: N.A | O25: N.A | P25: MEDIO | Q25: =IF(P25="","",IF(P25="BAJO",0,IF(P25="MEDIO",2,IF(P25="ALTO",6,IF(P25="MUY ALTO",10,))))) -> 2 | R25: FRECUENTE | S25: =IF(R25="","",IF(R25="Esporadica",1,IF(R25="Ocasional",2,IF(R25="Frecuente",3,IF(R25="Continua",4,))))) -> 3 | T25: =IF(Q25="","",IF(Q25=0,0,IF(Q25>=1,+Q25*S25))) -> 6 | U25: Medio | V25: LEVE | W25: =IF(V25="","",IF(V25="Leve",10,IF(V25="Grave",25,IF(V25="Muy Grave",60,IF(V25="Mortal o catastrófico",100,))))) -> 10 | X25: =IF(W25="","",IF(W25=0,"",IF(W25>=1,+W25*T25,))) -> 60 | Y25: =IF(X25="","",IF(X25<=20,"Mantener las medidas de control existentes",IF(X25<=120,"Mejorar si es posible justificar la intervención y su rentabilidad.",IF(X25<=500,"Corregir y adoptar medidas de control de inmediato si NR es igual o mayor a 360 debe suspender las actividades",IF(X25<=4000,"Situación crítica Suspender actividades hasta que el riesgo sea controlado",))))) -> Mejorar si es posible justificar la intervención y su rentabilidad. | Z25: =IF(X25="","",IF(X25<=20,"IV",IF(X25<=120,"III",IF(X25<=500,"II",IF(X25<=4000,"I",))))) -> III | AA25: =IF(Z25="","",IF(Z25="I","No Aceptable",IF(Z25="II","Prioritario",IF(Z25="III","Mejorable",IF(Z25="IV","Aceptable",))))) -> Mejorable | AB25: 1 | AE25: SINDROME DE FATIGA VISUAL CORPORAL POR COMPUTADOR | AF25: SI | AG25: N.A | AH25: N.A | AI25: GRADUAR BRILLO, ALTURA, REALIZAR LIMPIEZA FRECUENTE DE PANTALLA | AJ25: BRINDAR FORMACION AL PERSONAL EN RIESGO FISICO CON ENFASIS EN SALUD VISUAL Y PAUSAS ACTIVAS VISUALES | AK25: N.A
F26: SI | G26: PSICOLABORAL | I26: CONCENTRACION, RESPONSABILIDADV DE LA LABOR, MANEJO DE DINERO, ELABORACION DE INFORMES | J26: NO | K26: Salud- Daño Moderado | L26: CANSANCIO, CEFALEA, ALTERACIONES Y/O MOLESTIAS GASTROINTESTINALES, AGOTAMIENTO | M26: N.A | N26: N.A | O26: ACTIVIDADES DEPORTIVAS, RECREATIVAS Y CULTURALES | P26: MEDIO | Q26: =IF(P26="","",IF(P26="BAJO",0,IF(P26="MEDIO",2,IF(P26="ALTO",6,IF(P26="MUY ALTO",10,))))) -> 2 | R26: FRECUENTE | S26: =IF(R26="","",IF(R26="Esporadica",1,IF(R26="Ocasional",2,IF(R26="Frecuente",3,IF(R26="Continua",4,))))) -> 3 | T26: =IF(Q26="","",IF(Q26=0,0,IF(Q26>=1,+Q26*S26))) -> 6 | U26: =IF(T26="","",IF(T26<=4,"Bajo",IF(T26<=8,"Medio",IF(T26<=20,"Alto",IF(T26<=40,"Muy Alto"))))) -> Medio | V26: LEVE | W26: =IF(V26="","",IF(V26="Leve",10,IF(V26="Grave",25,IF(V26="Muy Grave",60,IF(V26="Mortal o catastrófico",100,))))) -> 10 | X26: =IF(W26="","",IF(W26=0,"",IF(W26>=1,+W26*T26,))) -> 60 | Y26: =IF(X26="","",IF(X26<=20,"Mantener las medidas de control existentes",IF(X26<=120,"Mejorar si es posible justificar la intervención y su rentabilidad.",IF(X26<=500,"Corregir y adoptar medidas de control de inmediato si NR es igual o mayor a 360 debe suspender las actividades",IF(X26<=4000,"Situación crítica Suspender actividades hasta que el riesgo sea controlado",))))) -> Mejorar si es posible justificar la intervención y su rentabilidad. | Z26: =IF(X26="","",IF(X26<=20,"IV",IF(X26<=120,"III",IF(X26<=500,"II",IF(X26<=4000,"I",))))) -> III | AA26: =IF(Z26="","",IF(Z26="I","No Aceptable",IF(Z26="II","Prioritario",IF(Z26="III","Mejorable",IF(Z26="IV","Aceptable",))))) -> Mejorable | AB26: 1 | AE26: ESTRÉS LABORAL | AF26: SI | AG26: N.A | AH26: N.A | AI26: N.A | AJ26: VERIFICAR CON RESULTADOS DE APLICACIÓN DE BATERIAS SI SE REQUIERE INTERVENCION PARA RIESGO PSICOSOCIAL: CONTINUAR CON ACTIVIDADES DE INTEGRACION, RECREACION, DEPORTE Y/O CULTURA; BRINDAR FORMACION LUDICA AL PERSONAL EN MANEJO DEL ESTRÉS, LIDERAZGO, RELACIONES INTERPERSONALES Y COMUNICACION ASERTIVA | AK26: N.A
F27: SI | G27: BIOLÓGICO | I27: MANIPULACION DEL DINERO DE CAJA MENOR | J27: NO | K27: Salud- Daño leve | L27: ALERGIAS, CONTAMINACION, EXPOSCION A BACTERIAS Y MICROORGANISMOS | M27: N.A | N27: N.A | O27: N.A | P27: BAJO | Q27: =IF(P27="","",IF(P27="BAJO",0,IF(P27="MEDIO",2,IF(P27="ALTO",6,IF(P27="MUY ALTO",10,))))) -> 0 | R27: OCASIONAL | S27: =IF(R27="","",IF(R27="Esporadica",1,IF(R27="Ocasional",2,IF(R27="Frecuente",3,IF(R27="Continua",4,))))) -> 2 | T27: =IF(Q27="","",IF(Q27=0,0,IF(Q27>=1,+Q27*S27))) -> 0 | U27: =IF(T27="","",IF(T27<=4,"Bajo",IF(T27<=8,"Medio",IF(T27<=20,"Alto",IF(T27<=40,"Muy Alto"))))) -> Bajo | V27: GRAVE | W27: =IF(V27="","",IF(V27="Leve",10,IF(V27="Grave",25,IF(V27="Muy Grave",60,IF(V27="Mortal o catastrófico",100,))))) -> 25 | X27: =IF(W27="","",IF(W27=0,"",IF(W27>=1,+W27*T27,))) -> 0 | Y27: =IF(X27="","",IF(X27<=20,"Mantener las medidas de control existentes",IF(X27<=120,"Mejorar si es posible justificar la intervención y su rentabilidad.",IF(X27<=500,"Corregir y adoptar medidas de control de inmediato si NR es igual o mayor a 360 debe suspender las actividades",IF(X27<=4000,"Situación crítica Suspender actividades hasta que el riesgo sea controlado",))))) -> Mantener las medidas de control existentes | Z27: =IF(X27="","",IF(X27<=20,"IV",IF(X27<=120,"III",IF(X27<=500,"II",IF(X27<=4000,"I",))))) -> IV | AA27: =IF(Z27="","",IF(Z27="I","No Aceptable",IF(Z27="II","Prioritario",IF(Z27="III","Mejorable",IF(Z27="IV","Aceptable",))))) -> Aceptable | AB27: 1 | AE27: INFECCIONES | AF27: SI | AG27: N.A | AH27: N.A | AI27: N.A | AJ27: ADECUAR GEL ANTIBACTERIAL; DOCUMENTAR PROTOCOLO PARA LAVADO DE MANOS | AK27: N.A
F28: NO | G28: CONDICIONES DE SEGURIDAD | I28: EXPOSICION A TOMACORRIENTE SUELTO DE LA PARED (Sala de Espera) | J28: NO | K28: Salud- Daño Moderado | L28: CHOQUES ELECTRICO, CORTOS CIRCUITOS | M28: N.A | N28: N.A | O28: N.A | P28: MEDIO | Q28: =IF(P28="","",IF(P28="BAJO",0,IF(P28="MEDIO",2,IF(P28="ALTO",6,IF(P28="MUY ALTO",10,))))) -> 2 | R28: ESPORADICO | S28: =IF(R28="","",IF(R28="Esporadica",1,IF(R28="Ocasional",2,IF(R28="Frecuente",3,IF(R28="Continua",4,))))) -> 0 | T28: =IF(Q28="","",IF(Q28=0,0,IF(Q28>=1,+Q28*S28))) -> 0 | U28: Bajo | V28: GRAVE | W28: =IF(V28="","",IF(V28="Leve",10,IF(V28="Grave",25,IF(V28="Muy Grave",60,IF(V28="Mortal o catastrófico",100,))))) -> 25 | X28: =IF(W28="","",IF(W28=0,"",IF(W28>=1,+W28*T28,))) -> 0 | Y28: =IF(X28="","",IF(X28<=20,"Mantener las medidas de control existentes",IF(X28<=120,"Mejorar si es posible justificar la intervención y su rentabilidad.",IF(X28<=500,"Corregir y adoptar medidas de control de inmediato si NR es igual o mayor a 360 debe suspender las actividades",IF(X28<=4000,"Situación crítica Suspender actividades hasta que el riesgo sea controlado",))))) -> Mantener las medidas de control existentes | Z28: =IF(X28="","",IF(X28<=20,"IV",IF(X28<=120,"III",IF(X28<=500,"II",IF(X28<=4000,"I",))))) -> IV | AA28: =IF(Z28="","",IF(Z28="I","No Aceptable",IF(Z28="II","Prioritario",IF(Z28="III","Mejorable",IF(Z28="IV","Aceptable",))))) -> Aceptable | AB28: 1 | AE28: ELECTROCUCION | AF28: SI | AG28: N | AH28: N | AI28: REALIZAR LAS REPARACIONES ELECTRICAS PERTINENTES | AJ28: N.A | AK28: N.A
F29: SI | G29: FENÓMENOS NATURALES | I29: RIESGO POR FENOMENOS NATURALES COMO: Tormentas Electricas, Vendavales, Sismo, Terremoto | J29: NO | K29: Salud- Daño extremo | L29: POLITRAUMATISMOS, LESIONES SEVERAS, ALTERACIONES NERVIOSAS | M29: N.A | N29: PLAN DE EMERGENCIAS | O29: N.A | P29: MEDIO | Q29: =IF(P29="","",IF(P29="BAJO",0,IF(P29="MEDIO",2,IF(P29="ALTO",6,IF(P29="MUY ALTO",10,))))) -> 2 | R29: ESPORADICO | S29: =IF(R29="","",IF(R29="Esporadica",1,IF(R29="Ocasional",2,IF(R29="Frecuente",3,IF(R29="Continua",4,))))) -> 0 | T29: =IF(Q29="","",IF(Q29=0,0,IF(Q29>=1,+Q29*S29))) -> 0 | U29: =IF(T29="","",IF(T29<=4,"Bajo",IF(T29<=8,"Medio",IF(T29<=20,"Alto",IF(T29<=40,"Muy Alto"))))) -> Bajo | V29: MUY GRAVE | W29: =IF(V29="","",IF(V29="Leve",10,IF(V29="Grave",25,IF(V29="Muy Grave",60,IF(V29="Mortal o catastrófico",100,))))) -> 60 | X29: =IF(W29="","",IF(W29=0,"",IF(W29>=1,+W29*T29,))) -> 0 | Y29: =IF(X29="","",IF(X29<=20,"Mantener las medidas de control existentes",IF(X29<=120,"Mejorar si es posible justificar la intervención y su rentabilidad.",IF(X29<=500,"Corregir y adoptar medidas de control de inmediato si NR es igual o mayor a 360 debe suspender las actividades",IF(X29<=4000,"Situación crítica Suspender actividades hasta que el riesgo sea controlado",))))) -> Mantener las medidas de control existentes | Z29: =IF(X29="","",IF(X29<=20,"IV",IF(X29<=120,"III",IF(X29<=500,"II",IF(X29<=4000,"I",))))) -> IV | AA29: =IF(Z29="","",IF(Z29="I","No Aceptable",IF(Z29="II","Prioritario",IF(Z29="III","Mejorable",IF(Z29="IV","Aceptable",))))) -> Aceptable | AB29: 1 | AE29: LESIONES MULTIPLES | AF29: SI | AG29: NA | AH29: NA | AI29: N.A | AJ29: REALIZAR LAS PRACTICAS (Simulacros) DE EVACUACION, PRIMEROS AUXILIOS Y CONTRAINCENDIOS MINIMO 2 VECES AL AÑO; MANTENER DESPEJADAS AREAS DE CIRCULACION PARA RESPONDER DE MANERA EFECTIVA A UNA EVACUACION EN CASO DE EMERGENCIA | AK29: N.A
B30: TRAMITADOR - MENSAJERO | D30: DENTRO Y FUERA DE LA EMPRESA | E30: ENCARGADO DE LAS DILIGENCIAS DE TODA LA EMPRESA INCLUYENDO LAS SEDES PRINCIPAL Y CERRITOS, MENSAJERIA DILIGENCIAS, VUELTAS DE BANCOS, TRAMITES ANTE TRANSITO, CARGA DINERO PARA HACER VUELTAS EN TRANSITO | F30: SI | G30: PSICOLABORAL | I30: CONCENTRACION, RESPONSABILIDAD DE LA LABOR, MANEJO DE DINERO, ENTREGA DE CUENTAS | J30: NO | K30: Salud- Daño Moderado | L30: CANSANCIO, CEFALEA, ALTERACIONES Y/O MOLESTIAS GASTROINTESTINALES, AGOTAMIENTO | M30: N.A | N30: N.A | O30: ACTIVIDADES DEPORTIVAS, RECREATIVAS Y CULTURALES | P30: MEDIO | Q30: =IF(P30="","",IF(P30="BAJO",0,IF(P30="MEDIO",2,IF(P30="ALTO",6,IF(P30="MUY ALTO",10,))))) -> 2 | R30: FRECUENTE | S30: =IF(R30="","",IF(R30="Esporadica",1,IF(R30="Ocasional",2,IF(R30="Frecuente",3,IF(R30="Continua",4,))))) -> 3 | T30: =IF(Q30="","",IF(Q30=0,0,IF(Q30>=1,+Q30*S30))) -> 6 | U30: =IF(T30="","",IF(T30<=4,"Bajo",IF(T30<=8,"Medio",IF(T30<=20,"Alto",IF(T30<=40,"Muy Alto"))))) -> Medio | V30: LEVE | W30: =IF(V30="","",IF(V30="Leve",10,IF(V30="Grave",25,IF(V30="Muy Grave",60,IF(V30="Mortal o catastrófico",100,))))) -> 10 | X30: =IF(W30="","",IF(W30=0,"",IF(W30>=1,+W30*T30,))) -> 60 | Y30: =IF(X30="","",IF(X30<=20,"Mantener las medidas de control existentes",IF(X30<=120,"Mejorar si es posible justificar la intervención y su rentabilidad.",IF(X30<=500,"Corregir y adoptar medidas de control de inmediato si NR es igual o mayor a 360 debe suspender las actividades",IF(X30<=4000,"Situación crítica Suspender actividades hasta que el riesgo sea controlado",))))) -> Mejorar si es posible justificar la intervención y su rentabilidad. | Z30: =IF(X30="","",IF(X30<=20,"IV",IF(X30<=120,"III",IF(X30<=500,"II",IF(X30<=4000,"I",))))) -> III | AA30: =IF(Z30="","",IF(Z30="I","No Aceptable",IF(Z30="II","Prioritario",IF(Z30="III","Mejorable",IF(Z30="IV","Aceptable",))))) -> Mejorable | AB30: 1 | AE30: ESTRÉS LABORAL | AF30: SI | AG30: N.A | AH30: N.A | AI30: N.A | AJ30: VERIFICAR CON RESULTADOS DE APLICACIÓN DE BATERIAS SI SE REQUIERE INTERVENCION PARA RIESGO PSICOSOCIAL: CONTINUAR CON ACTIVIDADES DE INTEGRACION, RECREACION, DEPORTE Y/O CULTURA; BRINDAR FORMACION LUDICA AL PERSONAL EN MANEJO DEL ESTRÉS, LIDERAZGO, RELACIONES INTERPERSONALES Y COMUNICACION ASERTIVA | AK30: N.A
F31: SI | G31: BIOLÓGICO | I31: MANIPULACION DEL DINERO | J31: NO | K31: Salud- Daño leve | L31: ALERGIAS, CONTAMINACION, EXPOSCION A BACTERIAS Y MICROORGANISMOS | M31: N.A | N31: N.A | O31: N.A | P31: MEDIO | Q31: =IF(P31="","",IF(P31="BAJO",0,IF(P31="MEDIO",2,IF(P31="ALTO",6,IF(P31="MUY ALTO",10,))))) -> 2 | R31: FRECUENTE | S31: =IF(R31="","",IF(R31="Esporadica",1,IF(R31="Ocasional",2,IF(R31="Frecuente",3,IF(R31="Continua",4,))))) -> 3 | T31: =IF(Q31="","",IF(Q31=0,0,IF(Q31>=1,+Q31*S31))) -> 6 | U31: =IF(T31="","",IF(T31<=4,"Bajo",IF(T31<=8,"Medio",IF(T31<=20,"Alto",IF(T31<=40,"Muy Alto"))))) -> Medio | V31: LEVE | W31: =IF(V31="","",IF(V31="Leve",10,IF(V31="Grave",25,IF(V31="Muy Grave",60,IF(V31="Mortal o catastrófico",100,))))) -> 10 | X31: =IF(W31="","",IF(W31=0,"",IF(W31>=1,+W31*T31,))) -> 60 | Y31: =IF(X31="","",IF(X31<=20,"Mantener las medidas de control existentes",IF(X31<=120,"Mejorar si es posible justificar la intervención y su rentabilidad.",IF(X31<=500,"Corregir y adoptar medidas de control de inmediato si NR es igual o mayor a 360 debe suspender las actividades",IF(X31<=4000,"Situación crítica Suspender actividades hasta que el riesgo sea controlado",))))) -> Mejorar si es posible justificar la intervención y su rentabilidad. | Z31: =IF(X31="","",IF(X31<=20,"IV",IF(X31<=120,"III",IF(X31<=500,"II",IF(X31<=4000,"I",))))) -> III | AA31: =IF(Z31="","",IF(Z31="I","No Aceptable",IF(Z31="II","Prioritario",IF(Z31="III","Mejorable",IF(Z31="IV","Aceptable",))))) -> Mejorable | AB31: 1 | AE31: INFECCIONES | AF31: SI | AG31: N.A | AH31: N.A | AI31: N.A | AJ31: DOCUMENTAR, SOCIALIZAR, INCENTIVAR Y PUBLICAR PROTOCOLO PARA LAVADO DE MANOS | AK31: N.A
F32: SI | G32: FENÓMENOS NATURALES | I32: RIESGO POR FENOMENOS NATURALES COMO: Tormentas Electricas, Vendavales, Sismo, Terremoto | J32: NO | K32: Salud- Daño extremo | L32: POLITRAUMATISMOS, LESIONES SEVERAS, ALTERACIONES NERVIOSAS | M32: N.A | N32: PLAN DE EMERGENCIAS | O32: N.A | P32: MEDIO | Q32: =IF(P32="","",IF(P32="BAJO",0,IF(P32="MEDIO",2,IF(P32="ALTO",6,IF(P32="MUY ALTO",10,))))) -> 2 | R32: ESPORADICO | S32: =IF(R32="","",IF(R32="Esporadica",1,IF(R32="Ocasional",2,IF(R32="Frecuente",3,IF(R32="Continua",4,))))) -> 0 | T32: =IF(Q32="","",IF(Q32=0,0,IF(Q32>=1,+Q32*S32))) -> 0 | U32: =IF(T32="","",IF(T32<=4,"Bajo",IF(T32<=8,"Medio",IF(T32<=20,"Alto",IF(T32<=40,"Muy Alto"))))) -> Bajo | V32: MUY GRAVE | W32: =IF(V32="","",IF(V32="Leve",10,IF(V32="Grave",25,IF(V32="Muy Grave",60,IF(V32="Mortal o catastrófico",100,))))) -> 60 | X32: =IF(W32="","",IF(W32=0,"",IF(W32>=1,+W32*T32,))) -> 0 | Y32: =IF(X32="","",IF(X32<=20,"Mantener las medidas de control existentes",IF(X32<=120,"Mejorar si es posible justificar la intervención y su rentabilidad.",IF(X32<=500,"Corregir y adoptar medidas de control de inmediato si NR es igual o mayor a 360 debe suspender las actividades",IF(X32<=4000,"Situación crítica Suspender actividades hasta que el riesgo sea controlado",))))) -> Mantener las medidas de control existentes | Z32: =IF(X32="","",IF(X32<=20,"IV",IF(X32<=120,"III",IF(X32<=500,"II",IF(X32<=4000,"I",))))) -> IV | AA32: =IF(Z32="","",IF(Z32="I","No Aceptable",IF(Z32="II","Prioritario",IF(Z32="III","Mejorable",IF(Z32="IV","Aceptable",))))) -> Aceptable | AB32: 1 | AE32: LESIONES MULTIPLES | AF32: SI | AG32: NA | AH32: NA | AI32: N.A | AJ32: REALIZAR LAS PRACTICAS (Simulacros) DE EVACUACION, PRIMEROS AUXILIOS Y CONTRAINCENDIOS MINIMO 2 VECES AL AÑO; MANTENER DESPEJADAS AREAS DE CIRCULACION PARA RESPONDER DE MANERA EFECTIVA A UNA EVACUACION EN CASO DE EMERGENCIA | AK32: N.A
F33: NO | G33: CONDICIONES DE SEGURIDAD | I33: SE PRESENTA EXPOSICION A RIESGO DE TRANSITO EN RAZON AL DESPLAZAMIENTO MENSAJERIA DILIGENCIAS, VUELTAS DE BANCOS, TRAMITES ANTE TRANSITO | J33: NO | K33: Salud- Daño Moderado | L33: ATROPELLAMIENTOS, CHOQUES, LESIONES FISICAS, POLITRAUMATISMOS | M33: N.A | N33: N.A | O33: N.A | P33: MEDIO | Q33: =IF(P33="","",IF(P33="BAJO",0,IF(P33="MEDIO",2,IF(P33="ALTO",6,IF(P33="MUY ALTO",10,))))) -> 2 | R33: FRECUENTE | S33: =IF(R33="","",IF(R33="Esporadica",1,IF(R33="Ocasional",2,IF(R33="Frecuente",3,IF(R33="Continua",4,))))) -> 3 | T33: =IF(Q33="","",IF(Q33=0,0,IF(Q33>=1,+Q33*S33))) -> 6 | U33: Medio | V33: GRAVE | W33: =IF(V33="","",IF(V33="Leve",10,IF(V33="Grave",25,IF(V33="Muy Grave",60,IF(V33="Mortal o catastrófico",100,))))) -> 25 | X33: =IF(W33="","",IF(W33=0,"",IF(W33>=1,+W33*T33,))) -> 150 | Y33: =IF(X33="","",IF(X33<=20,"Mantener las medidas de control existentes",IF(X33<=120,"Mejorar si es posible justificar la intervención y su rentabilidad.",IF(X33<=500,"Corregir y adoptar medidas de control de inmediato si NR es igual o mayor a 360 debe suspender las actividades",IF(X33<=4000,"Situación crítica Suspender actividades hasta que el riesgo sea controlado",))))) -> Corregir y adoptar medidas de control de inmediato si NR es igual o mayor a 360 debe suspender las actividades | Z33: =IF(X33="","",IF(X33<=20,"IV",IF(X33<=120,"III",IF(X33<=500,"II",IF(X33<=4000,"I",))))) -> II | AA33: =IF(Z33="","",IF(Z33="I","No Aceptable",IF(Z33="II","Prioritario",IF(Z33="III","Mejorable",IF(Z33="IV","Aceptable",))))) -> Prioritario | AB33: 1 | AE33: DAÑOS SEVEROS CON COMPROMISO DE COLUMNA Y MEDULA | AF33: SI | AG33: N.A | AH33: N.A | AI33: N.A | AJ33: DISEÑAR Y SOCIALIZAR NORMAS DE SEGURIDAD PARA RIESGO DE TRANSITO CON ENFASIS EN PEATONES / CONDUCTORES | AK33: N.A
F34: NO | G34: CONDICIONES DE SEGURIDAD | I34: SE PRESENTA EXPOSICION A RIESGO PUBLICO EN RAZON AL DESPLAZAMIENTO MENSAJERIA DILIGENCIAS, VUELTAS DE BANCOS, TRAMITES ANTE TRANSITO | J34: NO | K34: Salud- Daño Moderado | L34: AGRESIONES FISICAS O VERBALES, HERIDAS, LESIONES MULTIPLES, PERDIDAS | M34: N.A | N34: N.A | O34: N.A | P34: MEDIO | Q34: =IF(P34="","",IF(P34="BAJO",0,IF(P34="MEDIO",2,IF(P34="ALTO",6,IF(P34="MUY ALTO",10,))))) -> 2 | R34: FRECUENTE | S34: =IF(R34="","",IF(R34="Esporadica",1,IF(R34="Ocasional",2,IF(R34="Frecuente",3,IF(R34="Continua",4,))))) -> 3 | T34: =IF(Q34="","",IF(Q34=0,0,IF(Q34>=1,+Q34*S34))) -> 6 | U34: Medio | V34: GRAVE | W34: =IF(V34="","",IF(V34="Leve",10,IF(V34="Grave",25,IF(V34="Muy Grave",60,IF(V34="Mortal o catastrófico",100,))))) -> 25 | X34: =IF(W34="","",IF(W34=0,"",IF(W34>=1,+W34*T34,))) -> 150 | Y34: =IF(X34="","",IF(X34<=20,"Mantener las medidas de control existentes",IF(X34<=120,"Mejorar si es posible justificar la intervención y su rentabilidad.",IF(X34<=500,"Corregir y adoptar medidas de control de inmediato si NR es igual o mayor a 360 debe suspender las actividades",IF(X34<=4000,"Situación crítica Suspender actividades hasta que el riesgo sea controlado",))))) -> Corregir y adoptar medidas de control de inmediato si NR es igual o mayor a 360 debe suspender las actividades | Z34: =IF(X34="","",IF(X34<=20,"IV",IF(X34<=120,"III",IF(X34<=500,"II",IF(X34<=4000,"I",))))) -> II | AA34: =IF(Z34="","",IF(Z34="I","No Aceptable",IF(Z34="II","Prioritario",IF(Z34="III","Mejorable",IF(Z34="IV","Aceptable",))))) -> Prioritario | AB34: 1 | AE34: TRAUMAS MULTIPLES EN DIFERENTES PARTES DEL CUERPO | AF34: SI | AG34: N.A | AH34: N.A | AI34: N.A | AJ34: BRINDAR FORMACION EN TIPS DE MANEJO DEFENSIVO "Que hacer en caso de atraco: Antes, Durante y Despues" | AK34: N.A
B35: AUXILIAR DE SALA | D35: VITRINA DE VENTAS | E35: ORGANIZACIÓN DE LA VITRINA, ESTAN PENDIENTES DE LA UBICACIÓN DE LOS VEHICULOS EN LA SALA DE VENTAS | F35: SI | G35: BIOMECÀNICOS | I35: POSTURA BIPEDA PROLONGADA | J35: NO | K35: Salud- Daño Moderado | L35: DAÑOS Y/O LESIONES A NIVEL OSTEOMUSCULAR, DOLORES LUMBARES | M35: N.A | N35: N.A | O35: SE REALIZAN PAUSAS ACTIVAS EN EL INTER EDIO DE LA JORNADA LABORAL, CAMBIO DE POSTURA DURANTE LA CONDUCCION PARA UBICAR LOS VEHICULOS EN SALA DE VENTAS | P35: MEDIO | Q35: =IF(P35="","",IF(P35="BAJO",0,IF(P35="MEDIO",2,IF(P35="ALTO",6,IF(P35="MUY ALTO",10,))))) -> 2 | R35: FRECUENTE | S35: =IF(R35="","",IF(R35="Esporadica",1,IF(R35="Ocasional",2,IF(R35="Frecuente",3,IF(R35="Continua",4,))))) -> 3 | T35: =IF(Q35="","",IF(Q35=0,0,IF(Q35>=1,+Q35*S35))) -> 6 | U35: =IF(T35="","",IF(T35<=4,"Bajo",IF(T35<=8,"Medio",IF(T35<=20,"Alto",IF(T35<=40,"Muy Alto"))))) -> Medio | V35: LEVE | W35: =IF(V35="","",IF(V35="Leve",10,IF(V35="Grave",25,IF(V35="Muy Grave",60,IF(V35="Mortal o catastrófico",100,))))) -> 10 | X35: =IF(W35="","",IF(W35=0,"",IF(W35>=1,+W35*T35,))) -> 60 | Y35: =IF(X35="","",IF(X35<=20,"Mantener las medidas de control existentes",IF(X35<=120,"Mejorar si es posible justificar la intervención y su rentabilidad.",IF(X35<=500,"Corregir y adoptar medidas de control de inmediato si NR es igual o mayor a 360 debe suspender las actividades",IF(X35<=4000,"Situación crítica Suspender actividades hasta que el riesgo sea controlado",))))) -> Mejorar si es posible justificar la intervención y su rentabilidad. | Z35: =IF(X35="","",IF(X35<=20,"IV",IF(X35<=120,"III",IF(X35<=500,"II",IF(X35<=4000,"I",))))) -> III | AA35: =IF(Z35="","",IF(Z35="I","No Aceptable",IF(Z35="II","Prioritario",IF(Z35="III","Mejorable",IF(Z35="IV","Aceptable",))))) -> Mejorable | AB35: 1 | AE35: LESIONES OSTEOMUSCULARES | AF35: SI | AG35: N.A | AH35: N.A | AI35: N.A | AJ35: BRINDAR FORMACION Y/O RETROALIMENTACION AL PERSONAL EN RIESGO BIOMECANICO CON ENFASIS EN: Higiene Postural e importancia de las Pausas Activas | AK35: N.A
F36: SI | G36: PSICOLABORAL | I36: RESPONSABILIDAD DE LA LABOR, TRABAJO DE CUIDADO Y PRESICION | J36: NO | K36: Salud- Daño leve | L36: CEFALEA, ALTERACIONES EMOCIONALES, IRRITABILIDAD, ANSIEDAD | M36: N.A | N36: N.A | O36: PARTICIPACION EN ACTIVIDADES DEPORTIVAS, RECREATIVAS Y CULTURALES | P36: MEDIO | Q36: =IF(P36="","",IF(P36="BAJO",0,IF(P36="MEDIO",2,IF(P36="ALTO",6,IF(P36="MUY ALTO",10,))))) -> 2 | R36: FRECUENTE | S36: =IF(R36="","",IF(R36="Esporadica",1,IF(R36="Ocasional",2,IF(R36="Frecuente",3,IF(R36="Continua",4,))))) -> 3 | T36: =IF(Q36="","",IF(Q36=0,0,IF(Q36>=1,+Q36*S36))) -> 6 | U36: =IF(T36="","",IF(T36<=4,"Bajo",IF(T36<=8,"Medio",IF(T36<=20,"Alto",IF(T36<=40,"Muy Alto"))))) -> Medio | V36: LEVE | W36: =IF(V36="","",IF(V36="Leve",10,IF(V36="Grave",25,IF(V36="Muy Grave",60,IF(V36="Mortal o catastrófico",100,))))) -> 10 | X36: =IF(W36="","",IF(W36=0,"",IF(W36>=1,+W36*T36,))) -> 60 | Y36: =IF(X36="","",IF(X36<=20,"Mantener las medidas de control existentes",IF(X36<=120,"Mejorar si es posible justificar la intervención y su rentabilidad.",IF(X36<=500,"Corregir y adoptar medidas de control de inmediato si NR es igual o mayor a 360 debe suspender las actividades",IF(X36<=4000,"Situación crítica Suspender actividades hasta que el riesgo sea controlado",))))) -> Mejorar si es posible justificar la intervención y su rentabilidad. | Z36: =IF(X36="","",IF(X36<=20,"IV",IF(X36<=120,"III",IF(X36<=500,"II",IF(X36<=4000,"I",))))) -> III | AA36: =IF(Z36="","",IF(Z36="I","No Aceptable",IF(Z36="II","Prioritario",IF(Z36="III","Mejorable",IF(Z36="IV","Aceptable",))))) -> Mejorable | AB36: 1 | AE36: ESTRÉS LABORAL | AF36: SI | AG36: N.A | AH36: N.A | AI36: N.A | AJ36: BRINDAR FORMACION AL PERSONAL EXPUESTO EN RIESGO PSICOSOCIAL CON ENFASIS EN: Atencion al Cliente, Manejo del Estrés, Relaciones Interpersonales | AK36: N.A
F37: NO | G37: FISICO | I37: EXPOSICION A RUIDO POR INGRESO AL TALLER | J37: NO | K37: Salud- Daño leve | L37: CEFALEA, INTERFERENCIA EN LA COMUNICACIÓN , MOLESTIAS AUDITIVAS | M37: N.A | N37: N.A | O37: USO DE EPP: Tapaoidos | P37: BAJO | Q37: =IF(P37="","",IF(P37="BAJO",0,IF(P37="MEDIO",2,IF(P37="ALTO",6,IF(P37="MUY ALTO",10,))))) -> 0 | R37: ESPORADICO | S37: =IF(R37="","",IF(R37="Esporadica",1,IF(R37="Ocasional",2,IF(R37="Frecuente",3,IF(R37="Continua",4,))))) -> 0 | T37: =IF(Q37="","",IF(Q37=0,0,IF(Q37>=1,+Q37*S37))) -> 0 | U37: =IF(T37="","",IF(T37<=4,"Bajo",IF(T37<=8,"Medio",IF(T37<=20,"Alto",IF(T37<=40,"Muy Alto"))))) -> Bajo | V37: LEVE | W37: =IF(V37="","",IF(V37="Leve",10,IF(V37="Grave",25,IF(V37="Muy Grave",60,IF(V37="Mortal o catastrófico",100,))))) -> 10 | X37: =IF(W37="","",IF(W37=0,"",IF(W37>=1,+W37*T37,))) -> 0 | Y37: =IF(X37="","",IF(X37<=20,"Mantener las medidas de control existentes",IF(X37<=120,"Mejorar si es posible justificar la intervención y su rentabilidad.",IF(X37<=500,"Corregir y adoptar medidas de control de inmediato si NR es igual o mayor a 360 debe suspender las actividades",IF(X37<=4000,"Situación crítica Suspender actividades hasta que el riesgo sea controlado",))))) -> Mantener las medidas de control existentes | Z37: =IF(X37="","",IF(X37<=20,"IV",IF(X37<=120,"III",IF(X37<=500,"II",IF(X37<=4000,"I",))))) -> IV | AA37: =IF(Z37="","",IF(Z37="I","No Aceptable",IF(Z37="II","Prioritario",IF(Z37="III","Mejorable",IF(Z37="IV","Aceptable",))))) -> Aceptable | AB37: 1 | AE37: ALTERACIONES AUDITIVAS | AF37: SI | AG37: N.A | AH37: N.A | AI37: N.A | AJ37: BRINDAR FORMACION AL PERSONAL EN EL USO ADECUADO DE LOS EPP INCLUYENDO LA EXPOSICION EN AREAS DE MAS RIESGO | AK37: REALIZAR REPOSIICON DE ACUERDO AL USO Y/o VIDA UTIL DEL EPP
F38: SI | G38: CONDICIONES DE SEGURIDAD | I38: EXPOSICION A RIESGO LOCATIVO POR EL DESPLAZAMIENTO INTERNO POR ESCALAS INCLUYE EL INGRESO AL TALLER | J38: NO | K38: Salud- Daño Moderado | L38: TROPEZONES, GOLPES, ESGUINCES, LUXACIONES, TORCEDURAS, HEMATOMAS | M38: N.A | N38: N.A | O38: ESCALAS CON PASAMANOS | P38: MEDIO | Q38: =IF(P38="","",IF(P38="BAJO",0,IF(P38="MEDIO",2,IF(P38="ALTO",6,IF(P38="MUY ALTO",10,))))) -> 2 | R38: OCASIONAL | S38: =IF(R38="","",IF(R38="Esporadica",1,IF(R38="Ocasional",2,IF(R38="Frecuente",3,IF(R38="Continua",4,))))) -> 2 | T38: =IF(Q38="","",IF(Q38=0,0,IF(Q38>=1,+Q38*S38))) -> 4 | U38: =IF(T38="","",IF(T38<=4,"Bajo",IF(T38<=8,"Medio",IF(T38<=20,"Alto",IF(T38<=40,"Muy Alto"))))) -> Bajo | V38: GRAVE | W38: =IF(V38="","",IF(V38="Leve",10,IF(V38="Grave",25,IF(V38="Muy Grave",60,IF(V38="Mortal o catastrófico",100,))))) -> 25 | X38: =IF(W38="","",IF(W38=0,"",IF(W38>=1,+W38*T38,))) -> 100 | Y38: =IF(X38="","",IF(X38<=20,"Mantener las medidas de control existentes",IF(X38<=120,"Mejorar si es posible justificar la intervención y su rentabilidad.",IF(X38<=500,"Corregir y adoptar medidas de control de inmediato si NR es igual o mayor a 360 debe suspender las actividades",IF(X38<=4000,"Situación crítica Suspender actividades hasta que el riesgo sea controlado",))))) -> Mejorar si es posible justificar la intervención y su rentabilidad. | Z38: =IF(X38="","",IF(X38<=20,"IV",IF(X38<=120,"III",IF(X38<=500,"II",IF(X38<=4000,"I",))))) -> III | AA38: =IF(Z38="","",IF(Z38="I","No Aceptable",IF(Z38="II","Prioritario",IF(Z38="III","Mejorable",IF(Z38="IV","Aceptable",))))) -> Mejorable | AB38: 1 | AE38: FRACTURA DE HUESOS LARGOS | AF38: SI | AG38: N.A | AH38: N.A | AI38: DE ACUERDO A PROGRAMACION PARA INSPECCIONES LOCATIVAS POR PARTE DEL COPASST SE DEBE VERIFICAR SI TODAS LAS ESCALAS CUENTEN CON CINTA ANTIDESLIZANTE | AJ38: BRINDAR FORMACION AL PERSONAL EXPUESTO EN RIESGO LOCATIVO CON ENFASIS EN "Prevencion de Caidas a un mismo y a diferente Nivel" ADECUAR SEÑALIZACION SOBRE "Peligro de Caida o Camine No corra" | AK38: N.A
F39: NO | G39: CONDICIONES DE SEGURIDAD | I39: SE PRESENTA EXPOSICION A RIESGO DE TRANSITO EN RAZON AL DESPLAZAMIENTO AL TALLER DE CAMIONES D ELA SEDE CERRITOS | J39: NO | K39: Salud- Daño Moderado | L39: ATROPELLAMIENTOS, CHOQUES, LESIONES FISICAS, POLITRAUMATISMOS | M39: N.A | N39: N.A | O39: N.A | P39: MEDIO | Q39: =IF(P39="","",IF(P39="BAJO",0,IF(P39="MEDIO",2,IF(P39="ALTO",6,IF(P39="MUY ALTO",10,))))) -> 2 | R39: FRECUENTE | S39: =IF(R39="","",IF(R39="Esporadica",1,IF(R39="Ocasional",2,IF(R39="Frecuente",3,IF(R39="Continua",4,))))) -> 3 | T39: =IF(Q39="","",IF(Q39=0,0,IF(Q39>=1,+Q39*S39))) -> 6 | U39: Medio | V39: GRAVE | W39: =IF(V39="","",IF(V39="Leve",10,IF(V39="Grave",25,IF(V39="Muy Grave",60,IF(V39="Mortal o catastrófico",100,))))) -> 25 | X39: =IF(W39="","",IF(W39=0,"",IF(W39>=1,+W39*T39,))) -> 150 | Y39: =IF(X39="","",IF(X39<=20,"Mantener las medidas de control existentes",IF(X39<=120,"Mejorar si es posible justificar la intervención y su rentabilidad.",IF(X39<=500,"Corregir y adoptar medidas de control de inmediato si NR es igual o mayor a 360 debe suspender las actividades",IF(X39<=4000,"Situación crítica Suspender actividades hasta que el riesgo sea controlado",))))) -> Corregir y adoptar medidas de control de inmediato si NR es igual o mayor a 360 debe suspender las actividades | Z39: =IF(X39="","",IF(X39<=20,"IV",IF(X39<=120,"III",IF(X39<=500,"II",IF(X39<=4000,"I",))))) -> II | AA39: =IF(Z39="","",IF(Z39="I","No Aceptable",IF(Z39="II","Prioritario",IF(Z39="III","Mejorable",IF(Z39="IV","Aceptable",))))) -> Prioritario | AB39: 1 | AE39: DAÑOS SEVEROS CON COMPROMISO DE COLUMNA Y MEDULA | AF39: SI | AG39: N.A | AH39: N.A | AI39: N.A | AJ39: DISEÑAR Y SOCIALIZAR NORMAS DE SEGURIDAD PARA RIESGO DE TRANSITO CON ENFASIS EN PEATONES / CONDUCTORES | AK39: N.A
F40: NO | G40: CONDICIONES DE SEGURIDAD | I40: SE PRESENTA EXPOSICION A RIESGO PUBLICO EN RAZON AL DESPLAZAMIENTO AL TALLER DE CAMIONES D ELA SEDE CERRITOS | J40: NO | K40: Salud- Daño Moderado | L40: AGRESIONES FISICAS O VERBALES, HERIDAS, LESIONES MULTIPLES, PERDIDAS | M40: N.A | N40: N.A | O40: N.A | P40: MEDIO | Q40: =IF(P40="","",IF(P40="BAJO",0,IF(P40="MEDIO",2,IF(P40="ALTO",6,IF(P40="MUY ALTO",10,))))) -> 2 | R40: FRECUENTE | S40: =IF(R40="","",IF(R40="Esporadica",1,IF(R40="Ocasional",2,IF(R40="Frecuente",3,IF(R40="Continua",4,))))) -> 3 | T40: =IF(Q40="","",IF(Q40=0,0,IF(Q40>=1,+Q40*S40))) -> 6 | U40: Medio | V40: GRAVE | W40: =IF(V40="","",IF(V40="Leve",10,IF(V40="Grave",25,IF(V40="Muy Grave",60,IF(V40="Mortal o catastrófico",100,))))) -> 25 | X40: =IF(W40="","",IF(W40=0,"",IF(W40>=1,+W40*T40,))) -> 150 | Y40: =IF(X40="","",IF(X40<=20,"Mantener las medidas de control existentes",IF(X40<=120,"Mejorar si es posible justificar la intervención y su rentabilidad.",IF(X40<=500,"Corregir y adoptar medidas de control de inmediato si NR es igual o mayor a 360 debe suspender las actividades",IF(X40<=4000,"Situación crítica Suspender actividades hasta que el riesgo sea controlado",))))) -> Corregir y adoptar medidas de control de inmediato si NR es igual o mayor a 360 debe suspender las actividades | Z40: =IF(X40="","",IF(X40<=20,"IV",IF(X40<=120,"III",IF(X40<=500,"II",IF(X40<=4000,"I",))))) -> II | AA40: =IF(Z40="","",IF(Z40="I","No Aceptable",IF(Z40="II","Prioritario",IF(Z40="III","Mejorable",IF(Z40="IV","Aceptable",))))) -> Prioritario | AB40: 1 | AE40: TRAUMAS MULTIPLES EN DIFERENTES PARTES DEL CUERPO | AF40: SI | AG40: N.A | AH40: N.A | AI40: N.A | AJ40: BRINDAR FORMACION EN TIPS DE MANEJO DEFENSIVO "Que hacer en caso de atraco: Antes, Durante y Despues" | AK40: N.A
B41: ASESORES COMERCIALES | D41: SALA DE VENTAS Y EXTERIOR | E41: SE ENCARGAN DE MOSTRAR Y EXPLICAR LAS PROPIEDADES DEL VEHICULOS A LOS CLIENTES, CERRAR VENTAS, EXPLICAR LAS BONDADES DE ADQUIRIR VEHICULOS MARCA VOLKSWAGEN Y AUDI. REGISTRAR ACTIVIDADES POR CLIENTE EN EL SISTEMA, REALIZAR SEGUIMIENTO A LOS NEGOCIOS DE ACUERDO CON LOS LINEAMIENYOS DE CALIDAD Y SERVIICO AL CLIENTE ; CONOCER Y LLEVAR A CABO LOS PROCEDIMIENTOS Y PROTOCOLOS DE ATENCION AL CLIENTE DEFINIDOS POR LA FABRICA, VERIIFCAR LOS PRECIOS ANTES DE INDICARLOS AL CLIENTE; ADELANTAR TRAMITES INTERNOS PARA MATRICULAS Y/O ENTREGA DE PAPELES; ASISTIR A CAPACITACIONES | F41: SI | G41: BIOMECÀNICOS | I41: VARIACION EN LA ADOPCION DE POSTURAS (Antigravitacionales, sedentes, bipedas etc) PARA EL DESARROLLO DE ACTIVIDADES ADMINISTRATIVAS | J41: NO | K41: Salud- Daño Moderado | L41: DAÑOS Y/O LESIONES A NIVEL OSTEOMUSCULAR, DOLORES LUMBARES | M41: N.A | N41: N.A | O41: SE REALIZAN PAUSAS ACTIVAS EN EL INTERMEDIO DE LA JORNADA LABORAL | P41: MEDIO | Q41: =IF(P41="","",IF(P41="BAJO",0,IF(P41="MEDIO",2,IF(P41="ALTO",6,IF(P41="MUY ALTO",10,))))) -> 2 | R41: CONTINUA | S41: =IF(R41="","",IF(R41="Esporadica",1,IF(R41="Ocasional",2,IF(R41="Frecuente",3,IF(R41="Continua",4,))))) -> 4 | T41: =IF(Q41="","",IF(Q41=0,0,IF(Q41>=1,+Q41*S41))) -> 8 | U41: =IF(T41="","",IF(T41<=4,"Bajo",IF(T41<=8,"Medio",IF(T41<=20,"Alto",IF(T41<=40,"Muy Alto"))))) -> Medio | V41: GRAVE | W41: =IF(V41="","",IF(V41="Leve",10,IF(V41="Grave",25,IF(V41="Muy Grave",60,IF(V41="Mortal o catastrófico",100,))))) -> 25 | X41: =IF(W41="","",IF(W41=0,"",IF(W41>=1,+W41*T41,))) -> 200 | Y41: =IF(X41="","",IF(X41<=20,"Mantener las medidas de control existentes",IF(X41<=120,"Mejorar si es posible justificar la intervención y su rentabilidad.",IF(X41<=500,"Corregir y adoptar medidas de control de inmediato si NR es igual o mayor a 360 debe suspender las actividades",IF(X41<=4000,"Situación crítica Suspender actividades hasta que el riesgo sea controlado",))))) -> Corregir y adoptar medidas de control de inmediato si NR es igual o mayor a 360 debe suspender las actividades | Z41: =IF(X41="","",IF(X41<=20,"IV",IF(X41<=120,"III",IF(X41<=500,"II",IF(X41<=4000,"I",))))) -> II | AA41: =IF(Z41="","",IF(Z41="I","No Aceptable",IF(Z41="II","Prioritario",IF(Z41="III","Mejorable",IF(Z41="IV","Aceptable",))))) -> Prioritario | AB41: 11 | AE41: DESORDENES MUSCULOESQUELETICOS | AF41: SI | AG41: N.A | AH41: N.A | AI41: REALIZAR INSPECCIONES DE ACUERDO A PROGRAMACION DE COPASST PARA VERIFICAR NECESIDADES DE CAMBIO Y/O MANTENIMIENTO DE MOBILIARIO DE ESCRITORIOS | AJ41: BRINDAR FORMACION Y/O RETROALIMENTACION AL PERSONAL EN RIESGO BIOMECANICO CON ENFASIS EN: Higiene Postural Frente a Videoterminales e importancia de las pausas activas | AK41: N.A
F42: SI | G42: FISICO | I42: LABOR FRENTE A VIDEOTERMINAL QUE IMPLICA EXPOSICION A RADIACIONES IONIZANTES, ADEMAS DE LA CARGA ELECTROSTATICA EN LA SUPERFICIE DE LOS MISMOS | J42: NO | K42: Salud- Daño leve | L42: SOBREESFUERZO VISUAL CANSANCIO, CEFALEA, ENROJECIMIENTO, FATIGA, RESEQUEDAD, LAGRIMEO | M42: ALGUNOS VIDEOTERMINALES O PORTATILES CON PANTALLA ANTIREFLEJO | N42: N.A | O42: N.A | P42: MEDIO | Q42: =IF(P42="","",IF(P42="BAJO",0,IF(P42="MEDIO",2,IF(P42="ALTO",6,IF(P42="MUY ALTO",10,))))) -> 2 | R42: CONTINUA | S42: =IF(R42="","",IF(R42="Esporadica",1,IF(R42="Ocasional",2,IF(R42="Frecuente",3,IF(R42="Continua",4,))))) -> 4 | T42: =IF(Q42="","",IF(Q42=0,0,IF(Q42>=1,+Q42*S42))) -> 8 | U42: Medio | V42: LEVE | W42: =IF(V42="","",IF(V42="Leve",10,IF(V42="Grave",25,IF(V42="Muy Grave",60,IF(V42="Mortal o catastrófico",100,))))) -> 10 | X42: =IF(W42="","",IF(W42=0,"",IF(W42>=1,+W42*T42,))) -> 80 | Y42: =IF(X42="","",IF(X42<=20,"Mantener las medidas de control existentes",IF(X42<=120,"Mejorar si es posible justificar la intervención y su rentabilidad.",IF(X42<=500,"Corregir y adoptar medidas de control de inmediato si NR es igual o mayor a 360 debe suspender las actividades",IF(X42<=4000,"Situación crítica Suspender actividades hasta que el riesgo sea controlado",))))) -> Mejorar si es posible justificar la intervención y su rentabilidad. | Z42: =IF(X42="","",IF(X42<=20,"IV",IF(X42<=120,"III",IF(X42<=500,"II",IF(X42<=4000,"I",))))) -> III | AA42: =IF(Z42="","",IF(Z42="I","No Aceptable",IF(Z42="II","Prioritario",IF(Z42="III","Mejorable",IF(Z42="IV","Aceptable",))))) -> Mejorable | AB42: 11 | AE42: SINDROME DE FATIGA VISUAL CORPORAL POR COPUTADOR | AF42: SI | AG42: N.A | AH42: N.A | AI42: GRADUAR BRILLO, ALTURA, REALIZAR LIMPIEZA FRECUENTE DE PANTALLA | AJ42: BRINDAR FORMACION AL PERSONAL EN RIESGO FISICO CON ENFASIS EN SALUD VISUAL Y PAUSAS ACTIVAS VISUALES | AK42: N.A
F43: SI | G43: PSICOLABORAL | I43: CONCENTRACION, ALTA RESPONSABILIDAD DE LA LABOR, CUMPLIMIENTO DE OBJETIVOS Y ACTIVIDADES, CUMPLIMIENTO DE METAS POR VENTAS | J43: NO | K43: Salud- Daño Moderado | L43: CANSANCIO, CEFALEA, ALTERACIONES Y/O MOLESTIAS GASTROINTESTINALES, AGOTAMIENTO | M43: N.A | N43: N.A | O43: ACTIVIDADES DEPORTIVAS, RECREATIVAS Y CULTURALES. INCENTIVOS POR VENTAS | P43: ALTO | Q43: =IF(P43="","",IF(P43="BAJO",0,IF(P43="MEDIO",2,IF(P43="ALTO",6,IF(P43="MUY ALTO",10,))))) -> 6 | R43: CONTINUA | S43: =IF(R43="","",IF(R43="Esporadica",1,IF(R43="Ocasional",2,IF(R43="Frecuente",3,IF(R43="Continua",4,))))) -> 4 | T43: =IF(Q43="","",IF(Q43=0,0,IF(Q43>=1,+Q43*S43))) -> 24 | U43: =IF(T43="","",IF(T43<=4,"Bajo",IF(T43<=8,"Medio",IF(T43<=20,"Alto",IF(T43<=40,"Muy Alto"))))) -> Muy Alto | V43: LEVE | W43: =IF(V43="","",IF(V43="Leve",10,IF(V43="Grave",25,IF(V43="Muy Grave",60,IF(V43="Mortal o catastrófico",100,))))) -> 10 | X43: =IF(W43="","",IF(W43=0,"",IF(W43>=1,+W43*T43,))) -> 240 | Y43: =IF(X43="","",IF(X43<=20,"Mantener las medidas de control existentes",IF(X43<=120,"Mejorar si es posible justificar la intervención y su rentabilidad.",IF(X43<=500,"Corregir y adoptar medidas de control de inmediato si NR es igual o mayor a 360 debe suspender las actividades",IF(X43<=4000,"Situación crítica Suspender actividades hasta que el riesgo sea controlado",))))) -> Corregir y adoptar medidas de control de inmediato si NR es igual o mayor a 360 debe suspender las actividades | Z43: =IF(X43="","",IF(X43<=20,"IV",IF(X43<=120,"III",IF(X43<=500,"II",IF(X43<=4000,"I",))))) -> II | AA43: =IF(Z43="","",IF(Z43="I","No Aceptable",IF(Z43="II","Prioritario",IF(Z43="III","Mejorable",IF(Z43="IV","Aceptable",))))) -> Prioritario | AB43: 11 | AE43: ESTRÉS LABORAL | AF43: SI | AG43: N.A | AH43: N.A | AI43: N.A | AJ43: VERIFICAR CON RESULTADOS DE APLICACIÓN DE BATERIAS SI SE REQUIERE INTERVENCION PARA RIESGO PSICOSOCIAL: CONTINUAR CON ACTIVIDADES DE INTEGRACION, RECREACION, DEPORTE Y/O CULTURA; BRINDAR FORMACION O RETROALIMENTACION LUDICA AL PERSONAL EN MANEJO DEL ESTRÉS, LIDERAZGO, RELACIONES INTERPERSONALES, COMUNICACION ASERTIVA, ATENCION AL CLIENTE | AK43: N.A
F44: SI | G44: CONDICIONES DE SEGURIDAD | I44: ACCESO A GERENCIA POR ESCALAS PARA REUNIONES, JUNTAS Y SOCIALIZACION DE INFORMES | J44: NO | K44: Salud- Daño Moderado | L44: TROPEZONES, GOLPES, ESGUINCES, LUXACIONES, TORCEDURAS, HEMATOMAS | M44: ESCALAS CON PASAMANOS, LETRERO DE PISO MOJADO | N44: SEÑALIZACION PARA ESCALAS | O44: N.A | P44: MEDIO | Q44: =IF(P44="","",IF(P44="BAJO",0,IF(P44="MEDIO",2,IF(P44="ALTO",6,IF(P44="MUY ALTO",10,))))) -> 2 | R44: FRECUENTE | S44: =IF(R44="","",IF(R44="Esporadica",1,IF(R44="Ocasional",2,IF(R44="Frecuente",3,IF(R44="Continua",4,))))) -> 3 | T44: =IF(Q44="","",IF(Q44=0,0,IF(Q44>=1,+Q44*S44))) -> 6 | U44: =IF(T44="","",IF(T44<=4,"Bajo",IF(T44<=8,"Medio",IF(T44<=20,"Alto",IF(T44<=40,"Muy Alto"))))) -> Medio | V44: GRAVE | W44: =IF(V44="","",IF(V44="Leve",10,IF(V44="Grave",25,IF(V44="Muy Grave",60,IF(V44="Mortal o catastrófico",100,))))) -> 25 | X44: =IF(W44="","",IF(W44=0,"",IF(W44>=1,+W44*T44,))) -> 150 | Y44: =IF(X44="","",IF(X44<=20,"Mantener las medidas de control existentes",IF(X44<=120,"Mejorar si es posible justificar la intervención y su rentabilidad.",IF(X44<=500,"Corregir y adoptar medidas de control de inmediato si NR es igual o mayor a 360 debe suspender las actividades",IF(X44<=4000,"Situación crítica Suspender actividades hasta que el riesgo sea controlado",))))) -> Corregir y adoptar medidas de control de inmediato si NR es igual o mayor a 360 debe suspender las actividades | Z44: =IF(X44="","",IF(X44<=20,"IV",IF(X44<=120,"III",IF(X44<=500,"II",IF(X44<=4000,"I",))))) -> II | AA44: =IF(Z44="","",IF(Z44="I","No Aceptable",IF(Z44="II","Prioritario",IF(Z44="III","Mejorable",IF(Z44="IV","Aceptable",))))) -> Prioritario | AB44: 11 | AE44: FRACTURA DE HUESOS LARGOS | AF44: SI | AG44: N.A | AH44: N.A | AI44: DE ACUERDO A PROGRAMACION PARA INSPECCIONES LOCATIVAS POR PARTE DEL COPASST SE DEBE VERIFICAR SI TODAS LAS ESCALAS CUENTEN CON CINTA ANTIDESLIZANTE | AJ44: BRINDAR FORMACION AL PERSONAL EXPUESTO EN RIESGO LOCATIVO CON ENFASIS EN "Prevencion de Caidas a un mismo y a diferente Nivel" ADECUAR SEÑALIZACION SOBRE "Peligro de Caida o Camine No corra" | AK44: N.A
F45: SI | G45: FENÓMENOS NATURALES | I45: RIESGO POR FENOMENOS NATURALES COMO: Tormentas Electricas, Vendavales, Sismo, Terremoto | J45: NO | K45: Salud- Daño extremo | L45: POLITRAUMATISMOS, LESIONES SEVERAS, ALTERACIONES NERVIOSAS | M45: N.A | N45: PLAN DE EMERGENCIAS | O45: N.A | P45: MEDIO | Q45: =IF(P45="","",IF(P45="BAJO",0,IF(P45="MEDIO",2,IF(P45="ALTO",6,IF(P45="MUY ALTO",10,))))) -> 2 | R45: ESPORADICO | S45: =IF(R45="","",IF(R45="Esporadica",1,IF(R45="Ocasional",2,IF(R45="Frecuente",3,IF(R45="Continua",4,))))) -> 0 | T45: =IF(Q45="","",IF(Q45=0,0,IF(Q45>=1,+Q45*S45))) -> 0 | U45: =IF(T45="","",IF(T45<=4,"Bajo",IF(T45<=8,"Medio",IF(T45<=20,"Alto",IF(T45<=40,"Muy Alto"))))) -> Bajo | V45: MUY GRAVE | W45: =IF(V45="","",IF(V45="Leve",10,IF(V45="Grave",25,IF(V45="Muy Grave",60,IF(V45="Mortal o catastrófico",100,))))) -> 60 | X45: =IF(W45="","",IF(W45=0,"",IF(W45>=1,+W45*T45,))) -> 0 | Y45: =IF(X45="","",IF(X45<=20,"Mantener las medidas de control existentes",IF(X45<=120,"Mejorar si es posible justificar la intervención y su rentabilidad.",IF(X45<=500,"Corregir y adoptar medidas de control de inmediato si NR es igual o mayor a 360 debe suspender las actividades",IF(X45<=4000,"Situación crítica Suspender actividades hasta que el riesgo sea controlado",))))) -> Mantener las medidas de control existentes | Z45: =IF(X45="","",IF(X45<=20,"IV",IF(X45<=120,"III",IF(X45<=500,"II",IF(X45<=4000,"I",))))) -> IV | AA45: =IF(Z45="","",IF(Z45="I","No Aceptable",IF(Z45="II","Prioritario",IF(Z45="III","Mejorable",IF(Z45="IV","Aceptable",))))) -> Aceptable | AB45: 11 | AE45: LESIONES MULTIPLES | AF45: SI | AG45: NA | AH45: NA | AI45: N.A | AJ45: REALIZAR LAS PRACTICAS DE EVACUACION, PRIMEROS AUXILIOS Y CONTRAINCENDIOS MINIMO 2 VENES AL AÑO; MANTENER DESPEJADAS AREAS DE CIRCULACION PARA RESPONDER DE MANERA EFECTIVA A UNA EVACUACION EN CASO DE EMERGENCIA | AK45: N.A
F46: NO | G46: CONDICIONES DE SEGURIDAD | I46: SE PRESENTA EXPOSICION A RIESGO DE TRANSITO EN RAZON AL DESPLAZAMIENTO A VISITAR CLIENTES, PLAYAS DE VENTAS, CENTROS COMERCIALES, EMPRESAS DE ACUERDO A PLANEACION | J46: NO | K46: Salud- Daño Moderado | L46: ATROPELLAMIENTOS, CHOQUES, LESIONES FISICAS, POLITRAUMATISMOS | M46: N.A | N46: N.A | O46: N.A | P46: MEDIO | Q46: =IF(P46="","",IF(P46="BAJO",0,IF(P46="MEDIO",2,IF(P46="ALTO",6,IF(P46="MUY ALTO",10,))))) -> 2 | R46: FRECUENTE | S46: =IF(R46="","",IF(R46="Esporadica",1,IF(R46="Ocasional",2,IF(R46="Frecuente",3,IF(R46="Continua",4,))))) -> 3 | T46: =IF(Q46="","",IF(Q46=0,0,IF(Q46>=1,+Q46*S46))) -> 6 | U46: Medio | V46: GRAVE | W46: =IF(V46="","",IF(V46="Leve",10,IF(V46="Grave",25,IF(V46="Muy Grave",60,IF(V46="Mortal o catastrófico",100,))))) -> 25 | X46: =IF(W46="","",IF(W46=0,"",IF(W46>=1,+W46*T46,))) -> 150 | Y46: =IF(X46="","",IF(X46<=20,"Mantener las medidas de control existentes",IF(X46<=120,"Mejorar si es posible justificar la intervención y su rentabilidad.",IF(X46<=500,"Corregir y adoptar medidas de control de inmediato si NR es igual o mayor a 360 debe suspender las actividades",IF(X46<=4000,"Situación crítica Suspender actividades hasta que el riesgo sea controlado",))))) -> Corregir y adoptar medidas de control de inmediato si NR es igual o mayor a 360 debe suspender las actividades | Z46: =IF(X46="","",IF(X46<=20,"IV",IF(X46<=120,"III",IF(X46<=500,"II",IF(X46<=4000,"I",))))) -> II | AA46: =IF(Z46="","",IF(Z46="I","No Aceptable",IF(Z46="II","Prioritario",IF(Z46="III","Mejorable",IF(Z46="IV","Aceptable",))))) -> Prioritario | AB46: 4 | AE46: DAÑOS SEVEROS CON COMPROMISO DE COLUMNA Y MEDULA | AF46: SI | AG46: N.A | AH46: N.A | AI46: N.A | AJ46: DISEÑAR Y SOCIALIZAR NORMAS DE SEGURIDAD PARA RIESGO DE TRANSITO CON ENFASIS EN PEATONES / CONDUCTORES | AK46: N.A
F47: NO | G47: CONDICIONES DE SEGURIDAD | I47: SE PRESENTA EXPOSICION A RIESGO PUBLICO EN RAZON AL DESPLAZAMIENTO A VISITAR CLIENTES, PLAYAS DE VENTAS, CENTROS COMERCIALES, EMPRESAS DE ACUERDO A PLANEACION | J47: NO | K47: Salud- Daño Moderado | L47: AGRESIONES FISICAS O VERBALES, HERIDAS, LESIONES MULTIPLES, PERDIDAS | M47: N.A | N47: N.A | O47: N.A | P47: MEDIO | Q47: =IF(P47="","",IF(P47="BAJO",0,IF(P47="MEDIO",2,IF(P47="ALTO",6,IF(P47="MUY ALTO",10,))))) -> 2 | R47: FRECUENTE | S47: =IF(R47="","",IF(R47="Esporadica",1,IF(R47="Ocasional",2,IF(R47="Frecuente",3,IF(R47="Continua",4,))))) -> 3 | T47: =IF(Q47="","",IF(Q47=0,0,IF(Q47>=1,+Q47*S47))) -> 6 | U47: Medio | V47: GRAVE | W47: =IF(V47="","",IF(V47="Leve",10,IF(V47="Grave",25,IF(V47="Muy Grave",60,IF(V47="Mortal o catastrófico",100,))))) -> 25 | X47: =IF(W47="","",IF(W47=0,"",IF(W47>=1,+W47*T47,))) -> 150 | Y47: =IF(X47="","",IF(X47<=20,"Mantener las medidas de control existentes",IF(X47<=120,"Mejorar si es posible justificar la intervención y su rentabilidad.",IF(X47<=500,"Corregir y adoptar medidas de control de inmediato si NR es igual o mayor a 360 debe suspender las actividades",IF(X47<=4000,"Situación crítica Suspender actividades hasta que el riesgo sea controlado",))))) -> Corregir y adoptar medidas de control de inmediato si NR es igual o mayor a 360 debe suspender las actividades | Z47: =IF(X47="","",IF(X47<=20,"IV",IF(X47<=120,"III",IF(X47<=500,"II",IF(X47<=4000,"I",))))) -> II | AA47: =IF(Z47="","",IF(Z47="I","No Aceptable",IF(Z47="II","Prioritario",IF(Z47="III","Mejorable",IF(Z47="IV","Aceptable",))))) -> Prioritario | AB47: 4 | AE47: TRAUMAS MULTIPLES EN DIFERENTES PARTES DEL CUERPO | AF47: SI | AG47: N.A | AH47: N.A | AI47: N.A | AJ47: BRINDAR FORMACION EN TIPS DE MANEJO DEFENSIVO "Que hacer en caso de atraco: Antes, Durante y Despues" | AK47: N.A
B48: ASESORES DE REPUESTOS | D48: ALMACEN | E48: CONTROL E INVENTARIO DE LOS SUMINISTROS DEL TALLER, SE REALIZAN VENTAS DE MOSTRADOR, ALMACENAMIENTO DE BATERIAS, ALMACENAMIENTO DE REPUESTOS DE ALTO COSTO. CONCRETAR NEGOCIOS DE VENTA DE REPUESTOS QUE SATISFAGAN LOS REQUERIMIENTOS DE LOS CLIENTES CON EL MAYOR BENEFICIO PARA LA EMPRESA LORANGO EL INCREMENTO DE LAS VENTAS PORMPARTE DE MOSTRADOR Y BOUTIQUE: COTIZACIONES DE TALLER Y MOSTRADOR/ RECIBIR E INGRESAR MERCANCIA Y REPUESTOS AL ALMACEN / HACER TRASLADOS DE REPUESTOS A ORDENES DE TRABAJO DE VEHICULOS EN EL TALLER / FACTURACION POR MOSTRADOR, DESPACHO DE REPUESTOS A OTRAS CIUDADES / PEDIR INSUMOS Y MATERIALES PARA EL CONSUMO DEL TALLER | F48: SI | G48: PSICOLABORAL | I48: ALTA RESPONSABILIDAD DE LA LABOR POR EL COSTO DE LOS REPUESTOS QUE MANEJAN | J48: NO | K48: Salud- Daño Moderado | L48: CANSANCIO, CEFALEA, ALTERACIONES Y/O MOLESTIAS GASTROINTESTINALES, AGOTAMIENTO | M48: N.A | N48: N.A | O48: ACTIVIDADES DEPORTIVAS, RECREATIVAS Y CULTURALES. INCENTIVOS POR VENTAS | P48: MEDIO | Q48: =IF(P48="","",IF(P48="BAJO",0,IF(P48="MEDIO",2,IF(P48="ALTO",6,IF(P48="MUY ALTO",10,))))) -> 2 | R48: CONTINUA | S48: =IF(R48="","",IF(R48="Esporadica",1,IF(R48="Ocasional",2,IF(R48="Frecuente",3,IF(R48="Continua",4,))))) -> 4 | T48: =IF(Q48="","",IF(Q48=0,0,IF(Q48>=1,+Q48*S48))) -> 8 | U48: =IF(T48="","",IF(T48<=4,"Bajo",IF(T48<=8,"Medio",IF(T48<=20,"Alto",IF(T48<=40,"Muy Alto"))))) -> Medio | V48: GRAVE | W48: =IF(V48="","",IF(V48="Leve",10,IF(V48="Grave",25,IF(V48="Muy Grave",60,IF(V48="Mortal o catastrófico",100,))))) -> 25 | X48: =IF(W48="","",IF(W48=0,"",IF(W48>=1,+W48*T48,))) -> 200 | Y48: =IF(X48="","",IF(X48<=20,"Mantener las medidas de control existentes",IF(X48<=120,"Mejorar si es posible justificar la intervención y su rentabilidad.",IF(X48<=500,"Corregir y adoptar medidas de control de inmediato si NR es igual o mayor a 360 debe suspender las actividades",IF(X48<=4000,"Situación crítica Suspender actividades hasta que el riesgo sea controlado",))))) -> Corregir y adoptar medidas de control de inmediato si NR es igual o mayor a 360 debe suspender las actividades | Z48: =IF(X48="","",IF(X48<=20,"IV",IF(X48<=120,"III",IF(X48<=500,"II",IF(X48<=4000,"I",))))) -> II | AA48: =IF(Z48="","",IF(Z48="I","No Aceptable",IF(Z48="II","Prioritario",IF(Z48="III","Mejorable",IF(Z48="IV","Aceptable",))))) -> Prioritario | AB48: 2 | AE48: ESTRÉS LABORAL | AF48: SI | AG48: N.A | AH48: N.A | AI48: N.A | AJ48: VERIFICAR CON RESULTADOS DE APLICACIÓN DE BATERIAS SI SE REQUIERE INTERVENCION PARA RIESGO PSICOSOCIAL: CONTINUAR CON ACTIVIDADES DE INTEGRACION, RECREACION, DEPORTE Y/O CULTURA; BRINDAR FORMACION O RETROALIMENTACION LUDICA AL PERSONAL EN MANEJO DEL ESTRÉS, LIDERAZGO, RELACIONES INTERPERSONALES, COMUNICACION ASERTIVA, ATENCION AL CLIENTE | AK48: N.A
F49: SI | G49: BIOMECÀNICOS | I49: ADOPCION DE DIVERSAS POSTURAS (Sedente, Agachado, Encorvado, con estiramiento de brazos por encia de los hombros, en cuclillas) MANIPULACION DE OBJETOS | J49: NO | K49: Salud- Daño Moderado | L49: DAÑOS Y/O LESIONES A NIVEL OSTEOMUSCULAR, DOLORES LUMBARES | M49: EL ALMACENAMIENTO DE LOS PRODUCTOS CUMPLEN CON LAS NORMAS (Pesados abajo, livianos arriba) | N49: N.A | O49: SE REALIZAN PAUSAS ACTIVAS EN EL INTERMEDIO DE LA JORNADA LABORAL | P49: MEDIO | Q49: =IF(P49="","",IF(P49="BAJO",0,IF(P49="MEDIO",2,IF(P49="ALTO",6,IF(P49="MUY ALTO",10,))))) -> 2 | R49: CONTINUA | S49: =IF(R49="","",IF(R49="Esporadica",1,IF(R49="Ocasional",2,IF(R49="Frecuente",3,IF(R49="Continua",4,))))) -> 4 | T49: =IF(Q49="","",IF(Q49=0,0,IF(Q49>=1,+Q49*S49))) -> 8 | U49: =IF(T49="","",IF(T49<=4,"Bajo",IF(T49<=8,"Medio",IF(T49<=20,"Alto",IF(T49<=40,"Muy Alto"))))) -> Medio | V49: GRAVE | W49: =IF(V49="","",IF(V49="Leve",10,IF(V49="Grave",25,IF(V49="Muy Grave",60,IF(V49="Mortal o catastrófico",100,))))) -> 25 | X49: =IF(W49="","",IF(W49=0,"",IF(W49>=1,+W49*T49,))) -> 200 | Y49: =IF(X49="","",IF(X49<=20,"Mantener las medidas de control existentes",IF(X49<=120,"Mejorar si es posible justificar la intervención y su rentabilidad.",IF(X49<=500,"Corregir y adoptar medidas de control de inmediato si NR es igual o mayor a 360 debe suspender las actividades",IF(X49<=4000,"Situación crítica Suspender actividades hasta que el riesgo sea controlado",))))) -> Corregir y adoptar medidas de control de inmediato si NR es igual o mayor a 360 debe suspender las actividades | Z49: =IF(X49="","",IF(X49<=20,"IV",IF(X49<=120,"III",IF(X49<=500,"II",IF(X49<=4000,"I",))))) -> II | AA49: =IF(Z49="","",IF(Z49="I","No Aceptable",IF(Z49="II","Prioritario",IF(Z49="III","Mejorable",IF(Z49="IV","Aceptable",))))) -> Prioritario | AB49: 2 | AE49: DESORDENES MUSCULOESQUELETICOS | AF49: SI | AG49: N.A | AH49: N.A | AI49: REALIZAR INSPECCIONES DE ACUERDO A PROGRAMACION DE COPASST PARA VERIFICAR NECESIDADES DE CAMBIO Y/O MANTENIMIENTO DE MOBILIARIO DE ESCRITORIOS | AJ49: BRINDAR FORMACION Y/O RETROALIMENTACION AL PERSONAL EN RIESGO BIOMECANICO CON ENFASIS EN: Higiene Postural e importancia de las pausas activas | AK49: N.A
F50: SI | G50: CONDICIONES DE SEGURIDAD | I50: UNO DE LOS ACCESO SE REALIZA POR ESCALAS (Taller), SE EVIDENCIARON ESTANTERIAS SUELTAS CON RIESGO DE CAIDA, UNA DE LAS LUMINARIAS NO CUENTA CON REJILLA DE PROTECCION, ESCALAS DE ACCESO AL SOTANO | J50: NO | K50: Salud- Daño Moderado | L50: TROPEZONES, GOLPES, ESGUINCES, LUXACIONES, TORCEDURAS, HEMATOMAS | M50: ESTANTERIAS DEMARCADAS | N50: N.A | O50: N.A | P50: MEDIO | Q50: =IF(P50="","",IF(P50="BAJO",0,IF(P50="MEDIO",2,IF(P50="ALTO",6,IF(P50="MUY ALTO",10,))))) -> 2 | R50: FRECUENTE | S50: =IF(R50="","",IF(R50="Esporadica",1,IF(R50="Ocasional",2,IF(R50="Frecuente",3,IF(R50="Continua",4,))))) -> 3 | T50: =IF(Q50="","",IF(Q50=0,0,IF(Q50>=1,+Q50*S50))) -> 6 | U50: =IF(T50="","",IF(T50<=4,"Bajo",IF(T50<=8,"Medio",IF(T50<=20,"Alto",IF(T50<=40,"Muy Alto"))))) -> Medio | V50: GRAVE | W50: =IF(V50="","",IF(V50="Leve",10,IF(V50="Grave",25,IF(V50="Muy Grave",60,IF(V50="Mortal o catastrófico",100,))))) -> 25 | X50: =IF(W50="","",IF(W50=0,"",IF(W50>=1,+W50*T50,))) -> 150 | Y50: =IF(X50="","",IF(X50<=20,"Mantener las medidas de control existentes",IF(X50<=120,"Mejorar si es posible justificar la intervención y su rentabilidad.",IF(X50<=500,"Corregir y adoptar medidas de control de inmediato si NR es igual o mayor a 360 debe suspender las actividades",IF(X50<=4000,"Situación crítica Suspender actividades hasta que el riesgo sea controlado",))))) -> Corregir y adoptar medidas de control de inmediato si NR es igual o mayor a 360 debe suspender las actividades | Z50: =IF(X50="","",IF(X50<=20,"IV",IF(X50<=120,"III",IF(X50<=500,"II",IF(X50<=4000,"I",))))) -> II | AA50: =IF(Z50="","",IF(Z50="I","No Aceptable",IF(Z50="II","Prioritario",IF(Z50="III","Mejorable",IF(Z50="IV","Aceptable",))))) -> Prioritario | AB50: 2 | AE50: FRACTURA DE HUESOS LARGOS | AF50: SI | AG50: NA | AH50: NA | AI50: DEMARCAR EL INICIO DE LAS ESCALAS DE ACCESO AL SOTANO, ASEGURAR A NIVEL DE PARED LAS ESTANTERIAS QUE SE ENCUENTRAN SUELTAS, ADECUAR REJILLA DE PROTECCION A LA LUMINARIA | AJ50: BRINDAR FORMACION AL PERSONAL EXPUESTO EN RIESGO LOCATIVO CON ENFASIS EN "Prevencion de Caidas a un mismo y a diferente Nivel" ADECUAR SEÑALIZACION SOBRE "Peligro de Caida o Camine No corra". DISEÑAR ESTANDAR DE SEGURIDAD PARA ESCALA QUE S EUTILIZA EN EL SOTANO PARA SUBIR Y BAJAR OBJETOS | AK50: N.A
F51: SI | G51: FISICO | I51: LABOR FRENTE A VIDEOTERMINAL QUE IMPLICA EXPOSICION A RADIACIONES IONIZANTES, ADEMAS DE LA CARGA ELECTROSTATICA EN LA SUPERFICIE DE LOS MISMOS | J51: NO | K51: Salud- Daño leve | L51: SOBREESFUERZO VISUAL CANSANCIO, CEFALEA, ENROJECIMIENTO, FATIGA, RESEQUEDAD, LAGRIMEO | M51: ALGUNOS VIDEOTERMINALES O PORTATILES CON PANTALLA ANTIREFLEJO | N51: N.A | O51: N.A | P51: MEDIO | Q51: =IF(P51="","",IF(P51="BAJO",0,IF(P51="MEDIO",2,IF(P51="ALTO",6,IF(P51="MUY ALTO",10,))))) -> 2 | R51: CONTINUA | S51: =IF(R51="","",IF(R51="Esporadica",1,IF(R51="Ocasional",2,IF(R51="Frecuente",3,IF(R51="Continua",4,))))) -> 4 | T51: =IF(Q51="","",IF(Q51=0,0,IF(Q51>=1,+Q51*S51))) -> 8 | U51: Medio | V51: LEVE | W51: =IF(V51="","",IF(V51="Leve",10,IF(V51="Grave",25,IF(V51="Muy Grave",60,IF(V51="Mortal o catastrófico",100,))))) -> 10 | X51: =IF(W51="","",IF(W51=0,"",IF(W51>=1,+W51*T51,))) -> 80 | Y51: =IF(X51="","",IF(X51<=20,"Mantener las medidas de control existentes",IF(X51<=120,"Mejorar si es posible justificar la intervención y su rentabilidad.",IF(X51<=500,"Corregir y adoptar medidas de control de inmediato si NR es igual o mayor a 360 debe suspender las actividades",IF(X51<=4000,"Situación crítica Suspender actividades hasta que el riesgo sea controlado",))))) -> Mejorar si es posible justificar la intervención y su rentabilidad. | Z51: =IF(X51="","",IF(X51<=20,"IV",IF(X51<=120,"III",IF(X51<=500,"II",IF(X51<=4000,"I",))))) -> III | AA51: =IF(Z51="","",IF(Z51="I","No Aceptable",IF(Z51="II","Prioritario",IF(Z51="III","Mejorable",IF(Z51="IV","Aceptable",))))) -> Mejorable | AB51: 2 | AE51: SINDROME DE FATIGA VISUAL CORPORAL POR COMPUTADOR | AF51: SI | AG51: N.A | AH51: N.A | AI51: GRADUAR BRILLO, ALTURA, REALIZAR LIMPIEZA FRECUENTE DE PANTALLA | AJ51: BRINDAR FORMACION AL PERSONAL EN RIESGO FISICO CON ENFASIS EN SALUD VISUAL Y PAUSAS ACTIVAS VISUALES | AK51: N.A
B52: TECNICO DE CONTROL DE CALIDAD | D52: TALLER | E52: REALIZAR PRUEBAS DE RUTA A LOS VEHICULOS EN EL TALLER DE ACUERDO CON LA POLITICA DEFINIDA PARA ESTO | F52: SI | G52: BIOMECÀNICOS | I52: ADOPCION DE DIVERSAS POSTURAS (Sedente, Agachado, Encorvado, con estiramiento de brazos por encia de los hombros, en cuclillas) | J52: NO | K52: Salud- Daño Moderado | L52: DAÑOS Y/O LESIONES A NIVEL OSTEOMUSCULAR, DOLORES LUMBARES | M52: N.A | N52: N.A | O52: SE REALIZAN PAUSAS ACTIVAS EN EL INTERMEDIO DE LA JORNADA LABORAL | P52: MEDIO | Q52: =IF(P52="","",IF(P52="BAJO",0,IF(P52="MEDIO",2,IF(P52="ALTO",6,IF(P52="MUY ALTO",10,))))) -> 2 | R52: CONTINUA | S52: =IF(R52="","",IF(R52="Esporadica",1,IF(R52="Ocasional",2,IF(R52="Frecuente",3,IF(R52="Continua",4,))))) -> 4 | T52: =IF(Q52="","",IF(Q52=0,0,IF(Q52>=1,+Q52*S52))) -> 8 | U52: =IF(T52="","",IF(T52<=4,"Bajo",IF(T52<=8,"Medio",IF(T52<=20,"Alto",IF(T52<=40,"Muy Alto"))))) -> Medio | V52: GRAVE | W52: =IF(V52="","",IF(V52="Leve",10,IF(V52="Grave",25,IF(V52="Muy Grave",60,IF(V52="Mortal o catastrófico",100,))))) -> 25 | X52: =IF(W52="","",IF(W52=0,"",IF(W52>=1,+W52*T52,))) -> 200 | Y52: =IF(X52="","",IF(X52<=20,"Mantener las medidas de control existentes",IF(X52<=120,"Mejorar si es posible justificar la intervención y su rentabilidad.",IF(X52<=500,"Corregir y adoptar medidas de control de inmediato si NR es igual o mayor a 360 debe suspender las actividades",IF(X52<=4000,"Situación crítica Suspender actividades hasta que el riesgo sea controlado",))))) -> Corregir y adoptar medidas de control de inmediato si NR es igual o mayor a 360 debe suspender las actividades | Z52: =IF(X52="","",IF(X52<=20,"IV",IF(X52<=120,"III",IF(X52<=500,"II",IF(X52<=4000,"I",))))) -> II | AA52: =IF(Z52="","",IF(Z52="I","No Aceptable",IF(Z52="II","Prioritario",IF(Z52="III","Mejorable",IF(Z52="IV","Aceptable",))))) -> Prioritario | AB52: 1 | AE52: DESORDENES MUSCULOESQUELETICOS | AF52: SI | AG52: N.A | AH52: N.A | AI52: N.A | AJ52: BRINDAR FORMACION Y/O RETROALIMENTACION AL PERSONAL EN RIESGO BIOMECANICO CON ENFASIS EN: Higiene Postural e importancia de las pausas activas | AK52: N.A
F53: SI | G53: QUIMICO | I53: EXPOSICION A DIOXIDO DE CARBONO EMITIDO POR LOS VEHICULOS | J53: NO | K53: Salud- Daño Moderado | L53: MOLESTIAS Y/O ALTERACIONES RESPIRATORIAS, CEFALEA, REACCIONES ALERGICAS DEL CUERPO, | M53: N.A | N53: N.A | O53: USO DE EPP: Proteccion Respiratoria. REALIZACION DE EXAMENES MEDICOS OCUPACIONALES (Espirometrias) | P53: MEDIO | Q53: =IF(P53="","",IF(P53="BAJO",0,IF(P53="MEDIO",2,IF(P53="ALTO",6,IF(P53="MUY ALTO",10,))))) -> 2 | R53: CONTINUA | S53: =IF(R53="","",IF(R53="Esporadica",1,IF(R53="Ocasional",2,IF(R53="Frecuente",3,IF(R53="Continua",4,))))) -> 4 | T53: =IF(Q53="","",IF(Q53=0,0,IF(Q53>=1,+Q53*S53))) -> 8 | U53: =IF(T53="","",IF(T53<=4,"Bajo",IF(T53<=8,"Medio",IF(T53<=20,"Alto",IF(T53<=40,"Muy Alto"))))) -> Medio | V53: LEVE | W53: =IF(V53="","",IF(V53="Leve",10,IF(V53="Grave",25,IF(V53="Muy Grave",60,IF(V53="Mortal o catastrófico",100,))))) -> 10 | X53: =IF(W53="","",IF(W53=0,"",IF(W53>=1,+W53*T53,))) -> 80 | Y53: =IF(X53="","",IF(X53<=20,"Mantener las medidas de control existentes",IF(X53<=120,"Mejorar si es posible justificar la intervención y su rentabilidad.",IF(X53<=500,"Corregir y adoptar medidas de control de inmediato si NR es igual o mayor a 360 debe suspender las actividades",IF(X53<=4000,"Situación crítica Suspender actividades hasta que el riesgo sea controlado",))))) -> Mejorar si es posible justificar la intervención y su rentabilidad. | Z53: =IF(X53="","",IF(X53<=20,"IV",IF(X53<=120,"III",IF(X53<=500,"II",IF(X53<=4000,"I",))))) -> III | AA53: =IF(Z53="","",IF(Z53="I","No Aceptable",IF(Z53="II","Prioritario",IF(Z53="III","Mejorable",IF(Z53="IV","Aceptable",))))) -> Mejorable | AB53: 1 | AE53: ALTERACIONES RESPIRATORIAS | AF53: SI | AG53: N.A | AH53: N.A | AI53: N.A | AJ53: CONTINUAR CON EL CONTROL MEDICO OCUPACIONAL | AK53: REPOSICION DE EPP DE ACUERDO AL USO O VIDA UTIL DEL MISMO
F54: SI | G54: FISICO | I54: EXPOSICION A RUIDO POR ACTIVIDADES MECANICAS PROPIAS DEL TALLER Y LOS VEHICULOS COMO TAL | J54: NO | K54: Salud- Daño Moderado | L54: CEFALEA, ALTERACIONES AUDITIVAS, AGOTAMIENTO, INTERFERENCIA EN LA COMUNICACIÓN | M54: MANTENIMIENTO PREVENTIVO A MAQUINAS Y/O EQUIPOS | N54: N.A | O54: USO DE EPP: Proteccion Auditiva. REALIZACION DE EXAMENES MEDICOS OCUPACIONALES (Audiometrias) | P54: BAJO | Q54: =IF(P54="","",IF(P54="BAJO",0,IF(P54="MEDIO",2,IF(P54="ALTO",6,IF(P54="MUY ALTO",10,))))) -> 0 | R54: FRECUENTE | S54: =IF(R54="","",IF(R54="Esporadica",1,IF(R54="Ocasional",2,IF(R54="Frecuente",3,IF(R54="Continua",4,))))) -> 3 | T54: =IF(Q54="","",IF(Q54=0,0,IF(Q54>=1,+Q54*S54))) -> 0 | U54: =IF(T54="","",IF(T54<=4,"Bajo",IF(T54<=8,"Medio",IF(T54<=20,"Alto",IF(T54<=40,"Muy Alto"))))) -> Bajo | V54: GRAVE | W54: =IF(V54="","",IF(V54="Leve",10,IF(V54="Grave",25,IF(V54="Muy Grave",60,IF(V54="Mortal o catastrófico",100,))))) -> 25 | X54: =IF(W54="","",IF(W54=0,"",IF(W54>=1,+W54*T54,))) -> 0 | Y54: =IF(X54="","",IF(X54<=20,"Mantener las medidas de control existentes",IF(X54<=120,"Mejorar si es posible justificar la intervención y su rentabilidad.",IF(X54<=500,"Corregir y adoptar medidas de control de inmediato si NR es igual o mayor a 360 debe suspender las actividades",IF(X54<=4000,"Situación crítica Suspender actividades hasta que el riesgo sea controlado",))))) -> Mantener las medidas de control existentes | Z54: =IF(X54="","",IF(X54<=20,"IV",IF(X54<=120,"III",IF(X54<=500,"II",IF(X54<=4000,"I",))))) -> IV | AA54: =IF(Z54="","",IF(Z54="I","No Aceptable",IF(Z54="II","Prioritario",IF(Z54="III","Mejorable",IF(Z54="IV","Aceptable",))))) -> Aceptable | AB54: 1 | AE54: PERDIDA UNI O BILATERAL DE LA AUDICION | AF54: SI | AG54: N.A | AH54: N.A | AI54: N.A | AJ54: CONTINUAR CON EL CONTROL MEDICO OCUPACIONAL | AK54: REPOSICION DE EPP DE ACUERDO AL USO O VIDA UTIL DEL MISMO
F55: SI | G55: PSICOLABORAL | I55: CONCENTRACION, ALTA RESPONSABILIDAD DE LA LABOR, VISTO BUENO FINAL PARA SATIFACCION DEL CLIENTE | J55: NO | K55: Salud- Daño Moderado | L55: CANSANCIO, CEFALEA, ALTERACIONES Y/O MOLESTIAS GASTROINTESTINALES, AGOTAMIENTO | M55: N.A | N55: N.A | O55: ACTIVIDADES DEPORTIVAS, RECREATIVAS Y CULTURALES. INCENTIVOS POR VENTAS | P55: ALTO | Q55: =IF(P55="","",IF(P55="BAJO",0,IF(P55="MEDIO",2,IF(P55="ALTO",6,IF(P55="MUY ALTO",10,))))) -> 6 | R55: CONTINUA | S55: =IF(R55="","",IF(R55="Esporadica",1,IF(R55="Ocasional",2,IF(R55="Frecuente",3,IF(R55="Continua",4,))))) -> 4 | T55: =IF(Q55="","",IF(Q55=0,0,IF(Q55>=1,+Q55*S55))) -> 24 | U55: =IF(T55="","",IF(T55<=4,"Bajo",IF(T55<=8,"Medio",IF(T55<=20,"Alto",IF(T55<=40,"Muy Alto"))))) -> Muy Alto | V55: LEVE | W55: =IF(V55="","",IF(V55="Leve",10,IF(V55="Grave",25,IF(V55="Muy Grave",60,IF(V55="Mortal o catastrófico",100,))))) -> 10 | X55: =IF(W55="","",IF(W55=0,"",IF(W55>=1,+W55*T55,))) -> 240 | Y55: =IF(X55="","",IF(X55<=20,"Mantener las medidas de control existentes",IF(X55<=120,"Mejorar si es posible justificar la intervención y su rentabilidad.",IF(X55<=500,"Corregir y adoptar medidas de control de inmediato si NR es igual o mayor a 360 debe suspender las actividades",IF(X55<=4000,"Situación crítica Suspender actividades hasta que el riesgo sea controlado",))))) -> Corregir y adoptar medidas de control de inmediato si NR es igual o mayor a 360 debe suspender las actividades | Z55: =IF(X55="","",IF(X55<=20,"IV",IF(X55<=120,"III",IF(X55<=500,"II",IF(X55<=4000,"I",))))) -> II | AA55: =IF(Z55="","",IF(Z55="I","No Aceptable",IF(Z55="II","Prioritario",IF(Z55="III","Mejorable",IF(Z55="IV","Aceptable",))))) -> Prioritario | AB55: 1 | AE55: ESTRÉS LABORAL | AF55: SI | AG55: N.A | AH55: N.A | AI55: N.A | AJ55: VERIFICAR CON RESULTADOS DE APLICACIÓN DE BATERIAS SI SE REQUIERE INTERVENCION PARA RIESGO PSICOSOCIAL: CONTINUAR CON ACTIVIDADES DE INTEGRACION, RECREACION, DEPORTE Y/O CULTURA; BRINDAR FORMACION O RETROALIMENTACION LUDICA AL PERSONAL EN MANEJO DEL ESTRÉS, LIDERAZGO, RELACIONES INTERPERSONALES, COMUNICACION ASERTIVA, ATENCION AL CLIENTE | AK55: N.A
F56: SI | G56: CONDICIONES DE SEGURIDAD | I56: TRANSITO INTERNO DE VEHICULOS | J56: NO | K56: Salud- Daño Moderado | L56: ATROPELLAMIENTOS, CHOQUES, LESIONES FISICAS, POLITRAUMATISMOS | M56: VELOCIDAD AL INTERIOR DE LAS INSTALACIONES INFERIOR A LOS 20KM / H | N56: N.A | O56: N.A | P56: MEDIO | Q56: =IF(P56="","",IF(P56="BAJO",0,IF(P56="MEDIO",2,IF(P56="ALTO",6,IF(P56="MUY ALTO",10,))))) -> 2 | R56: CONTINUA | S56: =IF(R56="","",IF(R56="Esporadica",1,IF(R56="Ocasional",2,IF(R56="Frecuente",3,IF(R56="Continua",4,))))) -> 4 | T56: =IF(Q56="","",IF(Q56=0,0,IF(Q56>=1,+Q56*S56))) -> 8 | U56: Medio | V56: GRAVE | W56: =IF(V56="","",IF(V56="Leve",10,IF(V56="Grave",25,IF(V56="Muy Grave",60,IF(V56="Mortal o catastrófico",100,))))) -> 25 | X56: =IF(W56="","",IF(W56=0,"",IF(W56>=1,+W56*T56,))) -> 200 | Y56: =IF(X56="","",IF(X56<=20,"Mantener las medidas de control existentes",IF(X56<=120,"Mejorar si es posible justificar la intervención y su rentabilidad.",IF(X56<=500,"Corregir y adoptar medidas de control de inmediato si NR es igual o mayor a 360 debe suspender las actividades",IF(X56<=4000,"Situación crítica Suspender actividades hasta que el riesgo sea controlado",))))) -> Corregir y adoptar medidas de control de inmediato si NR es igual o mayor a 360 debe suspender las actividades | Z56: =IF(X56="","",IF(X56<=20,"IV",IF(X56<=120,"III",IF(X56<=500,"II",IF(X56<=4000,"I",))))) -> II | AA56: =IF(Z56="","",IF(Z56="I","No Aceptable",IF(Z56="II","Prioritario",IF(Z56="III","Mejorable",IF(Z56="IV","Aceptable",))))) -> Prioritario | AB56: 1 | AE56: TRAUMA CRANEOENCEFALICO | AF56: SI | AG56: N.A | AH56: N.A | AI56: N.A | AJ56: DISEÑAR Y SOCIALIZAR NORMAS O ESTANDARES DE SEGURIDAD VIAL PARA CONDUCCION Y TRANSITO DE VEHICULOS | AK56: N.A
F57: SI | G57: CONDICIONES DE SEGURIDAD | I57: EXPOSICION A RIESGO LOCATIVO POR EL DESPLAZAMIENTO INTERNO POR ESCALAS | J57: NO | K57: Salud- Daño Moderado | L57: TROPEZONES, GOLPES, ESGUINCES, LUXACIONES, TORCEDURAS, HEMATOMAS | M57: N.A | N57: N.A | O57: ESCALAS CON PASAMANOS | P57: MEDIO | Q57: =IF(P57="","",IF(P57="BAJO",0,IF(P57="MEDIO",2,IF(P57="ALTO",6,IF(P57="MUY ALTO",10,))))) -> 2 | R57: OCASIONAL | S57: =IF(R57="","",IF(R57="Esporadica",1,IF(R57="Ocasional",2,IF(R57="Frecuente",3,IF(R57="Continua",4,))))) -> 2 | T57: =IF(Q57="","",IF(Q57=0,0,IF(Q57>=1,+Q57*S57))) -> 4 | U57: =IF(T57="","",IF(T57<=4,"Bajo",IF(T57<=8,"Medio",IF(T57<=20,"Alto",IF(T57<=40,"Muy Alto"))))) -> Bajo | V57: GRAVE | W57: =IF(V57="","",IF(V57="Leve",10,IF(V57="Grave",25,IF(V57="Muy Grave",60,IF(V57="Mortal o catastrófico",100,))))) -> 25 | X57: =IF(W57="","",IF(W57=0,"",IF(W57>=1,+W57*T57,))) -> 100 | Y57: =IF(X57="","",IF(X57<=20,"Mantener las medidas de control existentes",IF(X57<=120,"Mejorar si es posible justificar la intervención y su rentabilidad.",IF(X57<=500,"Corregir y adoptar medidas de control de inmediato si NR es igual o mayor a 360 debe suspender las actividades",IF(X57<=4000,"Situación crítica Suspender actividades hasta que el riesgo sea controlado",))))) -> Mejorar si es posible justificar la intervención y su rentabilidad. | Z57: =IF(X57="","",IF(X57<=20,"IV",IF(X57<=120,"III",IF(X57<=500,"II",IF(X57<=4000,"I",))))) -> III | AA57: =IF(Z57="","",IF(Z57="I","No Aceptable",IF(Z57="II","Prioritario",IF(Z57="III","Mejorable",IF(Z57="IV","Aceptable",))))) -> Mejorable | AB57: 1 | AE57: FRACTURA DE HUESOS LARGOS | AF57: SI | AG57: N.A | AH57: N.A | AI57: DE ACUERDO A PROGRAMACION PARA INSPECCIONES LOCATIVAS POR PARTE DEL COPASST SE DEBE VERIFICAR SI TODAS LAS ESCALAS CUENTAN CON PASAMANOS Y CINTA ANTIDESLIZANTE | AJ57: BRINDAR FORMACION AL PERSONAL EXPUESTO EN RIESGO LOCATIVO CON ENFASIS EN "Prevencion de Caidas a un mismo y a diferente Nivel" ADECUAR SEÑALIZACION SOBRE "Peligro de Caida o Camine No corra" | AK57: N.A
B58: MECANICOS | D58: TALLER | E58: REALIZAR DIAGNOSTICO Y BASICAS DE VEHICULOS DIESEL, GASOLINA O ELECTRICIDAD SEGUN LA NECESIDAD: Solicitar repuestos cuando sea del caso / Verificar trabajos antes de pasar al control calidad /Realizar autoevaluación de los trabajos antes de pasar al control de calidad. MANTENIMIENTO Y REPARACION TECNICA, MECANICA Y ELECTRICA DE VEHICULOS | F58: SI | G58: BIOMECÀNICOS | I58: ADOPCION DE POSTURAS ANTIGRAVITACIONALES (Bipeda, Sedente, Agachado, Encorvado, con estiramiento de brazos por encima de los hombros, en cuclillas) | J58: NO | K58: Salud- Daño Moderado | L58: DAÑOS Y/O LESIONES A NIVEL OSTEOMUSCULAR, DOLORES LUMBARES | M58: N.A | N58: AYUDAS MECANICAS PARA LEVANTAMIENTO O MANIPULACION DE PESOS (Diferenciales, gatos tipo plataforma, Gato Tipo zorra, Gatos Hidraulicos, Prensa) | O58: SE REALIZAN PAUSAS ACTIVAS EN EL INTERMEDIO DE LA JORNADA LABORAL REALIZACION DE EXAMENES MEDICOS OCUPACIONALES (Enfasisi Osteomuscular) | P58: MEDIO | Q58: =IF(P58="","",IF(P58="BAJO",0,IF(P58="MEDIO",2,IF(P58="ALTO",6,IF(P58="MUY ALTO",10,))))) -> 2 | R58: CONTINUA | S58: =IF(R58="","",IF(R58="Esporadica",1,IF(R58="Ocasional",2,IF(R58="Frecuente",3,IF(R58="Continua",4,))))) -> 4 | T58: =IF(Q58="","",IF(Q58=0,0,IF(Q58>=1,+Q58*S58))) -> 8 | U58: =IF(T58="","",IF(T58<=4,"Bajo",IF(T58<=8,"Medio",IF(T58<=20,"Alto",IF(T58<=40,"Muy Alto"))))) -> Medio | V58: GRAVE | W58: =IF(V58="","",IF(V58="Leve",10,IF(V58="Grave",25,IF(V58="Muy Grave",60,IF(V58="Mortal o catastrófico",100,))))) -> 25 | X58: =IF(W58="","",IF(W58=0,"",IF(W58>=1,+W58*T58,))) -> 200 | Y58: =IF(X58="","",IF(X58<=20,"Mantener las medidas de control existentes",IF(X58<=120,"Mejorar si es posible justificar la intervención y su rentabilidad.",IF(X58<=500,"Corregir y adoptar medidas de control de inmediato si NR es igual o mayor a 360 debe suspender las actividades",IF(X58<=4000,"Situación crítica Suspender actividades hasta que el riesgo sea controlado",))))) -> Corregir y adoptar medidas de control de inmediato si NR es igual o mayor a 360 debe suspender las actividades | Z58: =IF(X58="","",IF(X58<=20,"IV",IF(X58<=120,"III",IF(X58<=500,"II",IF(X58<=4000,"I",))))) -> II | AA58: =IF(Z58="","",IF(Z58="I","No Aceptable",IF(Z58="II","Prioritario",IF(Z58="III","Mejorable",IF(Z58="IV","Aceptable",))))) -> Prioritario | AB58: 6 | AE58: DESORDENES MUSCULOESQUELETICOS | AF58: SI | AG58: N.A | AH58: N.A | AI58: DE ACUERDO A PROGRAMACION PARA INSPECCIONES A MAQUINAS Y EQUIPOS POR PARTE DEL COPASST SE DEBE VERIFICAR EL PROGRAMA DE MANTENIMIENTO PREVENTIVO/CORRECTIVO DE MAQUINAS Y EQUIPOS | AJ58: BRINDAR FORMACION Y/O RETROALIMENTACION AL PERSONAL EN RIESGO BIOMECANICO CON ENFASIS EN: Higiene Postural e importancia de las pausas activas | AK58: N.A
F59: SI | G59: QUIMICO | I59: EXPOSICION A DIOXIDO DE CARBONO EMITIDO POR LOS VEHICULOS; MANIPULACION DE DESENGRASANTES, ACEITES, | J59: NO | K59: Salud- Daño Moderado | L59: MOLESTIAS Y/O ALTERACIONES RESPIRATORIAS, CEFALEA, REACCIONES ALERGICAS DEL CUERPO | M59: N.A | N59: HDS PARA PRODUCTOS QUIMICOS, CANECAS PARA DESTINAR RESIDUOS PELIGROSOS O CONTAMINADOS Y KIT ANTIDERRAMES | O59: USO DE EPP: Proteccion Respiratoria. REALIZACION DE EXAMENES MEDICOS OCUPACIONALES (Espirometrias) | P59: MEDIO | Q59: =IF(P59="","",IF(P59="BAJO",0,IF(P59="MEDIO",2,IF(P59="ALTO",6,IF(P59="MUY ALTO",10,))))) -> 2 | R59: CONTINUA | S59: =IF(R59="","",IF(R59="Esporadica",1,IF(R59="Ocasional",2,IF(R59="Frecuente",3,IF(R59="Continua",4,))))) -> 4 | T59: =IF(Q59="","",IF(Q59=0,0,IF(Q59>=1,+Q59*S59))) -> 8 | U59: =IF(T59="","",IF(T59<=4,"Bajo",IF(T59<=8,"Medio",IF(T59<=20,"Alto",IF(T59<=40,"Muy Alto"))))) -> Medio | V59: LEVE | W59: =IF(V59="","",IF(V59="Leve",10,IF(V59="Grave",25,IF(V59="Muy Grave",60,IF(V59="Mortal o catastrófico",100,))))) -> 10 | X59: =IF(W59="","",IF(W59=0,"",IF(W59>=1,+W59*T59,))) -> 80 | Y59: =IF(X59="","",IF(X59<=20,"Mantener las medidas de control existentes",IF(X59<=120,"Mejorar si es posible justificar la intervención y su rentabilidad.",IF(X59<=500,"Corregir y adoptar medidas de control de inmediato si NR es igual o mayor a 360 debe suspender las actividades",IF(X59<=4000,"Situación crítica Suspender actividades hasta que el riesgo sea controlado",))))) -> Mejorar si es posible justificar la intervención y su rentabilidad. | Z59: =IF(X59="","",IF(X59<=20,"IV",IF(X59<=120,"III",IF(X59<=500,"II",IF(X59<=4000,"I",))))) -> III | AA59: =IF(Z59="","",IF(Z59="I","No Aceptable",IF(Z59="II","Prioritario",IF(Z59="III","Mejorable",IF(Z59="IV","Aceptable",))))) -> Mejorable | AB59: 6 | AE59: ALTERACIONES RESPIRATORIAS | AF59: SI | AG59: N.A | AH59: N.A | AI59: N.A | AJ59: CONTINUAR CON EL CONTROL MEDICO OCUPACIONAL, RETROALIMENTAR FORMACION EN USO, INSPECCION, MANTENIMIENTO DE EPP | AK59: REPOSICION DE EPP DE ACUERDO AL USO O VIDA UTIL DEL MISMO
F60: NO | G60: FISICO | I60: EXPOSICION A RUIDO POR ACTIVIDADES MECANICAS PROPIAS DEL TALLER Y LOS VEHICULOS, MANIPULACION DE HERRAMIENTAS NEUMATICAS | J60: NO | K60: Salud- Daño Moderado | L60: CEFALEA, ALTERACIONES AUDITIVAS, AGOTAMIENTO, INTERFERENCIA EN LA COMUNICACIÓN | M60: MANTENIMIENTO PREVENTIVO A MAQUINAS Y/O EQUIPOS | N60: N.A | O60: USO DE EPP: Proteccion Auditiva. REALIZACION DE EXAMENES MEDICOS OCUPACIONALES (Audiometrias) | P60: MEDIO | Q60: =IF(P60="","",IF(P60="BAJO",0,IF(P60="MEDIO",2,IF(P60="ALTO",6,IF(P60="MUY ALTO",10,))))) -> 2 | R60: FRECUENTE | S60: =IF(R60="","",IF(R60="Esporadica",1,IF(R60="Ocasional",2,IF(R60="Frecuente",3,IF(R60="Continua",4,))))) -> 3 | T60: =IF(Q60="","",IF(Q60=0,0,IF(Q60>=1,+Q60*S60))) -> 6 | U60: =IF(T60="","",IF(T60<=4,"Bajo",IF(T60<=8,"Medio",IF(T60<=20,"Alto",IF(T60<=40,"Muy Alto"))))) -> Medio | V60: GRAVE | W60: =IF(V60="","",IF(V60="Leve",10,IF(V60="Grave",25,IF(V60="Muy Grave",60,IF(V60="Mortal o catastrófico",100,))))) -> 25 | X60: =IF(W60="","",IF(W60=0,"",IF(W60>=1,+W60*T60,))) -> 150 | Y60: =IF(X60="","",IF(X60<=20,"Mantener las medidas de control existentes",IF(X60<=120,"Mejorar si es posible justificar la intervención y su rentabilidad.",IF(X60<=500,"Corregir y adoptar medidas de control de inmediato si NR es igual o mayor a 360 debe suspender las actividades",IF(X60<=4000,"Situación crítica Suspender actividades hasta que el riesgo sea controlado",))))) -> Corregir y adoptar medidas de control de inmediato si NR es igual o mayor a 360 debe suspender las actividades | Z60: =IF(X60="","",IF(X60<=20,"IV",IF(X60<=120,"III",IF(X60<=500,"II",IF(X60<=4000,"I",))))) -> II | AA60: =IF(Z60="","",IF(Z60="I","No Aceptable",IF(Z60="II","Prioritario",IF(Z60="III","Mejorable",IF(Z60="IV","Aceptable",))))) -> Prioritario | AB60: 6 | AE60: PERDIDA UNI O BILATERAL DE LA AUDICION | AF60: SI | AG60: N.A | AH60: N.A | AI60: N.A | AJ60: CONTINUAR CON EL CONTROL MEDICO OCUPACIONAL, RETROALIMENTAR FORMACION EN USO, INSPECCION, MANTENIMIENTO DE EPP | AK60: REPOSICION DE EPP DE ACUERDO AL USO O VIDA UTIL DEL MISMO
F61: SI | G61: PSICOLABORAL | I61: CONCENTRACION, ALTA RESPONSABILIDAD DE LA LABOR, VISTO BUENO FINAL PARA SATIFACCION DEL CLIENTE | J61: NO | K61: Salud- Daño Moderado | L61: CANSANCIO, CEFALEA, ALTERACIONES Y/O MOLESTIAS GASTROINTESTINALES, AGOTAMIENTO | M61: N.A | N61: N.A | O61: ACTIVIDADES DEPORTIVAS, RECREATIVAS Y CULTURALES. INCENTIVOS POR VENTAS | P61: MEDIO | Q61: =IF(P61="","",IF(P61="BAJO",0,IF(P61="MEDIO",2,IF(P61="ALTO",6,IF(P61="MUY ALTO",10,))))) -> 2 | R61: CONTINUA | S61: =IF(R61="","",IF(R61="Esporadica",1,IF(R61="Ocasional",2,IF(R61="Frecuente",3,IF(R61="Continua",4,))))) -> 4 | T61: =IF(Q61="","",IF(Q61=0,0,IF(Q61>=1,+Q61*S61))) -> 8 | U61: =IF(T61="","",IF(T61<=4,"Bajo",IF(T61<=8,"Medio",IF(T61<=20,"Alto",IF(T61<=40,"Muy Alto"))))) -> Medio | V61: LEVE | W61: =IF(V61="","",IF(V61="Leve",10,IF(V61="Grave",25,IF(V61="Muy Grave",60,IF(V61="Mortal o catastrófico",100,))))) -> 10 | X61: =IF(W61="","",IF(W61=0,"",IF(W61>=1,+W61*T61,))) -> 80 | Y61: =IF(X61="","",IF(X61<=20,"Mantener las medidas de control existentes",IF(X61<=120,"Mejorar si es posible justificar la intervención y su rentabilidad.",IF(X61<=500,"Corregir y adoptar medidas de control de inmediato si NR es igual o mayor a 360 debe suspender las actividades",IF(X61<=4000,"Situación crítica Suspender actividades hasta que el riesgo sea controlado",))))) -> Mejorar si es posible justificar la intervención y su rentabilidad. | Z61: =IF(X61="","",IF(X61<=20,"IV",IF(X61<=120,"III",IF(X61<=500,"II",IF(X61<=4000,"I",))))) -> III | AA61: =IF(Z61="","",IF(Z61="I","No Aceptable",IF(Z61="II","Prioritario",IF(Z61="III","Mejorable",IF(Z61="IV","Aceptable",))))) -> Mejorable | AB61: 6 | AE61: ESTRÉS LABORAL | AF61: SI | AG61: N.A | AH61: N.A | AI61: N.A | AJ61: VERIFICAR CON RESULTADOS DE APLICACIÓN DE BATERIAS SI SE REQUIERE INTERVENCION PARA RIESGO PSICOSOCIAL: CONTINUAR CON ACTIVIDADES DE INTEGRACION, RECREACION, DEPORTE Y/O CULTURA; BRINDAR FORMACION O RETROALIMENTACION LUDICA AL PERSONAL EN MANEJO DEL ESTRÉS, RELACIONES INTERPERSONALES, COMUNICACION ASERTIVA, ATENCION AL CLIENTE | AK61: N.A
F62: SI | G62: CONDICIONES DE SEGURIDAD | I62: MANIPULACION DE MAQUINAS, EQUIPOS Y/O HERRAMIENTAS EN LAS ESTACIONES DE TRABAJO DE CADA MECANICO | J62: si | K62: Salud- Daño extremo | L62: GOLPES, HERIDAS, MACHUCONES, PELLIZCOS, ATRAPAMIENTOS, CORTADAS, APLASTAMIENTOS | M62: MANTENIMIENTO PREVENTIVO A MAQUINAS Y/O EQUIPOS | N62: SEÑALIZACION DE RIESGO MECANICO | O62: USO DE EPP: Guantes (De acuerdo a la funcion o tarea donde se requieran) | P62: ALTO | Q62: =IF(P62="","",IF(P62="BAJO",0,IF(P62="MEDIO",2,IF(P62="ALTO",6,IF(P62="MUY ALTO",10,))))) -> 6 | R62: CONTINUA | S62: =IF(R62="","",IF(R62="Esporadica",1,IF(R62="Ocasional",2,IF(R62="Frecuente",3,IF(R62="Continua",4,))))) -> 4 | T62: =IF(Q62="","",IF(Q62=0,0,IF(Q62>=1,+Q62*S62))) -> 24 | U62: =IF(T62="","",IF(T62<=4,"Bajo",IF(T62<=8,"Medio",IF(T62<=20,"Alto",IF(T62<=40,"Muy Alto"))))) -> Muy Alto | V62: GRAVE | W62: =IF(V62="","",IF(V62="Leve",10,IF(V62="Grave",25,IF(V62="Muy Grave",60,IF(V62="Mortal o catastrófico",100,))))) -> 25 | X62: =IF(W62="","",IF(W62=0,"",IF(W62>=1,+W62*T62,))) -> 600 | Y62: =IF(X62="","",IF(X62<=20,"Mantener las medidas de control existentes",IF(X62<=120,"Mejorar si es posible justificar la intervención y su rentabilidad.",IF(X62<=500,"Corregir y adoptar medidas de control de inmediato si NR es igual o mayor a 360 debe suspender las actividades",IF(X62<=4000,"Situación crítica Suspender actividades hasta que el riesgo sea controlado",))))) -> Situación crítica Suspender actividades hasta que el riesgo sea controlado | Z62: =IF(X62="","",IF(X62<=20,"IV",IF(X62<=120,"III",IF(X62<=500,"II",IF(X62<=4000,"I",))))) -> I | AA62: =IF(Z62="","",IF(Z62="I","No Aceptable",IF(Z62="II","Prioritario",IF(Z62="III","Mejorable",IF(Z62="IV","Aceptable",))))) -> No Aceptable | AB62: 6 | AE62: AMPUTACIONES | AF62: SI | AG62: N.A | AH62: N.A | AI62: DE ACUERDO A PROGRAMACION PARA INSPECCIONES A MAQUINAS Y EQUIPOS POR PARTE DEL COPASST SE DEBE VERIFICAR EL SEGUIMIENTO AL PROGRAMA DE MANTENIMIENTO PREVENTIVO/CORRECTIVO DE MAQUINAS Y EQUIPOS | AJ62: DOCUMENTAR PROGRAMA PARA PREVENCION DE LESIONES EN MANOS; BRINDAR FORMACION AL PERSONAL EN RIESGO MECANICO CON ENFASIS EN "Prevencion de Lesiones en Manos", FACILITAR AL PERSONAL FORMATO PARA REPORTE DE ACTOS Y CONDICIONES INSEGURAS DONDE SE REPORTE LAS NOVEDADES EN MAQUINAS, EQUIPOS O HERRAMIENTAS QUE REQUIERAN CAMBIO O MANTENIMIENTO | AK62: REPOSICION DE EPP DE ACUERDO AL USO O VIDA UTIL DEL MISMO
F63: SI | G63: CONDICIONES DE SEGURIDAD | I63: TRANSITO INTERNO DE VEHICULOS | J63: NO | K63: Salud- Daño Moderado | L63: ATROPELLAMIENTOS, CHOQUES, LESIONES FISICAS, POLITRAUMATISMOS | M63: VELOCIDAD AL INTERIOR DE LAS INSTALACIONES INFERIOR A LOS 20KM / H | N63: N.A | O63: N.A | P63: MEDIO | Q63: =IF(P63="","",IF(P63="BAJO",0,IF(P63="MEDIO",2,IF(P63="ALTO",6,IF(P63="MUY ALTO",10,))))) -> 2 | R63: CONTINUA | S63: =IF(R63="","",IF(R63="Esporadica",1,IF(R63="Ocasional",2,IF(R63="Frecuente",3,IF(R63="Continua",4,))))) -> 4 | T63: =IF(Q63="","",IF(Q63=0,0,IF(Q63>=1,+Q63*S63))) -> 8 | U63: Medio | V63: GRAVE | W63: =IF(V63="","",IF(V63="Leve",10,IF(V63="Grave",25,IF(V63="Muy Grave",60,IF(V63="Mortal o catastrófico",100,))))) -> 25 | X63: =IF(W63="","",IF(W63=0,"",IF(W63>=1,+W63*T63,))) -> 200 | Y63: =IF(X63="","",IF(X63<=20,"Mantener las medidas de control existentes",IF(X63<=120,"Mejorar si es posible justificar la intervención y su rentabilidad.",IF(X63<=500,"Corregir y adoptar medidas de control de inmediato si NR es igual o mayor a 360 debe suspender las actividades",IF(X63<=4000,"Situación crítica Suspender actividades hasta que el riesgo sea controlado",))))) -> Corregir y adoptar medidas de control de inmediato si NR es igual o mayor a 360 debe suspender las actividades | Z63: =IF(X63="","",IF(X63<=20,"IV",IF(X63<=120,"III",IF(X63<=500,"II",IF(X63<=4000,"I",))))) -> II | AA63: =IF(Z63="","",IF(Z63="I","No Aceptable",IF(Z63="II","Prioritario",IF(Z63="III","Mejorable",IF(Z63="IV","Aceptable",))))) -> Prioritario | AB63: 6 | AE63: APLASTAMIENTO | AF63: SI | AG63: N.A | AH63: N.A | AI63: N.A | AJ63: DISEÑAR Y SOCIALIZAR NORMAS O ESTANDARES DE SEGURIDAD VIAL PARA CONDUCCION Y TRANSITO DE VEHICULOS | AK63: N.A
F64: SI | G64: CONDICIONES DE SEGURIDAD | I64: EXPOSICION A RIESGO LOCATIVO POR DESPLAZAMIENTO INTERNO POR ESCALAS, PRESENCIA DE VIDRIOS | J64: NO | K64: Salud- Daño Moderado | L64: TROPEZONES, GOLPES, ESGUINCES, LUXACIONES, TORCEDURAS, HEMATOMAS | M64: BOTIQUIN DE PRIMEROS AUXILIOS | N64: SEÑALIZACION PARA ESCALAS | O64: ESCALAS CON PASAMANOS | P64: MEDIO | Q64: =IF(P64="","",IF(P64="BAJO",0,IF(P64="MEDIO",2,IF(P64="ALTO",6,IF(P64="MUY ALTO",10,))))) -> 2 | R64: CONTINUA | S64: =IF(R64="","",IF(R64="Esporadica",1,IF(R64="Ocasional",2,IF(R64="Frecuente",3,IF(R64="Continua",4,))))) -> 4 | T64: =IF(Q64="","",IF(Q64=0,0,IF(Q64>=1,+Q64*S64))) -> 8 | U64: =IF(T64="","",IF(T64<=4,"Bajo",IF(T64<=8,"Medio",IF(T64<=20,"Alto",IF(T64<=40,"Muy Alto"))))) -> Medio | V64: GRAVE | W64: =IF(V64="","",IF(V64="Leve",10,IF(V64="Grave",25,IF(V64="Muy Grave",60,IF(V64="Mortal o catastrófico",100,))))) -> 25 | X64: =IF(W64="","",IF(W64=0,"",IF(W64>=1,+W64*T64,))) -> 200 | Y64: =IF(X64="","",IF(X64<=20,"Mantener las medidas de control existentes",IF(X64<=120,"Mejorar si es posible justificar la intervención y su rentabilidad.",IF(X64<=500,"Corregir y adoptar medidas de control de inmediato si NR es igual o mayor a 360 debe suspender las actividades",IF(X64<=4000,"Situación crítica Suspender actividades hasta que el riesgo sea controlado",))))) -> Corregir y adoptar medidas de control de inmediato si NR es igual o mayor a 360 debe suspender las actividades | Z64: =IF(X64="","",IF(X64<=20,"IV",IF(X64<=120,"III",IF(X64<=500,"II",IF(X64<=4000,"I",))))) -> II | AA64: =IF(Z64="","",IF(Z64="I","No Aceptable",IF(Z64="II","Prioritario",IF(Z64="III","Mejorable",IF(Z64="IV","Aceptable",))))) -> Prioritario | AB64: 6 | AE64: FRACTURA DE HUESOS LARGOS | AF64: SI | AG64: N.A | AH64: N.A | AI64: DE ACUERDO A PROGRAMACION PARA INSPECCIONES LOCATIVAS POR PARTE DEL COPASST SE DEBE VERIFICAR SI TODAS LAS ESCALAS CUENTAN CON PASAMANOS Y CINTA ANTIDESLIZANTE | AJ64: BRINDAR FORMACION AL PERSONAL EXPUESTO EN RIESGO LOCATIVO CON ENFASIS EN "Prevencion de Caidas a un mismo y a diferente Nivel" ADECUAR SEÑALIZACION SOBRE "Peligro de Caida o Camine No corra" | AK64: N.A
F65: SI | G65: CONDICIONES DE SEGURIDAD | I65: RIESGO PUBLICO POR ATENCION A CLIENTES | J65: NO | K65: Salud- Daño leve | L65: AGRESIONES FISICAS O VERBALES, HERIDAS, LESIONES MULTIPLES | M65: BOTIQUIN DE PRIMEROS AUXILIOS | N65: N.A | O65: N.A | P65: BAJO | Q65: =IF(P65="","",IF(P65="BAJO",0,IF(P65="MEDIO",2,IF(P65="ALTO",6,IF(P65="MUY ALTO",10,))))) -> 0 | R65: FRECUENTE | S65: =IF(R65="","",IF(R65="Esporadica",1,IF(R65="Ocasional",2,IF(R65="Frecuente",3,IF(R65="Continua",4,))))) -> 3 | T65: =IF(Q65="","",IF(Q65=0,0,IF(Q65>=1,+Q65*S65))) -> 0 | U65: =IF(T65="","",IF(T65<=4,"Bajo",IF(T65<=8,"Medio",IF(T65<=20,"Alto",IF(T65<=40,"Muy Alto"))))) -> Bajo | V65: LEVE | W65: =IF(V65="","",IF(V65="Leve",10,IF(V65="Grave",25,IF(V65="Muy Grave",60,IF(V65="Mortal o catastrófico",100,))))) -> 10 | X65: =IF(W65="","",IF(W65=0,"",IF(W65>=1,+W65*T65,))) -> 0 | Y65: =IF(X65="","",IF(X65<=20,"Mantener las medidas de control existentes",IF(X65<=120,"Mejorar si es posible justificar la intervención y su rentabilidad.",IF(X65<=500,"Corregir y adoptar medidas de control de inmediato si NR es igual o mayor a 360 debe suspender las actividades",IF(X65<=4000,"Situación crítica Suspender actividades hasta que el riesgo sea controlado",))))) -> Mantener las medidas de control existentes | Z65: =IF(X65="","",IF(X65<=20,"IV",IF(X65<=120,"III",IF(X65<=500,"II",IF(X65<=4000,"I",))))) -> IV | AA65: =IF(Z65="","",IF(Z65="I","No Aceptable",IF(Z65="II","Prioritario",IF(Z65="III","Mejorable",IF(Z65="IV","Aceptable",))))) -> Aceptable | AB65: 6 | AE65: TRAUMAS MULTIPLES EN DIFERENTES PARTES DEL CUERPO | AF65: SI | AG65: N.A | AH65: N.A | AI65: N.A | AJ65: BRINDAR FORMACION EN RIESGO PUBLICO CON ENFASIS EN "Atencion al Cliente" | AK65: N.A
B66: TODOS LOS CARGOS | D66: TODA LA EMPRESA | E66: MANTENIMIENTO Y REPARACION TECNICA, MECANICA Y ELECTRICA DE VEHICULOS AUDI Y VOLSWAGUEN | F66: SI | G66: FENÓMENOS NATURALES | I66: RIESGO POR FENOMENOS NATURALES COMO: Tormentas Electricas, Vendavales, Sismo, Terremoto | J66: NO | K66: Salud- Daño extremo | L66: POLITRAUMATISMOS, LESIONES SEVERAS, ALTERACIONES NERVIOSAS | M66: N.A | N66: PLAN DE EMERGENCIAS | O66: N.A | P66: MEDIO | Q66: =IF(P66="","",IF(P66="BAJO",0,IF(P66="MEDIO",2,IF(P66="ALTO",6,IF(P66="MUY ALTO",10,))))) -> 2 | R66: ESPORADICO | S66: =IF(R66="","",IF(R66="Esporadica",1,IF(R66="Ocasional",2,IF(R66="Frecuente",3,IF(R66="Continua",4,))))) -> 0 | T66: =IF(Q66="","",IF(Q66=0,0,IF(Q66>=1,+Q66*S66))) -> 0 | U66: =IF(T66="","",IF(T66<=4,"Bajo",IF(T66<=8,"Medio",IF(T66<=20,"Alto",IF(T66<=40,"Muy Alto"))))) -> Bajo | V66: MUY GRAVE | W66: =IF(V66="","",IF(V66="Leve",10,IF(V66="Grave",25,IF(V66="Muy Grave",60,IF(V66="Mortal o catastrófico",100,))))) -> 60 | X66: =IF(W66="","",IF(W66=0,"",IF(W66>=1,+W66*T66,))) -> 0 | Y66: =IF(X66="","",IF(X66<=20,"Mantener las medidas de control existentes",IF(X66<=120,"Mejorar si es posible justificar la intervención y su rentabilidad.",IF(X66<=500,"Corregir y adoptar medidas de control de inmediato si NR es igual o mayor a 360 debe suspender las actividades",IF(X66<=4000,"Situación crítica Suspender actividades hasta que el riesgo sea controlado",))))) -> Mantener las medidas de control existentes | Z66: =IF(X66="","",IF(X66<=20,"IV",IF(X66<=120,"III",IF(X66<=500,"II",IF(X66<=4000,"I",))))) -> IV | AA66: =IF(Z66="","",IF(Z66="I","No Aceptable",IF(Z66="II","Prioritario",IF(Z66="III","Mejorable",IF(Z66="IV","Aceptable",))))) -> Aceptable | AB66: 26 | AE66: LESIONES MULTIPLES | AF66: SI | AG66: NA | AH66: NA | AI66: LA BRIGADA DEBE GARANTIZAR LAS INSPECCIONES EFECTIVAS A LOS EQUIPOS PARA LOGISTICA DE EMERGENCIAS | AJ66: REALIZAR LAS PRACTICAS (Simulacros) DE EVACUACION, PRIMEROS AUXILIOS Y CONTRAINCENDIOS MINIMO 2 VECES AL AÑO; MANTENER DESPEJADAS AREAS DE CIRCULACION PARA RESPONDER DE MANERA EFECTIVA A UNA EVACUACION EN CASO DE EMERGENCIA | AK66: N.A
F67: NO | G67: CONDICIONES DE SEGURIDAD | I67: RIESGO DE DERRAMES, EXPLOSIONES, ESCAPES ETC | J67: NO | K67: Salud- Daño Moderado | L67: ASFIXIA, CONNATOS, POLITRAUMATISMOS, DESMAYOS | M67: N.A | N67: SEÑALIZACION DE SEGURIDAD INDUSTRIAL | O67: N.A | P67: MEDIO | Q67: =IF(P67="","",IF(P67="BAJO",0,IF(P67="MEDIO",2,IF(P67="ALTO",6,IF(P67="MUY ALTO",10,))))) -> 2 | R67: FRECUENTE | S67: =IF(R67="","",IF(R67="Esporadica",1,IF(R67="Ocasional",2,IF(R67="Frecuente",3,IF(R67="Continua",4,))))) -> 3 | T67: =IF(Q67="","",IF(Q67=0,0,IF(Q67>=1,+Q67*S67))) -> 6 | U67: =IF(T67="","",IF(T67<=4,"Bajo",IF(T67<=8,"Medio",IF(T67<=20,"Alto",IF(T67<=40,"Muy Alto"))))) -> Medio | V67: GRAVE | W67: =IF(V67="","",IF(V67="Leve",10,IF(V67="Grave",25,IF(V67="Muy Grave",60,IF(V67="Mortal o catastrófico",100,))))) -> 25 | X67: =IF(W67="","",IF(W67=0,"",IF(W67>=1,+W67*T67,))) -> 150 | Y67: =IF(X67="","",IF(X67<=20,"Mantener las medidas de control existentes",IF(X67<=120,"Mejorar si es posible justificar la intervención y su rentabilidad.",IF(X67<=500,"Corregir y adoptar medidas de control de inmediato si NR es igual o mayor a 360 debe suspender las actividades",IF(X67<=4000,"Situación crítica Suspender actividades hasta que el riesgo sea controlado",))))) -> Corregir y adoptar medidas de control de inmediato si NR es igual o mayor a 360 debe suspender las actividades | Z67: =IF(X67="","",IF(X67<=20,"IV",IF(X67<=120,"III",IF(X67<=500,"II",IF(X67<=4000,"I",))))) -> II | AA67: =IF(Z67="","",IF(Z67="I","No Aceptable",IF(Z67="II","Prioritario",IF(Z67="III","Mejorable",IF(Z67="IV","Aceptable",))))) -> Prioritario | AB67: 26 | AE67: LESIONES MULTIPLES | AF67: SI | AG67: N.A | AH67: N.A | AI67: N.A | AJ67: REALIZAR PRACTICAS PARA ATENDER EMERGENCIAS EN CASO DE DERRAMES; RECIBIR RETROALIMENTACION SOBRE MANEJO DE EXTINTORES Y MANEJO DE PRODUCTOS QUIMICOS | AK67: N.A
B68: CONTRATISTAS DE MANTENIMIENTO (Maridos Sustitutos) | E68: Trabajo en alturas, mantenimiento de alturas, limpieza de techos, mantenimiento electrico | Q68: =IF(P68="","",IF(P68="BAJO",0,IF(P68="MEDIO",2,IF(P68="ALTO",6,IF(P68="MUY ALTO",10,))))) | S68: =IF(R68="","",IF(R68="Esporadica",0,IF(R68="Ocasional",2,IF(R68="Frecuente",3,IF(R68="Continua",4,))))) | T68: =IF(Q68="","",IF(Q68=0,0,IF(Q68>=1,+Q68*S68))) | U68: =IF(T68="","",IF(T68<=4,"Bajo",IF(T68<=8,"Medio",IF(T68<=20,"Alto",IF(T68<=40,"Muy Alto"))))) | W68: =IF(V68="","",IF(V68="Leve",10,IF(V68="Grave",25,IF(V68="Muy Grave",60,IF(V68="Mortal o catastrófico",100,))))) | X68: =IF(W68="","",IF(W68=0,"",IF(W68>=1,+W68*T68,))) | Y68: =IF(X68="","",IF(X68<=20,"Mantener las medidas de control existentes",IF(X68<=120,"Mejorar si es posible justificar la intervención y su rentabilidad.",IF(X68<=500,"Corregir y adoptar medidas de control de inmediato si NR es igual o mayor a 360 debe suspender las actividades",IF(X68<=4000,"Situación crítica Suspender actividades hasta que el riesgo sea controlado",))))) | Z68: =IF(X68="","",IF(X68<=20,"IV",IF(X68<=120,"III",IF(X68<=500,"II",IF(X68<=4000,"I",))))) | AA68: =IF(Z68="","",IF(Z68="I","No Aceptable",IF(Z68="II","Prioritario",IF(Z68="III","Mejorable",IF(Z68="IV","Aceptable",))))) | AP68: =IF(AO68="","",IF(AO68="BAJO",0,IF(AO68="MEDIO",2,IF(AO68="ALTO",6,IF(AO68="MUY ALTO",10,))))) | AR68: =IF(AQ68="","",IF(AQ68="Esporadica",0,IF(AQ68="Ocasional",2,IF(AQ68="Frecuente",3,IF(AQ68="Continua",4,))))) | AS68: =IF(AP68="","",IF(AP68=0,0,IF(AP68>=1,+AP68*AR68))) | AT68: =IF(AS68="","",IF(AS68<=4,"Bajo",IF(AS68<=8,"Medio",IF(AS68<=20,"Alto",IF(AS68<=40,"Muy Alto"))))) | AV68: =IF(AU68="","",IF(AU68="Leve",10,IF(AU68="Grave",25,IF(AU68="Muy Grave",60,IF(AU68="Mortal o catastrófico",100,))))) | AW68: =IF(AV68="","",IF(AV68=0,"",IF(AV68>=1,+AV68*AS68,))) | AX68: =IF(AW68="","",IF(AW68<=20,"Mantener las medidas de control existentes",IF(AW68<=120,"Mejorar si es posible justificar la intervención y su rentabilidad.",IF(AW68<=500,"Corregir y adoptar medidas de control de inmediato si NR es igual o mayor a 360 debe suspender las actividades",IF(AW68<=4000,"Situación crítica Suspender actividades hasta que el riesgo sea controlado",))))) | AY68: =IF(AW68="","",IF(AW68<=20,"IV",IF(AW68<=120,"III",IF(AW68<=500,"II",IF(AW68<=4000,"I",))))) | AZ68: =IF(AY68="","",IF(AY68="I","No Aceptable",IF(AY68="II","No se acepta o solo se acepta si hay control especifico",IF(AY68="III","Aceptable",IF(AY68="IV","Aceptable",)))))
B69: AUTO-SPA LAVADOR | D69: LAVADERO | E69: LAVADO DE VEHICULOS Mueven vehiculos para sacarlo del lavadero ingresarlo y sacarlo (Verificar HDS con que producto lavan los vehiculos) | I69: 2 | Q69: =IF(P69="","",IF(P69="BAJO",0,IF(P69="MEDIO",2,IF(P69="ALTO",6,IF(P69="MUY ALTO",10,))))) | S69: =IF(R69="","",IF(R69="Esporadica",0,IF(R69="Ocasional",2,IF(R69="Frecuente",3,IF(R69="Continua",4,))))) | T69: =IF(Q69="","",IF(Q69=0,0,IF(Q69>=1,+Q69*S69))) | U69: =IF(T69="","",IF(T69<=4,"Bajo",IF(T69<=8,"Medio",IF(T69<=20,"Alto",IF(T69<=40,"Muy Alto"))))) | W69: =IF(V69="","",IF(V69="Leve",10,IF(V69="Grave",25,IF(V69="Muy Grave",60,IF(V69="Mortal o catastrófico",100,))))) | X69: =IF(W69="","",IF(W69=0,"",IF(W69>=1,+W69*T69,))) | Y69: =IF(X69="","",IF(X69<=20,"Mantener las medidas de control existentes",IF(X69<=120,"Mejorar si es posible justificar la intervención y su rentabilidad.",IF(X69<=500,"Corregir y adoptar medidas de control de inmediato si NR es igual o mayor a 360 debe suspender las actividades",IF(X69<=4000,"Situación crítica Suspender actividades hasta que el riesgo sea controlado",))))) | Z69: =IF(X69="","",IF(X69<=20,"IV",IF(X69<=120,"III",IF(X69<=500,"II",IF(X69<=4000,"I",))))) | AA69: =IF(Z69="","",IF(Z69="I","No Aceptable",IF(Z69="II","Prioritario",IF(Z69="III","Mejorable",IF(Z69="IV","Aceptable",))))) | AP69: =IF(AO69="","",IF(AO69="BAJO",0,IF(AO69="MEDIO",2,IF(AO69="ALTO",6,IF(AO69="MUY ALTO",10,))))) | AR69: =IF(AQ69="","",IF(AQ69="Esporadica",0,IF(AQ69="Ocasional",2,IF(AQ69="Frecuente",3,IF(AQ69="Continua",4,))))) | AS69: =IF(AP69="","",IF(AP69=0,0,IF(AP69>=1,+AP69*AR69))) | AT69: =IF(AS69="","",IF(AS69<=4,"Bajo",IF(AS69<=8,"Medio",IF(AS69<=20,"Alto",IF(AS69<=40,"Muy Alto"))))) | AV69: =IF(AU69="","",IF(AU69="Leve",10,IF(AU69="Grave",25,IF(AU69="Muy Grave",60,IF(AU69="Mortal o catastrófico",100,))))) | AW69: =IF(AV69="","",IF(AV69=0,"",IF(AV69>=1,+AV69*AS69,))) | AX69: =IF(AW69="","",IF(AW69<=20,"Mantener las medidas de control existentes",IF(AW69<=120,"Mejorar si es posible justificar la intervención y su rentabilidad.",IF(AW69<=500,"Corregir y adoptar medidas de control de inmediato si NR es igual o mayor a 360 debe suspender las actividades",IF(AW69<=4000,"Situación crítica Suspender actividades hasta que el riesgo sea controlado",))))) | AY69: =IF(AW69="","",IF(AW69<=20,"IV",IF(AW69<=120,"III",IF(AW69<=500,"II",IF(AW69<=4000,"I",))))) | AZ69: =IF(AY69="","",IF(AY69="I","No Aceptable",IF(AY69="II","No se acepta o solo se acepta si hay control especifico",IF(AY69="III","Aceptable",IF(AY69="IV","Aceptable",)))))
B70: MANTENIMEINTO DE ELEVADORES -MASTER SERVIS | D70: TALLER | E70: MANTENIMIENTO DE EQUIPOS Y HERRAMIENTAS (Equipos, hidraulicos, Electricos, Neumaticos) | I70: 2 | Q70: =IF(P70="","",IF(P70="BAJO",0,IF(P70="MEDIO",2,IF(P70="ALTO",6,IF(P70="MUY ALTO",10,))))) | S70: =IF(R70="","",IF(R70="Esporadica",0,IF(R70="Ocasional",2,IF(R70="Frecuente",3,IF(R70="Continua",4,))))) | T70: =IF(Q70="","",IF(Q70=0,0,IF(Q70>=1,+Q70*S70))) | U70: =IF(T70="","",IF(T70<=4,"Bajo",IF(T70<=8,"Medio",IF(T70<=20,"Alto",IF(T70<=40,"Muy Alto"))))) | W70: =IF(V70="","",IF(V70="Leve",10,IF(V70="Grave",25,IF(V70="Muy Grave",60,IF(V70="Mortal o catastrófico",100,))))) | X70: =IF(W70="","",IF(W70=0,"",IF(W70>=1,+W70*T70,))) | Y70: =IF(X70="","",IF(X70<=20,"Mantener las medidas de control existentes",IF(X70<=120,"Mejorar si es posible justificar la intervención y su rentabilidad.",IF(X70<=500,"Corregir y adoptar medidas de control de inmediato si NR es igual o mayor a 360 debe suspender las actividades",IF(X70<=4000,"Situación crítica Suspender actividades hasta que el riesgo sea controlado",))))) | Z70: =IF(X70="","",IF(X70<=20,"IV",IF(X70<=120,"III",IF(X70<=500,"II",IF(X70<=4000,"I",))))) | AA70: =IF(Z70="","",IF(Z70="I","No Aceptable",IF(Z70="II","Prioritario",IF(Z70="III","Mejorable",IF(Z70="IV","Aceptable",))))) | AP70: =IF(AO70="","",IF(AO70="BAJO",0,IF(AO70="MEDIO",2,IF(AO70="ALTO",6,IF(AO70="MUY ALTO",10,))))) | AR70: =IF(AQ70="","",IF(AQ70="Esporadica",0,IF(AQ70="Ocasional",2,IF(AQ70="Frecuente",3,IF(AQ70="Continua",4,))))) | AS70: =IF(AP70="","",IF(AP70=0,0,IF(AP70>=1,+AP70*AR70))) | AT70: =IF(AS70="","",IF(AS70<=4,"Bajo",IF(AS70<=8,"Medio",IF(AS70<=20,"Alto",IF(AS70<=40,"Muy Alto"))))) | AV70: =IF(AU70="","",IF(AU70="Leve",10,IF(AU70="Grave",25,IF(AU70="Muy Grave",60,IF(AU70="Mortal o catastrófico",100,))))) | AW70: =IF(AV70="","",IF(AV70=0,"",IF(AV70>=1,+AV70*AS70,))) | AX70: =IF(AW70="","",IF(AW70<=20,"Mantener las medidas de control existentes",IF(AW70<=120,"Mejorar si es posible justificar la intervención y su rentabilidad.",IF(AW70<=500,"Corregir y adoptar medidas de control de inmediato si NR es igual o mayor a 360 debe suspender las actividades",IF(AW70<=4000,"Situación crítica Suspender actividades hasta que el riesgo sea controlado",))))) | AY70: =IF(AW70="","",IF(AW70<=20,"IV",IF(AW70<=120,"III",IF(AW70<=500,"II",IF(AW70<=4000,"I",))))) | AZ70: =IF(AY70="","",IF(AY70="I","No Aceptable",IF(AY70="II","No se acepta o solo se acepta si hay control especifico",IF(AY70="III","Aceptable",IF(AY70="IV","Aceptable",)))))
